Workbook
Name _3._Consists_of_utilities__wholesale_trade__retail_trade__transportation_and_warehousing__information__finance_and_insurance__real_estate_and_rental_and_leasing__professional__scientific_and_technical_services__management_of_companies_and_enterprises__adm: #REF!
Name _3._Consists_of_utilities__wholesale_trade__retail_trade__transportation_and_warehousing__information__finance_and_insurance__real_estate_and_rental_and_leasing__professional__scientific_and_technical_services__management_of_companies_and_enterprises__adm: #REF!
Name _3._Consists_of_utilities__wholesale_trade__retail_trade__transportation_and_warehousing__information__finance_and_insurance__real_estate_and_rental_and_leasing__professional__scientific_and_technical_services__management_of_companies_and_enterprises__adm: #REF!
Name _3._Consists_of_utilities__wholesale_trade__retail_trade__transportation_and_warehousing__information__finance_and_insurance__real_estate_and_rental_and_leasing__professional__scientific_and_technical_services__management_of_companies_and_enterprises__adm: #REF!
Name _3._Consists_of_utilities__wholesale_trade__retail_trade__transportation_and_warehousing__information__finance_and_insurance__real_estate_and_rental_and_leasing__professional__scientific_and_technical_services__management_of_companies_and_enterprises__adm: #REF!
Name _3._Consists_of_utilities__wholesale_trade__retail_trade__transportation_and_warehousing__information__finance_and_insurance__real_estate_and_rental_and_leasing__professional__scientific_and_technical_services__management_of_companies_and_enterprises__adm: #REF!
Name _3._Consists_of_utilities__wholesale_trade__retail_trade__transportation_and_warehousing__information__finance_and_insurance__real_estate_and_rental_and_leasing__professional__scientific_and_technical_services__management_of_companies_and_enterprises__adm: #REF!
Name _3._Consists_of_utilities__wholesale_trade__retail_trade__transportation_and_warehousing__information__finance_and_insurance__real_estate_and_rental_and_leasing__professional__scientific_and_technical_services__management_of_companies_and_enterprises__adm: #REF!
Name grp_DB_select: #REF!
Name s: #REF!
Name s: #REF!
Name s: #REF!
Name s: #REF!
Name s: #REF!
Name s: #REF!
Name s: #REF!
Name s: #REF!
Name s: #REF!
Name s: #REF!
Name s: #REF!

Sheet Contents
A1: Release Date | C1: September 25, 2025
A2: Table of contents: Select table from the spreadsheet tabs which appear below the list
B4: Table 1. Real Gross Domestic Product and Related Measures: Percent Change from Preceding Period | C4: 실질 국내총생산 및 관련 지표: 전기대비 백분율 변화
B6: Table 2. Contributions to Percent Change in Real Gross Domestic Product | C6: 실질 국내총생산 백분율 변화 기여도
B8: Table 3. Gross Domestic Product: Level and Change from Preceding Period | C8: 국내총생산: 전기대비 수준 및 변화
B10: Table 4. Price Indexes for Gross Domestic Product and Related Measures: Percent Change from Preceding Period | C10: 국내총생산 및 관련 지표에 대한 물가지수: 전기대비 백분율 변화
B12: Table 5. Real Gross Domestic Product: Annual Percent Change | C12: 실질 국내총생산: 전년대비 백분율 변화
B14: Table 6. Real Gross Domestic Product: Percent Change from Quarter One Year Ago | C14: 실질 국내총생산: 전년동기대비 백분율 변화
B16: Table 7. Relation of Gross Domestic Product, Gross National Product, and National Income | C16: 국내총생산, 국민총생산, 국민소득 간의 관계
B18: Table 8. Personal Income and Its Disposition | C18: 개인 소득 및 분배
B20: Table 9. Corporate Profits: Level and Percent Change | C20: 기업 이익: 수준 및 백분율 변화
B22: Table 10. Corporate Profits by Industry: Level and Change from Preceding Period | C22: 산업별 기업 이익: 전기대비 수준 및 변화
B24: Table 11. Gross Value Added of Nonfinancial Domestic Corporate Business | C24: 비금융 국내 기업 총부가가치
B26: Table 12. Real Gross Domestic Product by Industry Group: Percent Change from Preceding Period | C26: 산업 그룹별 실질 국내총생산: 전기대비 백분율 변화
... B42: Appendix Table B. Not Seasonally Adjusted Real Gross Domestic Product: Level and Percent Change from Quarter One Year Ago | C42: 실질 국내총생산, 원계열: 전년동기대비 수준 및 백분율 변화

Sheet Table 1
A1: Table 1. Real Gross Domestic Product and Related Measures: Percent Change from Preceding Period
A2: =VLOOKUP(A1,Contents!$B:$C,2,0) -> 실질 국내총생산 및 관련 지표: 전기대비 백분율 변화
A3: Line | D3: 2022 | E3: 2023 | F3: 2024 | G3: Seasonally adjusted at annual rates (연율 계절조정계열)
A4: Line | D4: 2022 | E4: 2023 | F4: 2024 | G4: 2021 | H4: 2021 | I4: 2022 | J4: 2022 | K4: 2022 | L4: 2022 | M4: 2023 | N4: 2023 | O4: 2023 | P4: 2023 | Q4: 2024 | R4: 2024 | S4: 2024 | T4: 2024 | U4: 2025 | V4: 2025
A5: Line | D5: 2022 | E5: 2023 | F5: 2024 | G5: Q3 | H5: Q4 | I5: Q1 | J5: Q2 | K5: Q3 | L5: Q4 | M5: Q1 | N5: Q2 | O5: Q3 | P5: Q4 | Q5: Q1 | R5: Q2 | S5: Q3 | T5: Q4 | U5: Q1 | V5: Q2
A6: 1 | B6: Gross domestic product (GDP) | C6: 국내총생산 | D6: 2.5 | E6: 2.9 | F6: 2.8 | G6: 3.3 | H6: 7 | I6: -1 | J6: 0.6 | K6: 2.9 | L6: 2.8 | M6: 2.9 | N6: 2.5 | O6: 4.7 | P6: 3.4 | Q6: 0.8 | R6: 3.6 | S6: 3.3 | T6: 1.9 | U6: -0.6 | V6: 3.8
A7: 2 | B7: Personal consumption expenditures | C7: 개인소비지출 | D7: 3 | E7: 2.6 | F7: 2.9 | G7: 3.4 | H7: 3.9 | I7: 0.4 | J7: 3.3 | K7: 1.9 | L7: 0.8 | M7: 4.5 | N7: 1.5 | O7: 3.1 | P7: 3 | Q7: 1.7 | R7: 3.9 | S7: 4 | T7: 3.9 | U7: 0.6 | V7: 2.5
A8: 3 | B8: Goods | C8: 상품 | D8: -0.6 | E8: 1.7 | F8: 2.8 | G8: -8.9 | H8: 3.6 | I8: -2 | J8: -0.4 | K8: -2.5 | L8: -2.3 | M8: 7.2 | N8: 0.4 | O8: 4.4 | P8: 2.2 | Q8: -1.3 | R8: 5.5 | S8: 6.1 | T8: 6.9 | U8: 0.2 | V8: 2.2
A9: 4 | B9: Durable goods | C9: 내구재 | D9: -2 | E9: 3.8 | F9: 3.9 | G9: -23.7 | H9: 6.2 | I9: 0 | J9: -1.3 | K9: -1.5 | L9: -4.8 | M9: 18 | N9: 0.1 | O9: 6.3 | P9: 0.2 | Q9: -0.9 | R9: 7.8 | S9: 8.6 | T9: 13 | U9: -3.4 | V9: 2.3
A10: 5 | B10: Nondurable goods | C10: 비내구재 | D10: 0.2 | E10: 0.6 | F10: 2.3 | G10: 0.8 | H10: 2.1 | I10: -3 | J10: 0.1 | K10: -3 | L10: -0.9 | M10: 1.8 | N10: 0.6 | O10: 3.3 | P10: 3.2 | Q10: -1.6 | R10: 4.3 | S10: 4.8 | T10: 3.8 | U10: 2.2 | V10: 2.2
A11: 6 | B11: Services | C11: 서비스 | D11: 4.9 | E11: 3 | F11: 3 | G11: 10.3 | H11: 4.1 | I11: 1.6 | J11: 5.3 | K11: 4.2 | L11: 2.3 | M11: 3.2 | N11: 2 | O11: 2.4 | P11: 3.4 | Q11: 3.2 | R11: 3.2 | S11: 3 | T11: 2.5 | U11: 0.8 | V11: 2.6
A12: 7 | B12: Gross private domestic investment | C12: 민간국내총투자 | D12: 6.1 | E12: 0.8 | F12: 3 | G12: 15.4 | H12: 28.5 | I12: 7.9 | J12: -8.6 | K12: -6.7 | L12: 8 | M12: -7.1 | N12: 7.2 | O12: 9.4 | P12: 3.6 | Q12: -1.6 | R12: 8.2 | S12: 0.9 | T12: -6.8 | U12: 23.3 | V12: -13.8
A13: 8 | B13: Fixed investment | C13: 고정투자 | D13: 2.5 | E13: 3.4 | F13: 3 | G13: -1.3 | H13: 3.1 | I13: 6.7 | J13: 1.9 | K13: -2.2 | L13: -0.5 | M13: 4.9 | N13: 9.5 | O13: 3.8 | P13: 4.6 | Q13: 3 | R13: 1.4 | S13: 1.5 | T13: -1.9 | U13: 7.1 | V13: 4.4
A14: 9 | B14: Nonresidential | C14: 비주거용 | D14: 6.5 | E14: 7.3 | F14: 2.9 | G14: -1.5 | H14: 3.1 | I14: 12.2 | J14: 7 | K14: 6 | L14: 7.1 | M14: 8.5 | N14: 11 | O14: 1.7 | P14: 5.5 | Q14: 1.5 | R14: 2.5 | S14: 3.5 | T14: -3.7 | U14: 9.5 | V14: 7.3
A15: 10 | B15: Structures | C15: 구조물 | D15: 3.5 | E15: 16.7 | F15: 1.1 | G15: -3.7 | H15: -8.4 | I15: 7.9 | J15: 8.9 | K15: 10.7 | L15: 11.5 | M15: 30.5 | N15: 20.1 | O15: 6.8 | P15: 11.3 | Q15: -5 | R15: -3.9 | S15: -2.2 | T15: -8.1 | U15: -3.1 | V15: -7.5
A16: 11 | B16: Equipment | C16: 장비 | D16: 2.8 | E16: 2.9 | F16: 3.5 | G16: -11.3 | H16: -0.5 | I16: 12.9 | J16: 0.7 | K16: 2.7 | L16: 2.5 | M16: -0.2 | N16: 12.6 | O16: -2.6 | P16: 3.3 | Q16: 0.5 | R16: 8.9 | S16: 8.2 | T16: -4.3 | U16: 21.4 | V16: 8.5
A17: 12 | B17: Intellectual property products | C17: 지식재산 | D17: 11.7 | E17: 6.2 | F17: 3.5 | G17: 10.1 | H17: 13 | I17: 13.8 | J17: 12.4 | K17: 6.9 | L17: 9.3 | M17: 5.5 | N17: 4.7 | O17: 2.9 | P17: 4.2 | Q17: 6.7 | R17: 0.7 | S17: 2.6 | T17: -0.6 | U17: 6.5 | V17: 15
A18: 13 | B18: Residential | C18: 주거용 | D18: -8.1 | E18: -7.8 | F18: 3.2 | G18: -0.8 | H18: 2.7 | I18: -6.9 | J18: -11.1 | K18: -23 | L18: -21.3 | M18: -6.6 | N18: 4.2 | O18: 11.5 | P18: 1.5 | Q18: 8.2 | R18: -2 | S18: -4.8 | T18: 4.3 | U18: -1 | V18: -5.1
A19: 14 | B19: Change in private inventories | C19: 민간재고 변화 | D19: .... | E19: .... | F19: .... | G19: .... | H19: .... | I19: .... | J19: .... | K19: .... | L19: .... | M19: .... | N19: .... | O19: .... | P19: .... | Q19: .... | R19: .... | S19: .... | T19: .... | U19: .... | V19: ....
A20: 15 | B20: Net exports of goods and services | C20: 상품 및 서비스 순수출 | D20: .... | E20: .... | F20: .... | G20: .... | H20: .... | I20: .... | J20: .... | K20: .... | L20: .... | M20: .... | N20: .... | O20: .... | P20: .... | Q20: .... | R20: .... | S20: .... | T20: .... | U20: .... | V20: ....
A21: 16 | B21: Exports | C21: 수출 | D21: 7.6 | E21: 2.8 | F21: 3.6 | G21: -0.3 | H21: 25.8 | I21: -4.1 | J21: 13.1 | K21: 15 | L21: -2.9 | M21: 3.8 | N21: -5.3 | O21: 4.4 | P21: 6.1 | Q21: 4.6 | R21: 0.7 | S21: 8.9 | T21: -0.9 | U21: 0.2 | V21: -1.8
A22: 17 | B22: Goods | C22: 상품 | D22: 6.1 | E22: 2.2 | F22: 2 | G22: -4 | H22: 28.4 | I22: -8.4 | J22: 12.8 | K22: 16.9 | L22: -5.6 | M22: 6.1 | N22: -10.4 | O22: 6 | P22: 6.4 | Q22: -0.1 | R22: 0.4 | S22: 8.4 | T22: -3.9 | U22: 6.3 | V22: -4.7
A23: 18 | B23: Services | C23: 서비스 | D23: 10.9 | E23: 4.1 | F23: 6.7 | G23: 8 | H23: 20.4 | I23: 5.9 | J23: 13.8 | K23: 11.1 | L23: 2.9 | M23: -0.8 | N23: 5.6 | O23: 1.6 | P23: 5.5 | Q23: 13.8 | R23: 1.2 | S23: 9.8 | T23: 4.6 | U23: -9.7 | V23: 3.5
A24: 19 | B24: Imports | C24: 수입 | D24: 8.5 | E24: -0.9 | F24: 5.8 | G24: 6.6 | H24: 21.6 | I24: 12 | J24: 7.1 | K24: -5.8 | L24: -3.1 | M24: -1 | N24: -2.1 | O24: 3 | P24: 5.4 | Q24: 6.9 | R24: 8.4 | S24: 10.1 | T24: -0.2 | U24: 38 | V24: -29.3
A25: 20 | B25: Goods | C25: 상품 | D25: 6.7 | E25: -1.9 | F25: 5.2 | G25: -0.3 | H25: 23.5 | I25: 12.1 | J25: 4.1 | K25: -8.9 | L25: -2.9 | M25: -1.3 | N25: -4.3 | O25: 4.1 | P25: 2.8 | Q25: 7.4 | R25: 9 | S25: 8.9 | T25: -3.1 | U25: 52 | V25: -35
A26: 21 | B26: Services | C26: 서비스 | D26: 17.1 | E26: 3.8 | F26: 8.2 | G26: 47.3 | H26: 13.2 | I26: 11.4 | J26: 22.9 | K26: 9.4 | L26: -4.2 | M26: 0 | N26: 7.2 | O26: -1.3 | P26: 16.6 | Q26: 4.9 | R26: 5.9 | S26: 15.3 | T26: 11.5 | U26: -5.8 | V26: -1.2
A27: 22 | B27: Government consumption expenditures and gross investment | C27: 정부소비지출 및 총투자 | D27: -1.2 | E27: 3.5 | F27: 3.8 | G27: -2.9 | H27: 0 | I27: -3 | J27: -1.4 | K27: 1.7 | L27: 4.1 | M27: 4.1 | N27: 3.3 | O27: 5.2 | P27: 4.7 | Q27: 2.3 | R27: 3.3 | S27: 5.4 | T27: 3.3 | U27: -1 | V27: -0.1
A28: 23 | B28: Federal | C28: 연방 | D28: -3.3 | E28: 3.3 | F28: 3.8 | G28: -7.4 | H28: 3.4 | I28: -8.2 | J28: -3.7 | K28: -1.3 | L28: 9.1 | M28: 4.1 | N28: -0.1 | O28: 6.8 | P28: 3.4 | Q28: 0.8 | R28: 4.3 | S28: 8.6 | T28: 4.4 | U28: -5.6 | V28: -5.3
A29: 24 | B29: National defense | C29: 국방 | D29: -3.8 | E29: 3.7 | F29: 4 | G29: -4.1 | H29: -3 | I29: -10.4 | J29: 1.4 | K29: -4.2 | L29: 8.3 | M29: 4.6 | N29: 2.4 | O29: 7.4 | P29: 2 | Q29: -2.6 | R29: 6.9 | S29: 13.5 | T29: 4.6 | U29: -6.9 | V29: 0.9
A30: 25 | B30: Nondefense | C30: 비국방 | D30: -2.7 | E30: 2.8 | F30: 3.6 | G30: -11.5 | H30: 12.4 | I30: -5.2 | J30: -10.1 | K30: 2.5 | L30: 10.1 | M30: 3.6 | N30: -3.1 | O30: 6 | P30: 5.2 | Q30: 5.5 | R30: 0.9 | S30: 2.4 | T30: 4.1 | U30: -3.8 | V30: -13
A31: 26 | B31: State and local | C31: 주 및 지방 | D31: 0 | E31: 3.6 | F31: 3.8 | G31: -0.1 | H31: -2.1 | I31: 0.2 | J31: 0 | K31: 3.5 | L31: 1.4 | M31: 4.1 | N31: 5.4 | O31: 4.2 | P31: 5.4 | Q31: 3.2 | R31: 2.8 | S31: 3.6 | T31: 2.7 | U31: 1.9 | V31: 3.1
B32: Addenda: | C32: 부록:
A33: 27 | B33: Gross domestic income (GDI) 1 | C33: 국내총소득 | D33: 2.7 | E33: 1.7 | F33: 3 | G33: 4.5 | H33: 6.9 | I33: 1.2 | J33: -0.3 | K33: 3.6 | L33: -2.3 | M33: 3.1 | N33: 1.6 | O33: 2.4 | P33: 5.8 | Q33: 1.8 | R33: 3 | S33: 1.9 | T33: 3.7 | U33: 1 | V33: 3.8
A34: 28 | B34: Average of GDP and GDI | C34: 국내총생산과 국내총소득의 평균 | D34: 2.6 | E34: 2.3 | F34: 2.9 | G34: 3.9 | H34: 7 | I34: 0.1 | J34: 0.2 | K34: 3.2 | L34: 0.2 | M34: 3 | N34: 2.1 | O34: 3.6 | P34: 4.6 | Q34: 1.3 | R34: 3.3 | S34: 2.6 | T34: 2.8 | U34: 0.2 | V34: 3.8
A35: 29 | B35: Final sales of domestic product | C35: 국내생산 최종 판매액 | D35: 1.9 | E35: 3.4 | F35: 2.8 | G35: 0.6 | H35: 2.8 | I35: -1.3 | J35: 2.7 | K35: 3.8 | L35: 1.3 | M35: 5.2 | N35: 2.9 | O35: 3.7 | P35: 3.6 | Q35: 1.7 | R35: 2.4 | S35: 3.5 | T35: 2.8 | U35: -3.2 | V35: 7.5
A36: 30 | B36: Gross domestic purchases | C36: 국내총구매액 | D36: 2.8 | E36: 2.4 | F36: 3.1 | G36: 4.2 | H36: 7.1 | I36: 1.1 | J36: 0.3 | K36: 0.3 | L36: 2.6 | M36: 2.3 | N36: 2.8 | O36: 4.5 | P36: 3.4 | Q36: 1.2 | R36: 4.5 | S36: 3.7 | T36: 1.9 | U36: 4 | V36: -1
A37: 31 | B37: Final sales to domestic purchasers | C37: 국내 구매자에 대한 최종 판매액 | D37: 2.2 | E37: 2.9 | F37: 3.1 | G37: 1.5 | H37: 3.1 | I37: 0.9 | J37: 2.3 | K37: 1.1 | L37: 1.1 | M37: 4.5 | N37: 3.2 | O37: 3.5 | P37: 3.6 | Q37: 2 | R37: 3.4 | S37: 3.8 | T37: 2.8 | U37: 1.4 | V37: 2.4
A38: 32 | B38: Final sales to private domestic purchasers | C38: 민간 국내 구매자에 대한 최종 판매액 | D38: 2.9 | E38: 2.7 | F38: 3 | G38: 2.4 | H38: 3.7 | I38: 1.7 | J38: 3 | K38: 1 | L38: 0.5 | M38: 4.6 | N38: 3.1 | O38: 3.2 | P38: 3.4 | Q38: 2 | R38: 3.4 | S38: 3.4 | T38: 2.7 | U38: 1.9 | V38: 2.9
A39: 33 | B39: Gross national product (GNP) | C39: 국민총생산 | D39: 2.5 | E39: 2.7 | F39: 2.4 | G39: 3.3 | H39: 7.6 | I39: -1.7 | J39: 1.2 | K39: 3 | L39: 2.2 | M39: 2.4 | N39: 2.4 | O39: 4.6 | P39: 2.4 | Q39: 0.3 | R39: 3.5 | S39: 2.8 | T39: 3.1 | U39: -1.1 | V39: 3.6
A40: 34 | B40: Disposable personal income | C40: 개인 가처분소득 | D40: -5.6 | E40: 5.7 | F40: 2.9 | G40: -4.5 | H40: -4.4 | I40: -11.4 | J40: -2 | K40: 6.5 | L40: 4.1 | M40: 12.2 | N40: 4.3 | O40: 2 | P40: 3.5 | Q40: 4.2 | R40: 2.4 | S40: 1.2 | T40: 2 | U40: 2.3 | V40: 3.1
B41: Current-dollar measures: | C41: 경상달러 기준:
A42: 35 | B42: GDP | C42: 국내총생산 | D42: 9.8 | E42: 6.7 | F42: 5.3 | G42: 9.8 | H42: 14.6 | I42: 7.2 | J42: 10 | K42: 7.6 | L42: 6.8 | M42: 6.8 | N42: 4.7 | O42: 8.2 | P42: 5.1 | Q42: 4 | R42: 6.3 | S42: 5.1 | T42: 4.3 | U42: 2.9 | V42: 6
A43: 36 | B43: GDI | C43: 국내총소득 | D43: 10 | E43: 5.5 | F43: 5.5 | G43: 11 | H43: 14.4 | I43: 9.6 | J43: 9.1 | K43: 8.2 | L43: 1.5 | M43: 7.1 | N43: 3.7 | O43: 5.8 | P43: 7.5 | Q43: 5.1 | R43: 5.6 | S43: 3.6 | T43: 6.2 | U43: 4.6 | V43: 6
A44: 37 | B44: Average of GDP and GDI | C44: 국내총생산과 국내총소득의 평균 | D44: 9.9 | E44: 6.1 | F44: 5.4 | G44: 10.4 | H44: 14.5 | I44: 8.4 | J44: 9.5 | K44: 7.9 | L44: 4.1 | M44: 6.9 | N44: 4.2 | O44: 7 | P44: 6.3 | Q44: 4.6 | R44: 5.9 | S44: 4.3 | T44: 5.3 | U44: 3.8 | V44: 6
A45: 38 | B45: Final sales of domestic product | C45: 국내생산 최종 판매액 | D45: 9.2 | E45: 7.3 | F45: 5.4 | G45: 7.1 | H45: 10.1 | I45: 6.9 | J45: 12.5 | K45: 8.4 | L45: 5.3 | M45: 9.2 | N45: 5.1 | O45: 7.2 | P45: 5.3 | Q45: 4.8 | R45: 5.1 | S45: 5.3 | T45: 5.3 | U45: 0.3 | V45: 9.7
A46: 39 | B46: Gross domestic purchases | C46: 국내총구매액 | D46: 9.8 | E46: 5.9 | F46: 5.6 | G46: 10.3 | H46: 14.7 | I46: 9.3 | J46: 8.8 | K46: 5.1 | L46: 6.5 | M46: 5.8 | N46: 4.6 | O46: 7.4 | P46: 5.3 | Q46: 4.4 | R46: 7.1 | S46: 5.6 | T46: 4.2 | U46: 7.2 | V46: 1
A47: 40 | B47: Final sales to domestic purchasers | C47: 국내 구매자에 대한 최종 판매액 | D47: 9.2 | E47: 6.5 | F47: 5.6 | G47: 7.6 | H47: 10.3 | I47: 9 | J47: 11 | K47: 5.9 | L47: 5.1 | M47: 8 | N47: 5 | O47: 6.5 | P47: 5.5 | Q47: 5.2 | R47: 5.9 | S47: 5.8 | T47: 5.1 | U47: 4.6 | V47: 4.4
A48: 41 | B48: Final sales to private domestic purchasers | C48: 민간 국내 구매자에 대한 최종 판매액 | D48: 9.9 | E48: 6.5 | F48: 5.5 | G48: 8.3 | H48: 11.1 | I48: 9.9 | J48: 11.3 | K48: 6.2 | L48: 4.6 | M48: 8.4 | N48: 5.5 | O48: 5.7 | P48: 5.4 | Q48: 5 | R48: 6.1 | S48: 5.4 | T48: 5.1 | U48: 4.8 | V48: 4.6
A49: 42 | B49: GNP | C49: 국민총생산 | D49: 9.8 | E49: 6.5 | F49: 5 | G49: 9.8 | H49: 15.2 | I49: 6.5 | J49: 10.7 | K49: 7.7 | L49: 6.2 | M49: 6.3 | N49: 4.6 | O49: 8 | P49: 4.1 | Q49: 3.5 | R49: 6.2 | S49: 4.5 | T49: 5.6 | U49: 2.4 | V49: 5.8
A50: 43 | B50: Disposable personal income | C50: 개인 가처분소득 | D50: 0.6 | E50: 9.7 | F50: 5.6 | G50: 0.8 | H50: 2.2 | I50: -4.5 | J50: 5.4 | K50: 11.5 | L50: 8.4 | M50: 16.6 | N50: 7.4 | O50: 4.8 | P50: 5.3 | Q50: 7.9 | R50: 5.1 | S50: 3 | T50: 4.6 | U50: 5.8 | V50: 5.3
A52: 1. Gross domestic income deflated by the implicit price deflator for gross domestic product.
A53: GDP 디플레이터를 적용한 국내총소득.
A55: Source: U.S. Bureau of Economic Analysis

Sheet Table 2
A1: Table 2. Contributions to Percent Change in Real Gross Domestic Product
A2: =VLOOKUP(A1,Contents!$B:$C,2,0) -> 실질 국내총생산 백분율 변화 기여도
A3: Line | D3: 2022 | E3: 2023 | F3: 2024 | G3: Seasonally adjusted at annual rates (연율 계절조정계열) | H3: Seasonally adjusted at annual rates | I3: Seasonally adjusted at annual rates | J3: Seasonally adjusted at annual rates | K3: Seasonally adjusted at annual rates | L3: Seasonally adjusted at annual rates | M3: Seasonally adjusted at annual rates | N3: Seasonally adjusted at annual rates | O3: Seasonally adjusted at annual rates | P3: Seasonally adjusted at annual rates | Q3: Seasonally adjusted at annual rates | R3: Seasonally adjusted at annual rates | S3: Seasonally adjusted at annual rates | T3: Seasonally adjusted at annual rates | U3: Seasonally adjusted at annual rates | V3: Seasonally adjusted at annual rates
A4: Line | D4: 2022 | E4: 2023 | F4: 2024 | G4: 2021 | H4: 2021 | I4: 2022 | J4: 2022 | K4: 2022 | L4: 2022 | M4: 2023 | N4: 2023 | O4: 2023 | P4: 2023 | Q4: 2024 | R4: 2024 | S4: 2024 | T4: 2024 | U4: 2025 | V4: 2025
A5: Line | D5: 2022 | E5: 2023 | F5: 2024 | G5: Q3 | H5: Q4 | I5: Q1 | J5: Q2 | K5: Q3 | L5: Q4 | M5: Q1 | N5: Q2 | O5: Q3 | P5: Q4 | Q5: Q1 | R5: Q2 | S5: Q3 | T5: Q4 | U5: Q1 | V5: Q2
B6: Percent change at annual rate: | C6: 연율 백분율 변화:
A7: 1 | B7: Gross domestic product | C7: 국내총생산 | D7: 2.5 | E7: 2.9 | F7: 2.8 | G7: 3.3 | H7: 7 | I7: -1 | J7: 0.6 | K7: 2.9 | L7: 2.8 | M7: 2.9 | N7: 2.5 | O7: 4.7 | P7: 3.4 | Q7: 0.8 | R7: 3.6 | S7: 3.3 | T7: 1.9 | U7: -0.6 | V7: 3.8
B8: Percentage points at annual rates: | C8: 연율 퍼센트 포인트:
A9: 2 | B9: Personal consumption expenditures | C9: 개인소비지출 | D9: 2.04 | E9: 1.74 | F9: 2 | G9: 2.24 | H9: 2.63 | I9: 0.22 | J9: 2.19 | K9: 1.27 | L9: 0.53 | M9: 2.99 | N9: 1.02 | O9: 2.08 | P9: 2.04 | Q9: 1.17 | R9: 2.61 | S9: 2.66 | T9: 2.61 | U9: 0.42 | V9: 1.68
A10: 3 | B10: Goods | C10: 상품 | D10: -0.14 | E10: 0.39 | F10: 0.61 | G10: -2.19 | H10: 0.81 | I10: -0.48 | J10: -0.11 | K10: -0.58 | L10: -0.52 | M10: 1.55 | N10: 0.09 | O10: 0.95 | P10: 0.47 | Q10: -0.29 | R10: 1.14 | S10: 1.27 | T10: 1.43 | U10: 0.04 | V10: 0.47
A11: 4 | B11: Durable goods | C11: 내구재 | D11: -0.17 | E11: 0.3 | F11: 0.29 | G11: -2.3 | H11: 0.5 | I11: -0.01 | J11: -0.11 | K11: -0.12 | L11: -0.38 | M11: 1.29 | N11: 0.01 | O11: 0.48 | P11: 0.02 | Q11: -0.07 | R11: 0.56 | S11: 0.61 | T11: 0.92 | U11: -0.26 | V11: 0.17
A12: 5 | B12: Motor vehicles and parts | C12: 차량 및 부품 | D12: -0.2 | E12: 0.09 | F12: -0.01 | G12: -1.82 | H12: 0.05 | I12: 0.09 | J12: -0.12 | K12: -0.08 | L12: -0.14 | M12: 0.78 | N12: -0.24 | O12: -0.04 | P12: -0.24 | Q12: -0.18 | R12: 0.17 | S12: 0.29 | T12: 0.42 | U12: -0.31 | V12: 0.23
A13: 6 | B13: Furnishings and durable household equipment | C13: 가구 및 내구 가전제품 | D13: -0.06 | E13: 0.03 | F13: 0.09 | G13: -0.28 | H13: -0.01 | I13: -0.1 | J13: 0.02 | K13: -0.08 | L13: -0.03 | M13: 0.11 | N13: 0.01 | O13: 0.08 | P13: 0.05 | Q13: 0.04 | R13: 0.17 | S13: 0.15 | T13: 0.11 | U13: 0.04 | V13: -0.03
A14: 7 | B14: Recreational goods and vehicles | C14: 레저용품 및 차량 | D14: 0.05 | E14: 0.17 | F14: 0.16 | G14: -0.23 | H14: 0.32 | I14: 0.04 | J14: -0.09 | K14: 0.05 | L14: -0.09 | M14: 0.35 | N14: 0.23 | O14: 0.37 | P14: 0.15 | Q14: -0.02 | R14: 0.2 | S14: 0.14 | T14: 0.33 | U14: 0.02 | V14: -0.06
A15: 8 | B15: Other durable goods | C15: 기타 내구재 | D15: 0.04 | E15: 0.01 | F15: 0.06 | G15: 0.03 | H15: 0.14 | I15: -0.03 | J15: 0.08 | K15: -0.02 | L15: -0.12 | M15: 0.05 | N15: 0.01 | O15: 0.07 | P15: 0.06 | Q15: 0.09 | R15: 0.03 | S15: 0.03 | T15: 0.06 | U15: -0.01 | V15: 0.03
A16: 9 | B16: Nondurable goods | C16: 비내구재 | D16: 0.03 | E16: 0.09 | F16: 0.32 | G16: 0.11 | H16: 0.3 | I16: -0.47 | J16: 0 | K16: -0.46 | L16: -0.14 | M16: 0.26 | N16: 0.09 | O16: 0.47 | P16: 0.46 | Q16: -0.22 | R16: 0.59 | S16: 0.66 | T16: 0.52 | U16: 0.3 | V16: 0.3
A17: 10 | B17: Food and beverages purchased for off-premises consumption | C17: 식료품 및 판매용 주류 | D17: -0.12 | E17: -0.1 | F17: 0.08 | G17: -0.03 | H17: -0.02 | I17: -0.18 | J17: -0.22 | K17: -0.3 | L17: -0.14 | M17: -0.13 | N17: 0 | O17: 0.08 | P17: 0.05 | Q17: -0.01 | R17: 0.21 | S17: 0.13 | T17: 0.11 | U17: 0.05 | V17: 0.01
A18: 11 | B18: Clothing and footwear | C18: 의류 및 신발 | D18: 0 | E18: 0.02 | F18: 0.05 | G18: -0.11 | H18: -0.01 | I18: -0.21 | J18: 0.18 | K18: -0.03 | L18: -0.03 | M18: 0.04 | N18: -0.05 | O18: 0.15 | P18: 0.05 | Q18: -0.01 | R18: 0.05 | S18: 0.05 | T18: 0.13 | U18: 0.14 | V18: 0.1
A19: 12 | B19: Gasoline and other energy goods | C19: 휘발율 및 기타 에너지 제품 | D19: 0.01 | E19: 0.01 | F19: 0 | G19: 0.17 | H19: 0.05 | I19: -0.07 | J19: -0.14 | K19: -0.1 | L19: 0.03 | M19: 0.12 | N19: 0.01 | O19: -0.1 | P19: 0.09 | Q19: -0.13 | R19: 0.12 | S19: 0.06 | T19: -0.03 | U19: 0.04 | V19: -0.04
A20: 13 | B20: Other nondurable goods | C20: 기타 비내구재 | D20: 0.13 | E20: 0.15 | F20: 0.19 | G20: 0.08 | H20: 0.28 | I20: -0.01 | J20: 0.17 | K20: -0.03 | L20: 0 | M20: 0.23 | N20: 0.12 | O20: 0.35 | P20: 0.27 | Q20: -0.07 | R20: 0.2 | S20: 0.42 | T20: 0.31 | U20: 0.07 | V20: 0.23
... A67: 60 | B67: Gross investment | C67: 총투자 | D67: -0.07 | E67: 0.16 | F67: 0.15 | G67: -0.17 | H67: -0.16 | I67: 0.04 | J67: -0.13 | K67: 0.1 | L67: 0.02 | M67: 0.19 | N67: 0.33 | O67: 0.18 | P67: 0.29 | Q67: 0.04 | R67: 0.07 | S67: 0.13 | T67: 0.12 | U67: 0.05 | V67: 0.13
A69: Source: U.S. Bureau of Economic Analysis

Sheet Table 3
A1: Table 3. Gross Domestic Product: Level and Change from Preceding Period
A2: =VLOOKUP(A1,Contents!$B:$C,2,0) -> 국내총생산: 전기대비 수준 및 변화
A3: Line | D3: Billions of dollars (십억 달러) | E3: Billions of dollars | F3: Billions of dollars | G3: Billions of dollars | H3: Billions of dollars | I3: Billions of dollars | J3: Billions of chained (2017) dollars (2017년 연쇄 십억 달러) | K3: Billions of chained (2017) dollars | L3: Billions of chained (2017) dollars | M3: Billions of chained (2017) dollars | N3: Billions of chained (2017) dollars | O3: Billions of chained (2017) dollars | P3: Billions of chained (2017) dollars | Q3: Billions of chained (2017) dollars | R3: Billions of chained (2017) dollars
A4: Line | D4: 2024 | E4: Seasonally adjusted at annual rates (연율 계절조정계열) | F4: Seasonally adjusted at annual rates | G4: Seasonally adjusted at annual rates | H4: Seasonally adjusted at annual rates | I4: Seasonally adjusted at annual rates | J4: 2024 | K4: Seasonally adjusted at annual rates (연율 계절조정계열) | L4: Seasonally adjusted at annual rates | M4: Seasonally adjusted at annual rates | N4: Seasonally adjusted at annual rates | O4: Seasonally adjusted at annual rates | P4: Change from preceding period (전기대비 변화) | Q4: Change from preceding period | R4: Change from preceding period
A5: Line | D5: 2024 | E5: 2024 | F5: 2024 | G5: 2024 | H5: 2025 | I5: 2025 | J5: 2024 | K5: 2024 | L5: 2024 | M5: 2024 | N5: 2025 | O5: 2025 | P5: 2024 | Q5: 2025 | R5: 2025
A6: Line | D6: 2024 | E6: Q2 | F6: Q3 | G6: Q4 | H6: Q1 | I6: Q2 | J6: 2024 | K6: Q2 | L6: Q3 | M6: Q4 | N6: Q1 | O6: Q2 | P6: 2024 | Q6: Q1 | R6: Q2
A7: 1 | B7: Gross domestic product (GDP) | C7: 국내총생산 | D7: 29298 | E7: 29147 | F7: 29511.7 | G7: 29825.2 | H7: 30042.1 | I7: 30485.7 | J7: 23358.4 | K7: 23286.5 | L7: 23478.6 | M7: 23586.5 | N7: 23548.2 | O7: 23771 | P7: 634.7 | Q7: -38.3 | R7: 222.8
A8: 2 | B8: Personal consumption expenditures | C8: 개인소비지출 | D8: 19896 | E8: 19756.1 | F8: 20032.8 | G8: 20351.3 | H8: 20555 | I8: 20789.9 | J8: 16088.5 | K8: 16009.6 | L8: 16165.8 | M8: 16320.9 | N8: 16345.8 | O8: 16445.7 | P8: 460.7 | Q8: 24.9 | R8: 99.9
A9: 3 | B9: Goods | C9: 상품 | D9: 6261.5 | E9: 6224.4 | F9: 6291.6 | G9: 6393.9 | H9: 6432.3 | I9: 6471.1 | J9: 5466.8 | K9: 5421 | L9: 5501.9 | M9: 5594.7 | N9: 5597.4 | O9: 5628.4 | P9: 150.5 | Q9: 2.7 | R9: 30.9
A10: 4 | B10: Durable goods | C10: 내구재 | D10: 2178.1 | E10: 2151.9 | F10: 2183.9 | G10: 2250.2 | H10: 2235.8 | I10: 2265.7 | J10: 2059.6 | K10: 2031.8 | L10: 2074 | M10: 2138.4 | N10: 2120.1 | O10: 2132.2 | P10: 76.8 | Q10: -18.3 | R10: 12.1
A11: 5 | B11: Motor vehicles and parts | C11: 차량 및 부품 | D11: 732.8 | E11: 716.6 | F11: 731.6 | G11: 770.2 | H11: 755.9 | I11: 770.5 | J11: 585 | K11: 572.9 | L11: 589.7 | M11: 614.3 | N11: 596 | O11: 609.9 | P11: -2.4 | Q11: -18.3 | R11: 13.9
A12: 6 | B12: Furnishings and durable household equipment | C12: 가구 및 내구 가전제품 | D12: 490 | E12: 485 | F12: 493.6 | G12: 501.8 | H12: 503.1 | I12: 507.3 | J12: 440.9 | K12: 436.6 | L12: 446.8 | M12: 454.4 | N12: 457.1 | O12: 454.8 | P12: 22.4 | Q12: 2.7 | R12: -2.4
A13: 7 | B13: Recreational goods and vehicles | C13: 레저용품 및 차량 | D13: 663.7 | E13: 660.4 | F13: 666.5 | G13: 680.3 | H13: 681.7 | I13: 689.9 | J13: 771.3 | K13: 762.5 | L13: 774.2 | M13: 802.4 | N13: 804 | O13: 798.9 | P13: 50.8 | Q13: 1.6 | R13: -5.1
A14: 8 | B14: Other durable goods | C14: 기타 내구재 | D14: 291.6 | E14: 289.8 | F14: 292.3 | G14: 298 | H14: 295.1 | I14: 298.1 | J14: 300.2 | K14: 298.4 | L14: 300.6 | M14: 305.3 | N14: 304.7 | O14: 307 | P14: 16 | Q14: -0.6 | R14: 2.3
A15: 9 | B15: Nondurable goods | C15: 비내구재 | D15: 4083.4 | E15: 4072.5 | F15: 4107.6 | G15: 4143.7 | H15: 4196.5 | I15: 4205.4 | J15: 3417.3 | K15: 3398 | L15: 3438.2 | M15: 3470.2 | N15: 3488.9 | O15: 3507.9 | P15: 76 | Q15: 18.7 | R15: 19
A16: 10 | B16: Food and beverages purchased for off-premises consumption | C16: 식료품 및 판매용 주류 | D16: 1479.6 | E16: 1472 | F16: 1486.2 | G16: 1503 | H16: 1517.8 | I16: 1521.8 | J16: 1165.4 | K16: 1163.1 | L16: 1170.7 | M16: 1176.9 | N16: 1180 | O16: 1180.6 | P16: 17.8 | Q16: 3.2 | R16: 0.5
A17: 11 | B17: Clothing and footwear | C17: 의류 및 신발 | D17: 530.2 | E17: 528.9 | F17: 532.2 | G17: 540.8 | H17: 547.3 | I17: 556 | J17: 509.7 | K17: 506.6 | L17: 509.8 | M17: 519.4 | N17: 529.3 | O17: 536.8 | P17: 12.8 | Q17: 9.9 | R17: 7.5
A18: 12 | B18: Gasoline and other energy goods | C18: 휘발율 및 기타 에너지 제품 | D18: 440.5 | E18: 454.5 | F18: 436.4 | G18: 427.2 | H18: 438.7 | I18: 411 | J18: 316.1 | K18: 316.4 | L18: 319.8 | M18: 318.1 | N18: 320.4 | O18: 318.1 | P18: 0.4 | Q18: 2.3 | R18: -2.3
... A66: 60 | B66: Gross investment | C66: 총투자 | D66: 598.4 | E66: 590.5 | F66: 604 | G66: 615.1 | H66: 622.8 | I66: 636.2 | J66: 445.2 | K66: 440.9 | L66: 448.1 | M66: 454.7 | N66: 457.4 | O66: 464.7 | P66: 31 | Q66: 2.6 | R66: 7.3
A67: 61 | B67: Residual | C67: 오차 | D67: .... | E67: .... | F67: .... | G67: .... | H67: .... | I67: .... | J67: -122.2 | K67: -113.5 | L67: -122.8 | M67: -139.5 | N67: -130.2 | O67: -207.5 | P67: .... | Q67: .... | R67: ....
B68: Addenda: | C68: 부록:
A69: 62 | B69: Gross domestic income (GDI) 1 | C69: 국내총소득 | D69: 29001.7 | E69: 28861.1 | F69: 29117.3 | G69: 29560 | H69: 29895.7 | I69: 30335.8 | J69: 23122.2 | K69: 23058.1 | L69: 23164.8 | M69: 23376.9 | N69: 23433.4 | O69: 23654.1 | P69: 664.7 | Q69: 56.6 | R69: 220.7
A70: 63 | B70: Average of GDP and GDI | C70: 국내총생산과 국내총소득의 평균 | D70: 29149.9 | E70: 29004.1 | F70: 29314.5 | G70: 29692.6 | H70: 29968.9 | I70: 30410.8 | J70: 23240.3 | K70: 23172.3 | L70: 23321.7 | M70: 23481.7 | N70: 23490.8 | O70: 23712.5 | P70: 649.7 | Q70: 9.1 | R70: 221.7
A71: 64 | B71: Final sales of domestic product | C71: 국내생산의 최종 판매액 | D71: 29244.5 | E71: 29049.4 | F71: 29428.4 | G71: 29807.4 | H71: 29829.9 | I71: 30531.5 | J71: 23276.9 | K71: 23171.8 | L71: 23369.6 | M71: 23530.8 | N71: 23340.5 | O71: 23765.6 | P71: 631.5 | Q71: -190.3 | R71: 425.1
A72: 65 | B72: Gross domestic purchases | C72: 국내총구매액 | D72: 30196.5 | E72: 30041.4 | F72: 30450 | G72: 30763.8 | H72: 31306.7 | I72: 31385.5 | J72: 24371.1 | K72: 24300.1 | L72: 24519.6 | M72: 24633 | N72: 24874 | O72: 24812.9 | P72: 733 | Q72: 241 | R72: -61.2
A73: 66 | B73: Final sales to domestic purchasers | C73: 국내 구매자에 대한 최종 판매액 | D73: 30142.9 | E73: 29943.7 | F73: 30366.7 | G73: 30746.1 | H73: 31094.5 | I73: 31431.3 | J73: 24289.5 | K73: 24184.8 | L73: 24410.1 | M73: 24577.4 | N73: 24664 | O73: 24808.4 | P73: 729.7 | Q73: 86.6 | R73: 144.4
A74: 67 | B74: Final sales to private domestic purchasers | C74: 민간 국내 구매자에 대한 최종 판매액 | D74: 25101.8 | E74: 24948.6 | F74: 25279.8 | G74: 25595.3 | H74: 25899 | I74: 26194.3 | J74: 20352.5 | K74: 20274.3 | L74: 20446.9 | M74: 20581.6 | N74: 20679 | O74: 20825.4 | P74: 584.3 | Q74: 97.3 | R74: 146.4
A75: 68 | B75: GDP | C75: 국내총생산 | D75: 29298 | E75: 29147 | F75: 29511.7 | G75: 29825.2 | H75: 30042.1 | I75: 30485.7 | J75: 23358.4 | K75: 23286.5 | L75: 23478.6 | M75: 23586.5 | N75: 23548.2 | O75: 23771 | P75: 634.7 | Q75: -38.3 | R75: 222.8
A76: 69 | B76: Plus: Income receipts from the rest of the world | C76: 합산: 해외로부터의 소득 수입 | D76: 1485.6 | E76: 1498.6 | F76: 1444.9 | G76: 1546.5 | H76: 1454.8 | I76: 1525.8 | J76: 1252.3 | K76: 1266.3 | L76: 1215.1 | M76: 1293.2 | N76: 1207.3 | O76: 1260 | P76: 45.4 | Q76: -85.9 | R76: 52.7
A77: 70 | B77: Less: Income payments to the rest of the world | C77: 차감: 해외로부터의 소득 지출 | D77: 1493.9 | E77: 1510.6 | F77: 1497.1 | G77: 1507.4 | H77: 1452.7 | I77: 1544.2 | J77: 1259.6 | K77: 1276.7 | L77: 1259.2 | M77: 1260.8 | N77: 1205.8 | O77: 1275.4 | P77: 126.6 | Q77: -54.9 | R77: 69.6
A78: 71 | B78: Equals: Gross national product | C78: 동: 국민총생산 | D78: 29289.7 | E78: 29135 | F78: 29459.5 | G78: 29864.3 | H78: 30044.2 | I78: 30467.4 | J78: 23368.7 | K78: 23293.7 | L78: 23454 | M78: 23634.6 | N78: 23566.9 | O78: 23773.9 | P78: 558.4 | Q78: -67.7 | R78: 207
A79: 72 | B79: Net domestic product | C79: 순국내생산 | D79: 24501.3 | E79: 24384.9 | F79: 24677.5 | G79: 24929.4 | H79: 25098.9 | I79: 25490.9 | J79: 19432.4 | K79: 19375.3 | L79: 19537.1 | M79: 19615.9 | N79: 19547.8 | O79: 19733.8 | P79: 518 | Q79: -68.1 | R79: 186
A81: 1. Real gross domestic income is gross domestic income deflated by the implicit price deflator for gross domestic product.
A82: 실질 국내총소득은 GDP 디플레이터를 적용한 국내총소득.
A84: Note. Users are cautioned that particularly for components that exhibit rapid change in prices relative to other prices in the economy, the chained-dollar estimates should not be used to measure the component's relative importance or its contribution to the growth rate of more aggregate series. For accurate estimates of the contributions to percent changes in real gross domestic product, use table 2.
A85: 참고. 특히 경제 내 다른 가격에 비해 가격이 빠르게 변동하는 요소의 경우, 연쇄 달러 추정치를 사용하여 해당 요소의 상대적 중요도나 더 종합적인 시계열 성장률에 대한 기여도를 측정해서는 안 됩니다. 실질 국내총생산 백분율 변화에 대한 기여도를 정확히 추정하려면 표 2를 사용하십시오.
A87: Source: U.S. Bureau of Economic Analysis

Sheet Table 4
A1: Table 4. Price Indexes for Gross Domestic Product and Related Measures: Percent Change from Preceding Period
A2: =VLOOKUP(A1,Contents!$B:$C,2,0) -> 국내총생산 및 관련 지표에 대한 물가지수: 전기대비 백분율 변화
A3: Line | D3: 2022 | E3: 2023 | F3: 2024 | G3: Seasonally adjusted at annual rates (연율 계절조정계열) | H3: Seasonally adjusted at annual rates | I3: Seasonally adjusted at annual rates | J3: Seasonally adjusted at annual rates | K3: Seasonally adjusted at annual rates | L3: Seasonally adjusted at annual rates | M3: Seasonally adjusted at annual rates | N3: Seasonally adjusted at annual rates | O3: Seasonally adjusted at annual rates | P3: Seasonally adjusted at annual rates | Q3: Seasonally adjusted at annual rates | R3: Seasonally adjusted at annual rates | S3: Seasonally adjusted at annual rates | T3: Seasonally adjusted at annual rates | U3: Seasonally adjusted at annual rates | V3: Seasonally adjusted at annual rates
A4: Line | D4: 2022 | E4: 2023 | F4: 2024 | G4: 2021 | H4: 2021 | I4: 2022 | J4: 2022 | K4: 2022 | L4: 2022 | M4: 2023 | N4: 2023 | O4: 2023 | P4: 2023 | Q4: 2024 | R4: 2024 | S4: 2024 | T4: 2024 | U4: 2025 | V4: 2025
A5: Line | D5: 2022 | E5: 2023 | F5: 2024 | G5: Q3 | H5: Q4 | I5: Q1 | J5: Q2 | K5: Q3 | L5: Q4 | M5: Q1 | N5: Q2 | O5: Q3 | P5: Q4 | Q5: Q1 | R5: Q2 | S5: Q3 | T5: Q4 | U5: Q1 | V5: Q2
A6: 1 | B6: Gross domestic product (GDP) | C6: 국내총생산 | D6: 7.1 | E6: 3.7 | F6: 2.5 | G6: 6.3 | H6: 7 | I6: 8.4 | J6: 9.3 | K6: 4.4 | L6: 3.9 | M6: 3.8 | N6: 2.1 | O6: 3.3 | P6: 1.6 | Q6: 3.1 | R6: 2.6 | S6: 1.8 | T6: 2.4 | U6: 3.6 | V6: 2.1
A7: 2 | B7: Personal consumption expenditures | C7: 개인소비지출 | D7: 6.5 | E7: 3.8 | F7: 2.6 | G7: 5.6 | H7: 6.8 | I7: 7.7 | J7: 7.5 | K7: 4.7 | L7: 4.1 | M7: 3.9 | N7: 3 | O7: 2.7 | P7: 1.8 | Q7: 3.6 | R7: 2.6 | S7: 1.7 | T7: 2.5 | U7: 3.4 | V7: 2.1
A8: 3 | B8: Goods | C8: 상품 | D8: 8.6 | E8: 1.2 | F8: -0.4 | G8: 7.2 | H8: 11 | I8: 12 | J8: 10.2 | K8: 2.3 | L8: 0.6 | M8: 0.8 | N8: 0.3 | O8: 0.3 | P8: -1.2 | Q8: -0.5 | R8: 0.4 | S8: -1.6 | T8: -0.2 | U8: 2.2 | V8: 0.2
A9: 4 | B9: Durable goods | C9: 내구재 | D9: 6.5 | E9: -0.7 | F9: -2.1 | G9: 9.4 | H9: 9.7 | I9: 9.1 | J9: 1.2 | K9: 2.7 | L9: -1.3 | M9: -0.3 | N9: -0.2 | O9: -4.5 | P9: -3.2 | Q9: -0.3 | R9: -2.7 | S9: -2.3 | T9: -0.3 | U9: 0.9 | V9: 3.1
A10: 5 | B10: Nondurable goods | C10: 비내구재 | D10: 9.9 | E10: 2.3 | F10: 0.5 | G10: 5.9 | H10: 11.8 | I10: 13.7 | J10: 15.4 | K10: 2.1 | L10: 1.7 | M10: 1.4 | N10: 0.6 | O10: 3.1 | P10: -0.1 | Q10: -0.6 | R10: 2 | S10: -1.3 | T10: -0.2 | U10: 3 | V10: -1.3
A11: 6 | B11: Services | C11: 서비스 | D11: 5.5 | E11: 5.1 | F11: 4.1 | G11: 4.7 | H11: 4.8 | I11: 5.6 | J11: 6.2 | K11: 5.9 | L11: 5.9 | M11: 5.5 | N11: 4.3 | O11: 3.9 | P11: 3.3 | Q11: 5.6 | R11: 3.6 | S11: 3.3 | T11: 3.8 | U11: 4 | V11: 3
A12: 7 | B12: Gross private domestic investment | C12: 민간국내총투자 | D12: 7.6 | E12: 2.8 | F12: 1.6 | G12: 5.9 | H12: 8.1 | I12: 9.5 | J12: 9.2 | K12: 6.9 | L12: 2.8 | M12: 2.8 | N12: -0.5 | O12: 1.1 | P12: 2.1 | Q12: 0.9 | R12: 2.6 | S12: 2.4 | T12: 2 | U12: 0.7 | V12: 0.3
A13: 8 | B13: Fixed investment | C13: 고정투자 | D13: 7.8 | E13: 3 | F13: 1.7 | G13: 6.6 | H13: 8.2 | I13: 9.2 | J13: 9.8 | K13: 6.9 | L13: 3.5 | M13: 2.9 | N13: -0.4 | O13: 1.3 | P13: 2.3 | Q13: 0.7 | R13: 2.7 | S13: 2.7 | T13: 1.8 | U13: 0.7 | V13: 0.2
A14: 9 | B14: Nonresidential | C14: 비주거용 | D14: 6 | E14: 3.2 | F14: 1.4 | G14: 3.9 | H14: 6.9 | I14: 6.4 | J14: 8.2 | K14: 6.8 | L14: 3.1 | M14: 4.8 | N14: -0.2 | O14: 0.1 | P14: 1.8 | Q14: 0.8 | R14: 2.5 | S14: 2.2 | T14: 1.5 | U14: -0.2 | V14: -0.4
A15: 10 | B15: Structures | C15: 구조물 | D15: 16.3 | E15: 5.2 | F15: -0.2 | G15: 8.9 | H15: 24.2 | I15: 17.2 | J15: 18.3 | K15: 16.6 | L15: 8.2 | M15: 4.8 | N15: -1 | O15: -3.9 | P15: 3.5 | Q15: -2.4 | R15: 1.8 | S15: -0.7 | T15: 0.3 | U15: 1.1 | V15: -1
A16: 11 | B16: Equipment | C16: 장비 | D16: 6.2 | E16: 4.5 | F16: 2.1 | G16: 5.4 | H16: 5.3 | I16: 7.5 | J16: 8.9 | K16: 6.2 | L16: 5.8 | M16: 6.9 | N16: 0.3 | O16: 2.6 | P16: 1 | Q16: 3.6 | R16: 1.9 | S16: 2.1 | T16: 0.8 | U16: 0.6 | V16: 3.3
A17: 12 | B17: Intellectual property products | C17: 지식재산 | D17: 0.9 | E17: 0.8 | F17: 1.7 | G17: 0.1 | H17: 0.5 | I17: 0.5 | J17: 2.7 | K17: 2.4 | L17: -2.1 | M17: 2.9 | N17: -0.3 | O17: 0.2 | P17: 1.3 | Q17: 0.2 | R17: 3.4 | S17: 4.1 | T17: 2.9 | U17: -1.6 | V17: -3.4
A18: 13 | B18: Residential | C18: 주거용 | D18: 13.3 | E18: 2.6 | F18: 2.9 | G18: 14.7 | H18: 12 | I18: 17.4 | J18: 14.7 | K18: 7.3 | L18: 5.1 | M18: -3.5 | N18: -1 | O18: 5.8 | P18: 4.3 | Q18: 0.6 | R18: 3.5 | S18: 4.2 | T18: 2.5 | U18: 3.9 | V18: 2.2
A19: 14 | B19: Change in private inventories | C19: 민간재고 변화 | D19: .... | E19: .... | F19: .... | G19: .... | H19: .... | I19: .... | J19: .... | K19: .... | L19: .... | M19: .... | N19: .... | O19: .... | P19: .... | Q19: .... | R19: .... | S19: .... | T19: .... | U19: .... | V19: ....
A20: 15 | B20: Net exports of goods and services | C20: 상품 및 서비스 순수출 | D20: .... | E20: .... | F20: .... | G20: .... | H20: .... | I20: .... | J20: .... | K20: .... | L20: .... | M20: .... | N20: .... | O20: .... | P20: .... | Q20: .... | R20: .... | S20: .... | T20: .... | U20: .... | V20: ....
A21: 16 | B21: Exports | C21: 수출 | D21: 9.8 | E21: -1.5 | F21: 0.9 | G21: 9.8 | H21: 6.5 | I21: 18 | J21: 20.2 | K21: -9 | L21: -6.1 | M21: -0.1 | N21: -3.6 | O21: 4.4 | P21: -2.3 | Q21: 2.5 | R21: 3 | S21: -0.6 | T21: -0.1 | U21: 5.5 | V21: -1.3
A22: 17 | B22: Goods | C22: 상품 | D22: 11.7 | E22: -4.3 | F22: -0.4 | G22: 11.3 | H22: 7.1 | I22: 23.3 | J22: 27 | K22: -14 | L22: -11.5 | M22: -3 | N22: -6.4 | O22: 4.6 | P22: -3.7 | Q22: 0.8 | R22: 2.6 | S22: -3 | T22: -1.7 | U22: 6.2 | V22: -1.8
A23: 18 | B23: Services | C23: 서비스 | D23: 6.1 | E23: 4.3 | F23: 3.4 | G23: 6.7 | H23: 5.3 | I23: 7.3 | J23: 6.5 | K23: 2.8 | L23: 6.4 | M23: 6 | N23: 2.1 | O23: 4 | P23: 0.4 | Q23: 5.6 | R23: 3.7 | S23: 3.8 | T23: 2.6 | U23: 4.4 | V23: -0.5
A24: 19 | B24: Imports | C24: 수입 | D24: 7.2 | E24: -2 | F24: 0.8 | G24: 6.2 | H24: 6.5 | I24: 13.4 | J24: 11.2 | K24: -4.4 | L24: -4.5 | M24: -1.8 | N24: -4.7 | O24: 0.6 | P24: -0.1 | Q24: 2.4 | R24: 1.9 | S24: 0.8 | T24: -0.6 | U24: 1.8 | V24: -1.2
A25: 20 | B25: Goods | C25: 상품 | D25: 7.5 | E25: -3.2 | F25: 0.5 | G25: 6.1 | H25: 7.1 | I25: 15.5 | J25: 11.8 | K25: -6.5 | L25: -7 | M25: -2.8 | N25: -5.8 | O25: 0.4 | P25: 0.2 | Q25: 1.6 | R25: 1.9 | S25: 0.1 | T25: -0.3 | U25: 1.6 | V25: -3.1
A26: 21 | B26: Services | C26: 서비스 | D26: 6 | E26: 3.1 | F26: 1.9 | G26: 7.1 | H26: 4.1 | I26: 4.2 | J26: 8.4 | K26: 5.8 | L26: 6.9 | M26: 2.2 | N26: -0.1 | O26: 1.2 | P26: -1.3 | Q26: 5.4 | R26: 2.3 | S26: 3.2 | T26: -1.6 | U26: 2.7 | V26: 6.4
A27: 22 | B27: Government consumption expenditures and gross investment | C27: 정부소비지출 및 총투자 | D27: 7.3 | E27: 2.8 | F27: 2.4 | G27: 7.6 | H27: 6.4 | I27: 8.1 | J27: 11.5 | K27: 2.6 | L27: 3.4 | M27: 2 | N27: -0.4 | O27: 4.9 | P27: 1.4 | Q27: 3.6 | R27: 1.8 | S27: 2 | T27: 1.7 | U27: 4.5 | V27: 3.3
A28: 23 | B28: Federal | C28: 연방 | D28: 5.8 | E28: 4.2 | F28: 3.2 | G28: 4.7 | H28: 5.1 | I28: 6.5 | J28: 7.5 | K28: 5.5 | L28: 4 | M28: 4.5 | N28: 2.7 | O28: 3.8 | P28: 2.8 | Q28: 4.2 | R28: 3.1 | S28: 2.4 | T28: 2.4 | U28: 5.9 | V28: 7
A29: 24 | B29: National defense | C29: 국방 | D29: 6.3 | E29: 4.1 | F29: 3.7 | G29: 4.7 | H29: 5.3 | I29: 7.5 | J29: 9.5 | K29: 4.2 | L29: 3.7 | M29: 3.6 | N29: 3 | O29: 5.1 | P29: 4.3 | Q29: 4.8 | R29: 2.7 | S29: 2.1 | T29: 2.2 | U29: 5.1 | V29: 6.1
A30: 25 | B30: Nondefense | C30: 비국방 | D30: 5.1 | E30: 4.2 | F30: 2.6 | G30: 4.8 | H30: 4.7 | I30: 5.1 | J30: 4.9 | K30: 7.4 | L30: 4.4 | M30: 5.8 | N30: 2.2 | O30: 2.2 | P30: 0.9 | Q30: 3.4 | R30: 3.5 | S30: 2.9 | T30: 2.6 | U30: 6.9 | V30: 8.2
A31: 26 | B31: State and local | C31: 주 및 지방 | D31: 8.2 | E31: 1.9 | F31: 1.9 | G31: 9.4 | H31: 7.2 | I31: 9.1 | J31: 13.9 | K31: 0.9 | L31: 3.1 | M31: 0.6 | N31: -2.2 | O31: 5.6 | P31: 0.5 | Q31: 3.2 | R31: 1.1 | S31: 1.8 | T31: 1.3 | U31: 3.8 | V31: 1.2
B32: Addenda: | C32: 부록:
A33: 27 | B33: Final sales of domestic product | C33: 국내생산의 최종 판매액 | D33: 7.2 | E33: 3.7 | F33: 2.5 | G33: 6.5 | H33: 7 | I33: 8.4 | J33: 9.5 | K33: 4.4 | L33: 4 | M33: 3.8 | N33: 2.1 | O33: 3.3 | P33: 1.6 | Q33: 3.1 | R33: 2.6 | S33: 1.8 | T33: 2.4 | U33: 3.6 | V33: 2.1
A34: 28 | B34: Gross domestic purchases | C34: 국내총구매액 | D34: 6.8 | E34: 3.4 | F34: 2.4 | G34: 6 | H34: 7 | I34: 8.1 | J34: 8.5 | K34: 4.7 | L34: 3.8 | M34: 3.4 | N34: 1.8 | O34: 2.8 | P34: 1.8 | Q34: 3.1 | R34: 2.5 | S34: 1.9 | T34: 2.3 | U34: 3.1 | V34: 2
A35: 29 | B35: Final sales to domestic purchasers | C35: 국내 구매자에 대한 최종 판매액 | D35: 6.9 | E35: 3.5 | F35: 2.4 | G35: 6.1 | H35: 7 | I35: 8.1 | J35: 8.6 | K35: 4.7 | L35: 3.9 | M35: 3.4 | N35: 1.8 | O35: 2.8 | P35: 1.8 | Q35: 3.1 | R35: 2.5 | S35: 1.9 | T35: 2.3 | U35: 3.2 | V35: 2
A36: 30 | B36: Final sales to private domestic purchasers | C36: 민간 국내 구매자에 대한 최종 판매액 | D36: 6.8 | E36: 3.6 | F36: 2.4 | G36: 5.8 | H36: 7.1 | I36: 8 | J36: 8 | K36: 5.1 | L36: 4 | M36: 3.7 | N36: 2.3 | O36: 2.4 | P36: 1.9 | Q36: 3 | R36: 2.6 | S36: 1.9 | T36: 2.4 | U36: 2.9 | V36: 1.7
A37: 31 | B37: Gross national product (GNP) | C37: 국민총생산 | D37: 7.1 | E37: 3.7 | F37: 2.5 | G37: 6.3 | H37: 7 | I37: 8.4 | J37: 9.3 | K37: 4.4 | L37: 3.9 | M37: 3.8 | N37: 2.1 | O37: 3.3 | P37: 1.6 | Q37: 3.1 | R37: 2.6 | S37: 1.8 | T37: 2.4 | U37: 3.6 | V37: 2.1
A38: 32 | B38: GDP excluding food and energy 1 | C38: 국내총생산; 식량 및 에너지 제외 | D38: 6.3 | E38: 4.1 | F38: 2.8 | G38: 5.8 | H38: 6.3 | I38: 6.9 | J38: 7.4 | K38: 5.3 | L38: 4.3 | M38: 4.5 | N38: 2.7 | O38: 3 | P38: 2.4 | Q38: 3.2 | R38: 2.8 | S38: 2.5 | T38: 2.6 | U38: 3.5 | V38: 2.3
A39: 33 | B39: Gross domestic purchases excluding food and energy 1 | C39: 국내총구매액; 식량 및 에너지 제외 | D39: 6.2 | E39: 3.7 | F39: 2.6 | G39: 5.6 | H39: 6.1 | I39: 7.1 | J39: 7 | K39: 5 | L39: 4.2 | M39: 3.8 | N39: 2.3 | O39: 2.6 | P39: 2 | Q39: 3.3 | R39: 2.6 | S39: 2.3 | T39: 2.4 | U39: 3 | V39: 2.3
A40: 34 | B40: PCE excluding food and energy 1 | C40: 개인소비지출; 식량 및 에너지 제외 | D40: 5.3 | E40: 4.2 | F40: 2.9 | G40: 4.8 | H40: 5.3 | I40: 6.1 | J40: 4.9 | K40: 5.1 | L40: 4.7 | M40: 4.7 | N40: 4 | O40: 2.4 | P40: 2.1 | Q40: 4 | R40: 2.9 | S40: 2.4 | T40: 2.7 | U40: 3.3 | V40: 2.6
A41: 35 | B41: Market-based PCE 2 | C41: 시장 기반 개인소비지출 | D41: 6.4 | E41: 3.6 | F41: 2.2 | G41: 5.1 | H41: 6.6 | I41: 7.8 | J41: 7.9 | K41: 4.6 | L41: 3.7 | M41: 3.8 | N41: 2.6 | O41: 2.6 | P41: 1.9 | Q41: 2.8 | R41: 2 | S41: 1.4 | T41: 2.2 | U41: 3 | V41: 2.2
A42: 36 | B42: Market-based PCE excluding food and energy 1,2 | C42: 시장 기반 개인소비지출; 식량 및 에너지 제외 | D42: 5 | E42: 4 | F42: 2.6 | G42: 4.2 | H42: 4.8 | I42: 6 | J42: 4.8 | K42: 5.1 | L42: 4.3 | M42: 4.7 | N42: 3.7 | O42: 2.1 | P42: 2.3 | Q42: 3.1 | R42: 2.3 | S42: 2.1 | T42: 2.4 | U42: 2.8 | V42: 2.8
B43: Implicit price deflators: | C43: 디플레이터:
A44: 37 | B44: GDP | C44: 국내총생산 | D44: 7.1 | E44: 3.7 | F44: 2.5 | G44: 6.3 | H44: 7.1 | I44: 8.3 | J44: 9.4 | K44: 4.5 | L44: 3.9 | M44: 3.8 | N44: 2.1 | O44: 3.3 | P44: 1.6 | Q44: 3.2 | R44: 2.6 | S44: 1.7 | T44: 2.4 | U44: 3.6 | V44: 2.1
A45: 38 | B45: Gross domestic purchases | C45: 국내총구매액 | D45: 6.8 | E45: 3.5 | F45: 2.4 | G45: 5.9 | H45: 7 | I45: 8.1 | J45: 8.5 | K45: 4.8 | L45: 3.8 | M45: 3.4 | N45: 1.8 | O45: 2.8 | P45: 1.8 | Q45: 3.1 | R45: 2.4 | S45: 1.8 | T45: 2.3 | U45: 3.1 | V45: 2
A46: 39 | B46: GNP | C46: 국민총생산 | D46: 7.1 | E46: 3.7 | F46: 2.5 | G46: 6.3 | H46: 7.1 | I46: 8.3 | J46: 9.3 | K46: 4.5 | L46: 3.9 | M46: 3.8 | N46: 2.1 | O46: 3.3 | P46: 1.6 | Q46: 3.2 | R46: 2.6 | S46: 1.7 | T46: 2.4 | U46: 3.6 | V46: 2.1
A48: 1. Food excludes personal consumption expenditures for purchased meals and beverages, which are classified in food services.
A49: 식료품에는 식사 및 음료 구매의 개인소비지출을 포함하지 아니하며, 이는 음식업으로 분류됩니다.
A51: 2. This index is a supplemental measure that is based on household expenditures for which there are observable price measures. It excludes most implicit prices (for example, financial services furnished without payment) and the final consumption expenditures of nonprofit institutions serving households.
A52: 이 지수는 관측 가능한 가격 측정치가 있는 가계 지출을 기반으로 하는 보충 지표입니다. 대부분의 암묵적 가격(예: 무상으로 제공되는 금융 서비스)과 가계에 제공하는 비영리기관의 최종소비지출은 제외됩니다.
A54: Source: U.S. Bureau of Economic Analysis

Sheet Table 5
A1: Table 5. Real Gross Domestic Product: Annual Percent Change
A2: =VLOOKUP(A1,Contents!$B:$C,2,0) -> 실질 국내총생산: 전년대비 백분율 변화
A3: Line | D3: Percent change from preceding year (전년대비 백분율 변화) | E3: Percent change from preceding year | F3: Percent change from preceding year | G3: Percent change from preceding year | H3: Percent change from preceding year | I3: Percent change from preceding year | J3: Percent change from preceding year | K3: Percent change from preceding year | L3: Percent change from fourth quarter to fourth quarter one year ago 전년 4분기 대비 백분율 변화 | M3: Percent change from fourth quarter to fourth quarter one year ago | N3: Percent change from fourth quarter to fourth quarter one year ago | O3: Percent change from fourth quarter to fourth quarter one year ago | P3: Percent change from fourth quarter to fourth quarter one year ago | Q3: Percent change from fourth quarter to fourth quarter one year ago | R3: Percent change from fourth quarter to fourth quarter one year ago | S3: Percent change from fourth quarter to fourth quarter one year ago
A4: Line | D4: 2017 | E4: 2018 | F4: 2019 | G4: 2020 | H4: 2021 | I4: 2022 | J4: 2023 | K4: 2024 | L4: 2017 | M4: 2018 | N4: 2019 | O4: 2020 | P4: 2021 | Q4: 2022 | R4: 2023 | S4: 2024
A5: 1 | B5: Gross domestic product (GDP) | C5: 국내총생산 | D5: 2.5 | E5: 3 | F5: 2.6 | G5: -2.1 | H5: 6.2 | I5: 2.5 | J5: 2.9 | K5: 2.8 | L5: 3 | M5: 2.1 | N5: 3.4 | O5: -0.9 | P5: 5.8 | Q5: 1.3 | R5: 3.4 | S5: 2.4
A6: 2 | B6: Personal consumption expenditures (PCE) | C6: 개인소비지출 | D6: 2.6 | E6: 2.7 | F6: 2.1 | G6: -2.5 | H6: 8.8 | I6: 3 | J6: 2.6 | K6: 2.9 | L6: 3.1 | M6: 2 | N6: 2.8 | O6: -0.9 | P6: 7.8 | Q6: 1.6 | R6: 3 | S6: 3.4
A7: 3 | B7: Goods | C7: 상품 | D7: 4.1 | E7: 4 | F7: 3.1 | G7: 4.7 | H7: 11.3 | I7: -0.6 | J7: 1.7 | K7: 2.8 | L7: 5.4 | M7: 2.1 | N7: 3.8 | O7: 8.3 | P7: 6.5 | Q7: -1.8 | R7: 3.5 | S7: 4.2
A8: 4 | B8: Durable goods | C8: 내구재 | D8: 6.8 | E8: 6.6 | F8: 3.3 | G8: 7.4 | H8: 16.4 | I8: -2 | J8: 3.8 | K8: 3.9 | L8: 8.6 | M8: 2.8 | N8: 5.2 | O8: 14.1 | P8: 5.5 | Q8: -1.9 | R8: 5.9 | S8: 7
A9: 5 | B9: Nondurable goods | C9: 비내구재 | D9: 2.8 | E9: 2.6 | F9: 3 | G9: 3.3 | H9: 8.6 | I9: 0.2 | J9: 0.6 | K9: 2.3 | L9: 3.8 | M9: 1.8 | N9: 3.1 | O9: 5.3 | P9: 7.1 | Q9: -1.7 | R9: 2.2 | S9: 2.8
A10: 6 | B10: Services | C10: 서비스 | D10: 1.9 | E10: 2.2 | F10: 1.7 | G10: -5.8 | H10: 7.6 | I10: 4.9 | J10: 3 | K10: 3 | L10: 2 | M10: 2 | N10: 2.4 | O10: -5 | P10: 8.4 | Q10: 3.3 | R10: 2.8 | S10: 3
A11: 7 | B11: Gross private domestic investment | C11: 민간국내총투자 | D11: 4.4 | E11: 5.8 | F11: 3.2 | G11: -4.4 | H11: 9 | I11: 6.1 | J11: 0.8 | K11: 3 | L11: 4.9 | M11: 4.7 | N11: 1.2 | O11: 2.9 | P11: 8.1 | Q11: -0.2 | R11: 3.1 | S11: 0.1
A12: 8 | B12: Fixed investment | C12: 고정투자 | D12: 4.5 | E12: 5.1 | F12: 2.7 | G12: -1.9 | H12: 7.3 | I12: 2.5 | J12: 3.4 | K12: 3 | L12: 5.5 | M12: 3.3 | N12: 2.9 | O12: 1.2 | P12: 4 | Q12: 1.4 | R12: 5.7 | S12: 1
A13: 9 | B13: Nonresidential | C13: 비주거용 | D13: 4.6 | E13: 6.9 | F13: 3.8 | G13: -4.6 | H13: 6.2 | I13: 6.5 | J13: 7.3 | K13: 2.9 | L13: 5.6 | M13: 5.6 | N13: 3.1 | O13: -3.2 | P13: 5.1 | Q13: 8.1 | R13: 6.6 | S13: 0.9
A14: 10 | B14: Structures | C14: 구조물 | D14: 2.6 | E14: 5.8 | F14: 2.3 | G14: -9.2 | H14: -2.7 | I14: 3.5 | J14: 16.7 | K14: 1.1 | L14: -0.4 | M14: 3.5 | N14: 5.9 | O14: -13.5 | P14: -1.4 | Q14: 9.7 | R14: 16.8 | S14: -4.8
A15: 11 | B15: Equipment | C15: 장비 | D15: 3.8 | E15: 5.9 | F15: 1 | G15: -9.9 | H15: 7.1 | I15: 2.8 | J15: 2.9 | K15: 3.5 | L15: 7.5 | M15: 3.3 | N15: -2.2 | O15: -3.2 | P15: 1.1 | Q15: 4.6 | R15: 3.1 | S15: 3.2
A16: 12 | B16: Intellectual property products | C16: 지식재산 | D16: 6.9 | E16: 8.9 | F16: 8.2 | G16: 4.5 | H16: 10.4 | I16: 11.7 | J16: 6.2 | K16: 3.5 | L16: 7.2 | M16: 9.9 | N16: 7.8 | O16: 3.3 | P16: 12.7 | Q16: 10.6 | R16: 4.3 | S16: 2.3
A17: 13 | B17: Residential | C17: 주거용 | D17: 4.3 | E17: -0.7 | F17: -0.9 | G17: 7.4 | H17: 10.6 | I17: -8.1 | J17: -7.8 | K17: 3.2 | L17: 5.1 | M17: -4.1 | N17: 2.3 | O17: 16.5 | P17: 0.7 | Q17: -15.9 | R17: 2.4 | S17: 1.3
A18: 14 | B18: Change in private inventories | C18: 민간재고 변화 | D18: .... | E18: .... | F18: .... | G18: .... | H18: .... | I18: .... | J18: .... | K18: .... | L18: .... | M18: .... | N18: .... | O18: .... | P18: .... | Q18: .... | R18: .... | S18: ....
A19: 15 | B19: Net exports of goods and services | C19: 상품 및 서비스 순수출 | D19: .... | E19: .... | F19: .... | G19: .... | H19: .... | I19: .... | J19: .... | K19: .... | L19: .... | M19: .... | N19: .... | O19: .... | P19: .... | Q19: .... | R19: .... | S19: ....
A20: 16 | B20: Exports | C20: 수출 | D20: 4.1 | E20: 2.9 | F20: 0.5 | G20: -12.6 | H20: 6.5 | I20: 7.6 | J20: 2.8 | K20: 3.6 | L20: 6.1 | M20: 0.3 | N20: 1.1 | O20: -9.5 | P20: 7.1 | Q20: 4.9 | R20: 2.2 | S20: 3.3
A21: 17 | B21: Goods | C21: 상품 | D21: 4.1 | E21: 4.2 | F21: 0.2 | G21: -10 | H21: 7.7 | I21: 6.1 | J21: 2.2 | K21: 2 | L21: 6.1 | M21: 1.6 | N21: 0.2 | O21: -4.5 | P21: 5.5 | Q21: 3.3 | R21: 1.8 | S21: 1.1
A22: 18 | B22: Services | C22: 서비스 | D22: 4.1 | E22: 0.3 | F22: 1.2 | G22: -17.3 | H22: 4 | I22: 10.9 | J22: 4.1 | K22: 6.7 | L22: 6 | M22: -1.9 | N22: 2.7 | O22: -18.5 | P22: 10.4 | Q22: 8.4 | R22: 2.9 | S22: 7.3
A23: 19 | B23: Imports | C23: 수입 | D23: 4.7 | E23: 4 | F23: 1.2 | G23: -8.8 | H23: 14.6 | I23: 8.5 | J23: -0.9 | K23: 5.8 | L23: 5.8 | M23: 3 | N23: -1.8 | O23: 0.3 | P23: 11.1 | Q23: 2.3 | R23: 1.3 | S23: 6.2
A24: 20 | B24: Goods | C24: 상품 | D24: 4.5 | E24: 5.1 | F24: 0.5 | G24: -5.9 | H24: 14.5 | I24: 6.7 | J24: -1.9 | K24: 5.2 | L24: 5.5 | M24: 3.7 | N24: -2.6 | O24: 5.2 | P24: 8.7 | Q24: 0.8 | R24: 0.3 | S24: 5.4
A25: 21 | B25: Services | C25: 서비스 | D25: 5.7 | E25: -0.6 | F25: 4 | G25: -21 | H25: 15 | I25: 17.1 | J25: 3.8 | K25: 8.2 | L25: 7.1 | M25: -0.1 | N25: 1.5 | O25: -19.7 | P25: 23.7 | Q25: 9.4 | R25: 5.4 | S25: 9.3
A26: 22 | B26: Government consumption expenditures and gross investment | C26: 정부소비지출 및 총투자 | D26: 0.6 | E26: 2 | F26: 3.9 | G26: 3.4 | H26: -0.1 | I26: -1.2 | J26: 3.5 | K26: 3.8 | L26: 1 | M26: 1.9 | N26: 4.8 | O26: 1.6 | P26: -0.5 | Q26: 0.3 | R26: 4.3 | S26: 3.6
A27: 23 | B27: Federal | C27: 연방 | D27: 0.5 | E27: 3.5 | F27: 3.8 | G27: 6.3 | H27: 1.9 | I27: -3.3 | J27: 3.3 | K27: 3.8 | L27: 1.4 | M27: 3.5 | N27: 4 | O27: 5.2 | P27: 0.7 | Q27: -1.2 | R27: 3.6 | S27: 4.5
A28: 24 | B28: National defense | C28: 국방 | D28: 1 | E28: 3.5 | F28: 5.4 | G28: 2.9 | H28: -0.9 | I28: -3.8 | J28: 3.7 | K28: 4 | L28: 2.1 | M28: 4.5 | N28: 4.3 | O28: 4.3 | P28: -4.6 | Q28: -1.5 | R28: 4.1 | S28: 5.4
A29: 25 | B29: Nondefense | C29: 비국방 | D29: -0.2 | E29: 3.4 | F29: 1.6 | G29: 11.5 | H29: 5.7 | I29: -2.7 | J29: 2.8 | K29: 3.6 | L29: 0.4 | M29: 2.1 | N29: 3.5 | O29: 6.7 | P29: 8.4 | Q29: -1 | R29: 2.9 | S29: 3.2
A30: 26 | B30: State and local | C30: 주 및 지방 | D30: 0.6 | E30: 1.1 | F30: 3.9 | G30: 1.7 | H30: -1.3 | I30: 0 | J30: 3.6 | K30: 3.8 | L30: 0.8 | M30: 0.9 | N30: 5.3 | O30: -0.6 | P30: -1.3 | Q30: 1.3 | R30: 4.8 | S30: 3.1
B31: Addenda: | C31: 부록:
A32: 27 | B32: Gross domestic income (GDI) 1 | C32: 국내총소득 | D32: 2.4 | E32: 3 | F32: 2.6 | G32: -2.4 | H32: 6.6 | I32: 2.7 | J32: 1.7 | K32: 3 | L32: 3 | M32: 2.8 | N32: 2.6 | O32: 0.2 | P32: 5.1 | Q32: 0.5 | R32: 3.2 | S32: 2.6
A33: 28 | B33: Average of GDP and GDI | C33: 국내총생산과 국내총소득의 평균 | D33: 2.4 | E33: 3 | F33: 2.6 | G33: -2.2 | H33: 6.4 | I33: 2.6 | J33: 2.3 | K33: 2.9 | L33: 3 | M33: 2.4 | N33: 3 | O33: -0.3 | P33: 5.4 | Q33: 0.9 | R33: 3.3 | S33: 2.5
A34: 29 | B34: Final sales of domestic product | C34: 국내생산 최종 판매액 | D34: 2.5 | E34: 2.9 | F34: 2.5 | G34: -1.6 | H34: 5.9 | I34: 1.9 | J34: 3.4 | K34: 2.8 | L34: 3.1 | M34: 1.9 | N34: 3.7 | O34: -1.2 | P34: 5 | Q34: 1.6 | R34: 3.9 | S34: 2.6
A35: 30 | B35: Gross domestic purchases | C35: 국내총구매액 | D35: 2.6 | E35: 3.1 | F35: 2.6 | G35: -1.8 | H35: 7.2 | I35: 2.8 | J35: 2.4 | K35: 3.1 | L35: 3 | M35: 2.5 | N35: 2.9 | O35: 0.2 | P35: 6.3 | Q35: 1.1 | R35: 3.2 | S35: 2.8
A36: 31 | B36: Final sales to domestic purchasers | C36: 국내 구매자에 대한 최종 판매액 | D36: 2.6 | E36: 3 | F36: 2.5 | G36: -1.4 | H36: 6.9 | I36: 2.2 | J36: 2.9 | K36: 3.1 | L36: 3.1 | M36: 2.2 | N36: 3.2 | O36: -0.1 | P36: 5.6 | Q36: 1.3 | R36: 3.7 | S36: 3
A37: 32 | B37: Final sales to private domestic purchasers | C37: 민간 국내 구매자에 대한 최종 판매액 | D37: 3 | E37: 3.2 | F37: 2.3 | G37: -2.4 | H37: 8.5 | I37: 2.9 | J37: 2.7 | K37: 3 | L37: 3.6 | M37: 2.3 | N37: 2.9 | O37: -0.4 | P37: 7 | Q37: 1.6 | R37: 3.6 | S37: 2.9
A38: 33 | B38: Gross national product | C38: 국민총생산 | D38: 2.7 | E38: 2.9 | F38: 2.5 | G38: -2.4 | H38: 5.8 | I38: 2.5 | J38: 2.7 | K38: 2.4 | L38: 3.3 | M38: 1.8 | N38: 3.2 | O38: -1.3 | P38: 5.6 | Q38: 1.2 | R38: 3 | S38: 2.4
A39: 34 | B39: Real disposable personal income | C39: 실질 개인 가처분소득 | D39: 3.1 | E39: 3.6 | F39: 3.1 | G39: 6.4 | H39: 3.9 | I39: -5.6 | J39: 5.7 | K39: 2.9 | L39: 3.5 | M39: 4 | N39: 2.3 | O39: 4.6 | P39: 1.4 | Q39: -0.9 | R39: 5.4 | S39: 2.4
B40: Price indexes: | C40: 물가지수:
A41: 35 | B41: Gross domestic purchases | C41: 국내총구매액 | D41: 1.8 | E41: 2.2 | F41: 1.4 | G41: 1.3 | H41: 4.2 | I41: 6.8 | J41: 3.4 | K41: 2.4 | L41: 1.9 | M41: 2.1 | N41: 1.3 | O41: 1.6 | P41: 5.9 | Q41: 6.2 | R41: 2.4 | S41: 2.4
A42: 36 | B42: Gross domestic purchases excluding food and energy 2 | C42: 국내총구매액; 식량 및 에너지 제외 | D42: 1.7 | E42: 2.1 | F42: 1.6 | G42: 1.5 | H42: 3.9 | I42: 6.2 | J42: 3.7 | K42: 2.6 | L42: 1.7 | M42: 2.2 | N42: 1.4 | O42: 1.8 | P42: 5.3 | Q42: 5.8 | R42: 2.7 | S42: 2.7
A43: 37 | B43: GDP | C43: 국내총생산 | D43: 1.8 | E43: 2.3 | F43: 1.7 | G43: 1.4 | H43: 4.5 | I43: 7.1 | J43: 3.7 | K43: 2.5 | L43: 1.9 | M43: 2.2 | N43: 1.5 | O43: 1.7 | P43: 6.2 | Q43: 6.5 | R43: 2.7 | S43: 2.5
A44: 38 | B44: GDP excluding food and energy 2 | C44: 국내총생산; 식량 및 에너지 제외 | D44: 1.8 | E44: 2.3 | F44: 1.8 | G44: 1.5 | H44: 4.1 | I44: 6.3 | J44: 4.1 | K44: 2.8 | L44: 1.9 | M44: 2.4 | N44: 1.6 | O44: 1.8 | P44: 5.6 | Q44: 6 | R44: 3.1 | S44: 2.8
A45: 39 | B45: PCE | C45: 개인소비지출 | D45: 1.7 | E45: 2 | F45: 1.4 | G45: 1.1 | H45: 4.1 | I45: 6.5 | J45: 3.8 | K45: 2.6 | L45: 1.7 | M45: 2 | N45: 1.4 | O45: 1.2 | P45: 5.8 | Q45: 6 | R45: 2.9 | S45: 2.6
A46: 40 | B46: PCE excluding food and energy 2 | C46: 개인소비지출; 식량 및 에너지 제외 | D46: 1.6 | E46: 1.9 | F46: 1.6 | G46: 1.4 | H46: 3.6 | I46: 5.3 | J46: 4.2 | K46: 2.9 | L46: 1.6 | M46: 2 | N46: 1.6 | O46: 1.5 | P46: 4.8 | Q46: 5.2 | R46: 3.3 | S46: 3
A47: 41 | B47: Market-based PCE 3 | C47: 시장 기반 개인소비지출 | D47: 1.4 | E47: 1.8 | F47: 1.3 | G47: 1 | H47: 3.6 | I47: 6.4 | J47: 3.6 | K47: 2.2 | L47: 1.4 | M47: 1.7 | N47: 1.3 | O47: 1.1 | P47: 5.3 | Q47: 6 | R47: 2.7 | S47: 2.1
A48: 42 | B48: Market-based PCE excluding food and energy 2,3 | C48: 시장 기반 개인소비지출; 식량 및 에너지 제외 | D48: 1.2 | E48: 1.6 | F48: 1.5 | G48: 1.3 | H48: 2.9 | I48: 5 | J48: 4 | K48: 2.6 | L48: 1.2 | M48: 1.7 | N48: 1.5 | O48: 1.3 | P48: 4.1 | Q48: 5.1 | R48: 3.2 | S48: 2.5
A50: 1. Gross domestic income deflated by the implicit price deflator for gross domestic product.
A51: =HLOOKUP(A50,'Table 1'!$52:$55,2,0) -> GDP 디플레이터를 적용한 국내총소득.
A53: 2. Food excludes personal consumption expenditures for purchased meals and beverages, which are classified in food services.
A54: 식료품에는 식사 및 음료 구매의 개인소비지출을 포함하지 아니하며, 이는 음식업으로 분류됩니다.
A56: 3. This index is a supplemental measure that is based on household expenditures for which there are observable price measures. It excludes most implicit prices (for example, financial services furnished without payment) and the final consumption expenditures of nonprofit institutions serving households.
A57: 이 지수는 관측 가능한 가격 측정치가 있는 가계 지출을 기반으로 하는 보충 지표입니다. 대부분의 암묵적 가격(예: 무상으로 제공되는 금융 서비스)과 가계에 제공하는 비영리기관의 최종소비지출은 제외됩니다.
A59: Note. Estimates under the Percent change from preceding year columns are calculated from annual data. Estimates under the Percent change from fourth quarter to fourth quarter columns are calculated from fourth quarter values relative to the same quarter one year prior.
A60: 참고. 전년대비 백분율 변화의 추정치 열은 한해 데이터를 기반으로 계산됩니다. 전년 4분기 대비 당해 4분기 백분율 변화의 추정치 열은 전년 4분기와 당해 4분기 수치를 기반으로 계산됩니다.
A62: Source: U.S. Bureau of Economic Analysis

Sheet Table 6
A1: Table 6. Real Gross Domestic Product: Percent Change from Quarter One Year Ago
A2: =VLOOKUP(A1,Contents!$B:$C,2,0) -> 실질 국내총생산: 전년동기대비 백분율 변화
A3: Line | D3: 2021 | E3: 2021 | F3: 2022 | G3: 2022 | H3: 2022 | I3: 2022 | J3: 2023 | K3: 2023 | L3: 2023 | M3: 2023 | N3: 2024 | O3: 2024 | P3: 2024 | Q3: 2024 | R3: 2025 | S3: 2025
A4: Line | D4: Q3 | E4: Q4 | F4: Q1 | G4: Q2 | H4: Q3 | I4: Q4 | J4: Q1 | K4: Q2 | L4: Q3 | M4: Q4 | N4: Q1 | O4: Q2 | P4: Q3 | Q4: Q4 | R4: Q1 | S4: Q2
A5: 1 | B5: Gross domestic product (GDP) | C5: 국내총생산 | D5: 5.2 | E5: 5.8 | F5: 4 | G5: 2.5 | H5: 2.3 | I5: 1.3 | J5: 2.3 | K5: 2.8 | L5: 3.2 | M5: 3.4 | N5: 2.9 | O5: 3.1 | P5: 2.8 | Q5: 2.4 | R5: 2 | S5: 2.1
A6: 2 | B6: Personal consumption expenditures (PCE) | C6: 개인소비지출 | D6: 8.2 | E6: 7.8 | F6: 5.5 | G6: 2.7 | H6: 2.4 | I6: 1.6 | J6: 2.6 | K6: 2.2 | L6: 2.5 | M6: 3 | N6: 2.3 | O6: 2.9 | P6: 3.2 | Q6: 3.4 | R6: 3.1 | S6: 2.7
A7: 3 | B7: Goods | C7: 상품 | D7: 6.2 | E7: 6.5 | F7: 1.8 | G7: -2 | H7: -0.3 | I7: -1.8 | J7: 0.4 | K7: 0.6 | L7: 2.4 | M7: 3.5 | N7: 1.4 | O7: 2.6 | P7: 3.1 | Q7: 4.2 | R7: 4.6 | S7: 3.8
A8: 4 | B8: Durable goods | C8: 내구재 | D8: 4.6 | E8: 5.5 | F8: -1.3 | G8: -5.4 | H8: 0.8 | I8: -1.9 | J8: 2.2 | K8: 2.6 | L8: 4.6 | M8: 5.9 | N8: 1.4 | O8: 3.3 | P8: 3.8 | Q8: 7 | R8: 6.3 | S8: 4.9
A9: 5 | B9: Nondurable goods | C9: 비내구재 | D9: 7 | E9: 7.1 | F9: 3.6 | G9: 0 | H9: -1 | I9: -1.7 | J9: -0.5 | K9: -0.4 | L9: 1.2 | M9: 2.2 | N9: 1.4 | O9: 2.3 | P9: 2.7 | Q9: 2.8 | R9: 3.8 | S9: 3.2
A10: 6 | B10: Services | C10: 서비스 | D10: 9.2 | E10: 8.4 | F10: 7.4 | G10: 5.3 | H10: 3.8 | I10: 3.3 | J10: 3.7 | K10: 2.9 | L10: 2.5 | M10: 2.8 | N10: 2.8 | O10: 3.1 | P10: 3.2 | Q10: 3 | R10: 2.4 | S10: 2.2
A11: 7 | B11: Gross private domestic investment | C11: 민간국내총투자 | D11: 4.8 | E11: 8.1 | F11: 11 | G11: 9.9 | H11: 4.3 | I11: -0.2 | J11: -3.8 | K11: 0.1 | L11: 4.1 | M11: 3.1 | N11: 4.6 | O11: 4.8 | P11: 2.7 | Q11: 0.1 | R11: 5.9 | S11: 0
A12: 8 | B12: Fixed investment | C12: 고정투자 | D12: 7.3 | E12: 4 | F12: 3.6 | G12: 2.6 | H12: 2.3 | I12: 1.4 | J12: 1 | K12: 2.8 | L12: 4.4 | M12: 5.7 | N12: 5.2 | O12: 3.2 | P12: 2.6 | Q12: 1 | R12: 2 | S12: 2.7
A13: 9 | B13: Nonresidential | C13: 비주거용 | D13: 7.2 | E13: 5.1 | F13: 5.8 | G13: 5.1 | H13: 7 | I13: 8.1 | J13: 7.2 | K13: 8.2 | L13: 7 | M13: 6.6 | N13: 4.9 | O13: 2.8 | P13: 3.2 | Q13: 0.9 | R13: 2.8 | S13: 4
A14: 10 | B14: Structures | C14: 구조물 | D14: 1.5 | E14: -1.4 | F14: -1.1 | G14: 0.9 | H14: 4.5 | I14: 9.7 | J14: 15.1 | K14: 17.9 | L14: 16.9 | M14: 16.8 | N14: 7.9 | O14: 2.1 | P14: -0.2 | Q14: -4.8 | R14: -4.3 | S14: -5.3
A15: 11 | B15: Equipment | C15: 장비 | D15: 5.5 | E15: 1.1 | F15: 2.8 | G15: 0.1 | H15: 3.8 | I15: 4.6 | J15: 1.4 | K15: 4.3 | L15: 2.9 | M15: 3.1 | N15: 3.3 | O15: 2.4 | P15: 5.2 | Q15: 3.2 | R15: 8.2 | S15: 8.1
A16: 12 | B16: Intellectual property products | C16: 지식재산 | D16: 12.1 | E16: 12.7 | F16: 12.5 | G16: 12.3 | H16: 11.5 | I16: 10.6 | J16: 8.5 | K16: 6.6 | L16: 5.6 | M16: 4.3 | N16: 4.6 | O16: 3.6 | P16: 3.5 | Q16: 2.3 | R16: 2.3 | S16: 5.7
A17: 13 | B17: Residential | C17: 주거용 | D17: 7.1 | E17: 0.7 | F17: -2.4 | G17: -4.2 | H17: -10.1 | I17: -15.9 | J17: -15.8 | K17: -12.4 | L17: -3.9 | M17: 2.4 | N17: 6.3 | O17: 4.7 | P17: 0.6 | Q17: 1.3 | R17: -0.9 | S17: -1.7
A18: 14 | B18: Change in private inventories | C18: 민간재고 변화 | D18: .... | E18: .... | F18: .... | G18: .... | H18: .... | I18: .... | J18: .... | K18: .... | L18: .... | M18: .... | N18: .... | O18: .... | P18: .... | Q18: .... | R18: .... | S18: ....
A19: 15 | B19: Net exports of goods and services | C19: 상품 및 서비스 순수출 | D19: .... | E19: .... | F19: .... | G19: .... | H19: .... | I19: .... | J19: .... | K19: .... | L19: .... | M19: .... | N19: .... | O19: .... | P19: .... | Q19: .... | R19: .... | S19: ....
A20: 16 | B20: Exports | C20: 수출 | D20: 7.2 | E20: 7.1 | F20: 5.8 | G20: 8 | H20: 11.9 | I20: 4.9 | J20: 7 | K20: 2.3 | L20: -0.1 | M20: 2.2 | N20: 2.4 | O20: 3.9 | P20: 5 | Q20: 3.3 | R20: 2.1 | S20: 1.5
A21: 17 | B21: Goods | C21: 상품 | D21: 5.5 | E21: 5.5 | F21: 3.5 | G21: 6.2 | H21: 11.6 | I21: 3.3 | J21: 7.2 | K21: 1.2 | L21: -1.2 | M21: 1.8 | N21: 0.3 | O21: 3.1 | P21: 3.7 | Q21: 1.1 | R21: 2.7 | S21: 1.4
A22: 18 | B22: Services | C22: 서비스 | D22: 10.7 | E22: 10.4 | F22: 10.7 | G22: 11.9 | H22: 12.7 | I22: 8.4 | J22: 6.6 | K22: 4.6 | L22: 2.3 | M22: 2.9 | N22: 6.5 | O22: 5.4 | P22: 7.5 | Q22: 7.3 | R22: 1.2 | S22: 1.8
A23: 19 | B23: Imports | C23: 수입 | D23: 13.7 | E23: 11.1 | F23: 12.1 | G23: 11.7 | H23: 8.3 | I23: 2.3 | J23: -0.8 | K23: -3 | L23: -0.8 | M23: 1.3 | N23: 3.2 | O23: 5.9 | P23: 7.7 | Q23: 6.2 | R23: 13.2 | S23: 1.8
A24: 20 | B24: Goods | C24: 상품 | D24: 10.6 | E24: 8.7 | F24: 10 | G24: 9.5 | H24: 7 | I24: 0.8 | J24: -2.4 | K24: -4.4 | L24: -1.1 | M24: 0.3 | N24: 2.4 | O24: 5.8 | P24: 7 | Q24: 5.4 | R24: 15 | S24: 1
A25: 21 | B25: Services | C25: 서비스 | D25: 30.4 | E25: 23.7 | F25: 23.6 | G25: 22.9 | H25: 14.1 | I25: 9.4 | J25: 6.5 | K25: 3 | L25: 0.3 | M25: 5.4 | N25: 6.7 | O25: 6.3 | P25: 10.6 | Q25: 9.3 | R25: 6.4 | S25: 4.6
A26: 22 | B26: Government consumption expenditures and gross investment | C26: 정부소비지출 및 총투자 | D26: -0.4 | E26: -0.5 | F26: -2.7 | G26: -1.9 | H26: -0.7 | I26: 0.3 | J26: 2.1 | K26: 3.3 | L26: 4.2 | M26: 4.3 | N26: 3.9 | O26: 3.9 | P26: 3.9 | Q26: 3.6 | R26: 2.7 | S26: 1.9
A27: 23 | B27: Federal | C27: 연방 | D27: -0.1 | E27: 0.7 | F27: -5.3 | G27: -4.1 | H27: -2.6 | I27: -1.2 | J27: 1.9 | K27: 2.9 | L27: 4.9 | M27: 3.6 | N27: 2.7 | O27: 3.8 | P27: 4.2 | Q27: 4.5 | R27: 2.8 | S27: 0.3
A28: 24 | B28: National defense | C28: 국방 | D28: -0.8 | E28: -4.6 | F28: -5.4 | G28: -4.1 | H28: -4.1 | I28: -1.5 | J28: 2.4 | K28: 2.7 | L28: 5.6 | M28: 4.1 | N28: 2.2 | O28: 3.4 | P28: 4.8 | Q28: 5.4 | R28: 4.3 | S28: 2.7
A29: 25 | B29: Nondefense | C29: 비국방 | D29: 0.9 | E29: 8.4 | F29: -5.3 | G29: -4 | H29: -0.4 | I29: -1 | J29: 1.3 | K29: 3.2 | L29: 4 | M29: 2.9 | N29: 3.3 | O29: 4.4 | P29: 3.5 | Q29: 3.2 | R29: 0.8 | S29: -2.8
A30: 26 | B30: State and local | C30: 주 및 지방 | D30: -0.6 | E30: -1.3 | F30: -1 | G30: -0.5 | H30: 0.4 | I30: 1.3 | J30: 2.2 | K30: 3.6 | L30: 3.7 | M30: 4.8 | N30: 4.5 | O30: 3.9 | P30: 3.7 | Q30: 3.1 | R30: 2.7 | S30: 2.8
B31: Addenda: | C31: 부록:
A32: 27 | B32: Gross domestic income (GDI) 1 | C32: 국내총소득 | D32: 7.2 | E32: 5.1 | F32: 4.5 | G32: 3 | H32: 2.8 | I32: 0.5 | J32: 1 | K32: 1.5 | L32: 1.2 | M32: 3.2 | N32: 2.9 | O32: 3.2 | P32: 3.1 | Q32: 2.6 | R32: 2.4 | S32: 2.6
A33: 28 | B33: Average of GDP and GDI | C33: 국내총생산과 국내총소득의 평균 | D33: 6.1 | E33: 5.4 | F33: 4.3 | G33: 2.7 | H33: 2.6 | I33: 0.9 | J33: 1.7 | K33: 2.1 | L33: 2.2 | M33: 3.3 | N33: 2.9 | O33: 3.2 | P33: 2.9 | Q33: 2.5 | R33: 2.2 | S33: 2.3
A34: 29 | B34: Final sales of domestic product | C34: 국내생산 최종 판매액 | D34: 5.6 | E34: 5 | F34: 2.7 | G34: 1.2 | H34: 2 | I34: 1.6 | J34: 3.3 | K34: 3.3 | L34: 3.3 | M34: 3.9 | N34: 3 | O34: 2.8 | P34: 2.8 | Q34: 2.6 | R34: 1.3 | S34: 2.6
A35: 30 | B35: Gross domestic purchases | C35: 국내총구매액 | D35: 6.1 | E35: 6.3 | F35: 5 | G35: 3.1 | H35: 2.2 | I35: 1.1 | J35: 1.4 | K35: 2 | L35: 3 | M35: 3.2 | N35: 3 | O35: 3.4 | P35: 3.2 | Q35: 2.8 | R35: 3.5 | S35: 2.1
A36: 31 | B36: Final sales to domestic purchasers | C36: 국내 구매자에 대한 최종 판매액 | D36: 6.5 | E36: 5.6 | F36: 3.7 | G36: 1.9 | H36: 1.8 | I36: 1.3 | J36: 2.2 | K36: 2.5 | L36: 3.1 | M36: 3.7 | N36: 3.1 | O36: 3.1 | P36: 3.2 | Q36: 3 | R36: 2.8 | S36: 2.6
A37: 32 | B37: Final sales to private domestic purchasers | C37: 민간 국내 구매자에 대한 최종 판매액 | D37: 8 | E37: 7 | F37: 5.1 | G37: 2.7 | H37: 2.4 | I37: 1.6 | J37: 2.3 | K37: 2.3 | L37: 2.9 | M37: 3.6 | N37: 2.9 | O37: 3 | P37: 3 | Q37: 2.9 | R37: 2.8 | S37: 2.7
A38: 33 | B38: Gross national product | C38: 국민총생산 | D38: 4.7 | E38: 5.6 | F38: 3.7 | G38: 2.6 | H38: 2.5 | I38: 1.2 | J38: 2.2 | K38: 2.5 | L38: 2.9 | M38: 3 | N38: 2.4 | O38: 2.7 | P38: 2.3 | Q38: 2.4 | R38: 2.1 | S38: 2.1
A39: 34 | B39: Real disposable personal income | C39: 실질 개인 가처분소득 | D39: 0.4 | E39: 1.4 | F39: -12.4 | G39: -5.6 | H39: -3 | I39: -0.9 | J39: 5.1 | K39: 6.7 | L39: 5.6 | M39: 5.4 | N39: 3.5 | O39: 3 | P39: 2.8 | Q39: 2.4 | R39: 2 | S39: 2.2
B40: Price indexes: | C40: 물가지수:
A41: 35 | B41: Gross domestic purchases | C41: 국내총구매액 | D41: 4.7 | E41: 5.9 | F41: 6.7 | G41: 7.4 | H41: 7.1 | I41: 6.2 | J41: 5.1 | K41: 3.4 | L41: 2.9 | M41: 2.4 | N41: 2.4 | O41: 2.5 | P41: 2.3 | Q41: 2.4 | R41: 2.4 | S41: 2.3
A42: 36 | B42: Gross domestic purchases excluding food and energy 2 | C42: 국내총구매액; 식량 및 에너지 제외 | D42: 4.3 | E42: 5.3 | F42: 6.1 | G42: 6.4 | H42: 6.3 | I42: 5.8 | J42: 5 | K42: 3.8 | L42: 3.2 | M42: 2.7 | N42: 2.6 | O42: 2.6 | P42: 2.6 | Q42: 2.7 | R42: 2.6 | S42: 2.5
A43: 37 | B43: GDP | C43: 국내총생산 | D43: 5.1 | E43: 6.2 | F43: 7 | G43: 7.8 | H43: 7.3 | I43: 6.5 | J43: 5.3 | K43: 3.5 | L43: 3.3 | M43: 2.7 | N43: 2.5 | O43: 2.7 | P43: 2.3 | Q43: 2.5 | R43: 2.6 | S43: 2.5
A44: 38 | B44: GDP excluding food and energy 2 | C44: 국내총생산; 식량 및 에너지 제외 | D44: 4.6 | E44: 5.6 | F44: 6.2 | G44: 6.6 | H44: 6.5 | I44: 6 | J44: 5.4 | K44: 4.2 | L44: 3.6 | M44: 3.1 | N44: 2.8 | O44: 2.9 | P44: 2.7 | Q44: 2.8 | R44: 2.9 | S44: 2.7
A45: 39 | B45: PCE | C45: 개인소비지출 | D45: 4.6 | E45: 5.8 | F45: 6.6 | G45: 6.9 | H45: 6.7 | I45: 6 | J45: 5 | K45: 3.9 | L45: 3.4 | M45: 2.9 | N45: 2.8 | O45: 2.7 | P45: 2.4 | Q45: 2.6 | R45: 2.6 | S45: 2.4
A46: 40 | B46: PCE excluding food and energy 2 | C46: 개인소비지출; 식량 및 에너지 제외 | D46: 4 | E46: 4.8 | F46: 5.5 | G46: 5.3 | H46: 5.4 | I46: 5.2 | J46: 4.9 | K46: 4.6 | L46: 3.9 | M46: 3.3 | N46: 3.1 | O46: 2.8 | P46: 2.8 | Q46: 3 | R46: 2.8 | S46: 2.7
A47: 41 | B47: Market-based PCE 3 | C47: 시장 기반 개인소비지출 | D47: 4 | E47: 5.3 | F47: 6.3 | G47: 6.8 | H47: 6.7 | I47: 6 | J47: 5 | K47: 3.7 | L47: 3.2 | M47: 2.7 | N47: 2.5 | O47: 2.3 | P47: 2 | Q47: 2.1 | R47: 2.2 | S47: 2.2
A48: 42 | B48: Market-based PCE excluding food and energy 2,3 | C48: 시장 기반 개인소비지출; 식량 및 에너지 제외 | D48: 3.2 | E48: 4.1 | F48: 5 | G48: 4.9 | H48: 5.2 | I48: 5.1 | J48: 4.7 | K48: 4.5 | L48: 3.7 | M48: 3.2 | N48: 2.8 | O48: 2.5 | P48: 2.5 | Q48: 2.5 | R48: 2.4 | S48: 2.5
A50: 1. Gross domestic income deflated by the implicit price deflator for gross domestic product.
A51: =HLOOKUP(A50,'Table 5'!50:51,2,0) -> GDP 디플레이터를 적용한 국내총소득.
A53: 2. Food excludes personal consumption expenditures for purchased meals and beverages, which are classified in food services.
A54: =HLOOKUP(A53,'Table 5'!53:54,2,0) -> 식료품에는 식사 및 음료 구매의 개인소비지출을 포함하지 아니하며, 이는 음식업으로 분류됩니다.
A56: 3. This index is a supplemental measure that is based on household expenditures for which there are observable price measures. It excludes most implicit prices (for example, financial services furnished without payment) and the final consumption expenditures of nonprofit institutions serving households.
A57: =IF(A56='Table 5'!A56,'Table 5'!A57) -> 이 지수는 관측 가능한 가격 측정치가 있는 가계 지출을 기반으로 하는 보충 지표입니다. 대부분의 암묵적 가격(예: 무상으로 제공되는 금융 서비스)과 가계에 제공하는 비영리기관의 최종소비지출은 제외됩니다.
A59: Source: U.S. Bureau of Economic Analysis

Sheet Table 7
A1: Table 7. Relation of Gross Domestic Product, Gross National Product, and National Income
A2: =VLOOKUP(A1,Contents!$B:$C,2,0) -> 국내총생산, 국민총생산, 국민소득 간의 관계
A3: [Billions of dollars (십억 달러)]
A4: Line | D4: 2022 | E4: 2023 | F4: 2024 | G4: Seasonally adjusted at annual rates (연율 계절조정계열) | H4: Seasonally adjusted at annual rates | I4: Seasonally adjusted at annual rates | J4: Seasonally adjusted at annual rates | K4: Seasonally adjusted at annual rates
A5: Line | D5: 2022 | E5: 2023 | F5: 2024 | G5: 2024 | H5: 2024 | I5: 2024 | J5: 2025 | K5: 2025
A6: Line | D6: 2022 | E6: 2023 | F6: 2024 | G6: Q2 | H6: Q3 | I6: Q4 | J6: Q1 | K6: Q2
A7: 1 | B7: Gross domestic product (GDP) | C7: 국내총생산 | D7: 26054.6 | E7: 27811.5 | F7: 29298 | G7: 29147 | H7: 29511.7 | I7: 29825.2 | J7: 30042.1 | K7: 30485.7
A8: 2 | B8: Plus: Income receipts from the rest of the world | C8: 합산: 해외로부터의 소득 수입 | D8: 1219.8 | E8: 1397.9 | F8: 1485.6 | G8: 1498.6 | H8: 1444.9 | I8: 1546.5 | J8: 1454.8 | K8: 1525.8
A9: 3 | B9: Less: Income payments to the rest of the world | C9: 차감: 해외로부터의 소득 지출 | D9: 1067.7 | E9: 1312.2 | F9: 1493.9 | G9: 1510.6 | H9: 1497.1 | I9: 1507.4 | J9: 1452.7 | K9: 1544.2
A10: 4 | B10: Equals: Gross national product | C10: 동: 국민총생산 | D10: 26206.6 | E10: 27897.2 | F10: 29289.7 | G10: 29135 | H10: 29459.5 | I10: 29864.3 | J10: 30044.2 | K10: 30467.4
A11: 5 | B11: Less: Consumption of fixed capital | C11: 차감: 고정자산 소비 | D11: 4307.4 | E11: 4570.7 | F11: 4796.7 | G11: 4762.1 | H11: 4834.1 | I11: 4895.8 | J11: 4943.2 | K11: 4994.8
A12: 6 | B12: Less: Statistical discrepancy | C12: 차감: 통계적 불일치 | D12: -0.4 | E12: 325.9 | F12: 296.3 | G12: 285.9 | H12: 394.4 | I12: 265.2 | J12: 146.5 | K12: 149.9
A13: 7 | B13: Equals: National income | C13: 동: 국민소득 | D13: 21899.7 | E13: 23000.6 | F13: 24196.7 | G13: 24087 | H13: 24231 | I13: 24703.3 | J13: 24954.5 | K13: 25322.7
A14: 8 | B14: Compensation of employees | C14: 근로자 임금 | D14: 13443.4 | E14: 14207.4 | F14: 15027.1 | G14: 14943.7 | H14: 15115.7 | I14: 15309.1 | J14: 15510.9 | K14: 15701.3
A15: 9 | B15: Wages and salaries | C15: 임금 | D15: 11122.8 | E15: 11732.4 | F15: 12387.9 | G15: 12317.2 | H15: 12458.4 | I15: 12626.6 | J15: 12788.7 | K15: 12945.1
A16: 10 | B16: Supplements to wages and salaries | C16: 임금 보충 | D16: 2320.6 | E16: 2475 | F16: 2639.1 | G16: 2626.5 | H16: 2657.3 | I16: 2682.5 | J16: 2722.2 | K16: 2756.2
A17: 11 | B17: Proprietors' income with inventory valuation and capital consumption adjustments | C17: 재고평가 및 자본소비 조정을 적용한 자영업자 소득 | D17: 1868.9 | E17: 1942 | F17: 2023.1 | G17: 2013.2 | H17: 2031.7 | I17: 2064.5 | J17: 2103.3 | K17: 2105.2
A18: 12 | B18: Rental income of persons with capital consumption adjustment | C18: 자본소비 조정을 적용한 개인의 임대 소득 | D18: 871.1 | E18: 1002.5 | F18: 1078.1 | G18: 1069.7 | H18: 1077.3 | I18: 1096.7 | J18: 1115.6 | K18: 1119.2
... A23: 17 | B23: Current surplus of government enterprises | C23: 정부기업 경상잉여금 | D23: -16 | E23: -46.9 | F23: -47.5 | G23: -47.6 | H23: -46.2 | I23: -48.2 | J23: -48.3 | K23: -52.4
B24: Addenda: | C24: 부록:
A25: 18 | B25: Gross domestic income (GDI) | C25: 국내총소득 | D25: 26055 | E25: 27485.7 | F25: 29001.7 | G25: 28861.1 | H25: 29117.3 | I25: 29560 | J25: 29895.7 | K25: 30335.8
A26: 19 | B26: Average of GDP and GDI | C26: 국내총생산과 국내총소득의 평균 | D26: 26054.8 | E26: 27648.6 | F26: 29149.9 | G26: 29004.1 | H26: 29314.5 | I26: 29692.6 | J26: 29968.9 | K26: 30410.8
A27: 20 | B27: Statistical discrepancy as a percentage of GDP | C27: 국내총생산 대비 통계적 불일치 비율 | D27: 0 | E27: 1.2 | F27: 1 | G27: 1 | H27: 1.3 | I27: 0.9 | J27: 0.5 | K27: 0.5
A29: Source: U.S. Bureau of Economic Analysis

Sheet Table 8
A1: Table 8. Personal Income and Its Disposition
A2: =VLOOKUP(A1,Contents!$B:$C,2,0) -> 개인 소득 및 분배
A3: [Billions of dollars (십억 달러)]
A4: Line | D4: 2022 | E4: 2023 | F4: 2024 | G4: Seasonally adjusted at annual rates (연율 계절조정계열) | H4: Seasonally adjusted at annual rates | I4: Seasonally adjusted at annual rates | J4: Seasonally adjusted at annual rates | K4: Seasonally adjusted at annual rates
A5: Line | D5: 2022 | E5: 2023 | F5: 2024 | G5: 2024 | H5: 2024 | I5: 2024 | J5: 2025 | K5: 2025
A6: Line | D6: 2022 | E6: 2023 | F6: 2024 | G6: Q2 | H6: Q3 | I6: Q4 | J6: Q1 | K6: Q2
A7: 1 | B7: Personal income 1 | C7: 개인 소득 | D7: 22153.8 | E7: 23585 | F7: 24905.9 | G7: 24800.8 | H7: 25021.7 | I7: 25322.4 | J7: 25717.7 | K7: 26067.1
A8: 2 | B8: Compensation of employees | C8: 근로자 임금 | D8: 13443.4 | E8: 14207.4 | F8: 15027.1 | G8: 14943.7 | H8: 15115.7 | I8: 15309.1 | J8: 15510.9 | K8: 15701.3
A9: 3 | B9: Wages and salaries | C9: 임금 | D9: 11122.8 | E9: 11732.4 | F9: 12387.9 | G9: 12317.2 | H9: 12458.4 | I9: 12626.6 | J9: 12788.7 | K9: 12945.1
A10: 4 | B10: Private industries | C10: 민간 산업 | D10: 9501.5 | E10: 10000.5 | F10: 10538.8 | G10: 10479.8 | H10: 10598.5 | I10: 10739.4 | J10: 10879 | K10: 11015.4
A11: 5 | B11: Goods-producing industries | C11: 상품 생산 산업 | D11: 1733.6 | E11: 1837.2 | F11: 1929.2 | G11: 1928.1 | H11: 1940.7 | I11: 1948.2 | J11: 1972.9 | K11: 1991.1
A12: 6 | B12: Manufacturing | C12: 제조업 | D12: 1024.2 | E12: 1068.8 | F12: 1107.1 | G12: 1108.2 | H12: 1113.3 | I12: 1113.8 | J12: 1123.8 | K12: 1132.5
A13: 7 | B13: Services-producing industries | C13: 서비스 생산 산업 | D13: 7768 | E13: 8163.3 | F13: 8609.6 | G13: 8551.6 | H13: 8657.7 | I13: 8791.2 | J13: 8906.1 | K13: 9024.3
A14: 8 | B14: Trade, transportation, and utilities | C14: 무역, 운송 및 유틸리티 | D14: 1733.9 | E14: 1815.8 | F14: 1882.9 | G14: 1878.7 | H14: 1888.4 | I14: 1899.9 | J14: 1922 | K14: 1948.7
A15: 9 | B15: Other services-producing industries | C15: 기타 서비스 생산 산업 | D15: 6034.1 | E15: 6347.6 | F15: 6726.8 | G15: 6673 | H15: 6769.4 | I15: 6891.4 | J15: 6984.1 | K15: 7075.6
A16: 10 | B16: Government | C16: 정부 | D16: 1621.3 | E16: 1731.9 | F16: 1849.1 | G16: 1837.4 | H16: 1859.9 | I16: 1887.2 | J16: 1909.7 | K16: 1929.7
A17: 11 | B17: Supplements to wages and salaries | C17: 임금 보충 | D17: 2320.6 | E17: 2475 | F17: 2639.1 | G17: 2626.5 | H17: 2657.3 | I17: 2682.5 | J17: 2722.2 | K17: 2756.2
A18: 12 | B18: Employer contributions for employee pension and insurance funds 2 | C18: 지원 연금 및 보험 기금에 대한 고용주 부담금 | D18: 1555 | E18: 1660.1 | F18: 1772.7 | G18: 1764.8 | H18: 1785.5 | I18: 1799.4 | J18: 1823.8 | K18: 1848
... A50: 44 | B50: Personal saving as a percentage of disposable personal income | C50: 개인 가처분 소득 대비 개인 저축 비율 | D50: 3.3 | E50: 5.6 | F50: 5.4 | G50: 5.8 | H50: 5.1 | I50: 4.7 | J50: 5.2 | K50: 5.3
B51: Addenda: | C51: 부록:
A52: 45 | B52: Personal income excluding current transfer receipts, billions of chained (2017) dollars 6 | C52: 개인 소득; 경상이전수입 제외, 2017년 연쇄 십억 달러 | D52: 15516 | E52: 16038.7 | F52: 16456 | G52: 16423.9 | H52: 16489.6 | I52: 16576 | J52: 16643.8 | K52: 16702.7
B53: Disposable personal income: | C53: 개인 가처분 소득:
A54: 46 | B54: Total, billions of chained (2017) dollars 6 | C54: 총계, 2017년 연쇄 십억 달러 | D54: 16288.1 | E54: 17217.8 | F54: 17723.3 | G54: 17701 | H54: 17755.3 | I54: 17843.2 | J54: 17943.2 | K54: 18082
B55: Per capita: | C55: 1인당:
A56: 47 | B56: Current dollars | C56: 경상 달러 | D56: 56555 | E56: 61545 | F56: 64423 | G56: 64258 | H56: 64593 | I56: 65216 | J56: 66055 | K56: 66831
A57: 48 | B57: Chained (2017) dollars | C57: 연쇄(2017년) 달러 | D57: 48712 | E57: 51070 | F57: 52095 | G57: 52073 | H57: 52124 | I57: 52301 | J57: 52528 | K57: 52866
A58: 49 | B58: Population (midperiod, thousands) 7 | C58: 인구 (중기, 천명) | D58: 334372 | E58: 337141 | F58: 340212 | G58: 339929 | H58: 340637 | I58: 341164 | J58: 341590 | K58: 342034
A60: 1. Personal income is also equal to national income less corporate profits with inventory valuation and capital consumption adjustments, taxes on production and imports less subsidies, contributions for government social insurance, net interest and miscellaneous payments, business current transfer payments (net), and current surplus of government enterprises, plus personal income receipts on assets, and personal current transfer receipts.
A61: 개인 소득은 국민소득에서 재고평가 및 자본소비 조정을 적용한 기업 이익과 생산세 및 수입세; 보조금 제외와 정부 사회보험료와 순이자 및 기타 지불과 사업 순경상이전과 정부 기업의 경상잉여를 차감하고, 자산에 대한 개인 소득수입과 개인 경상이전 수입을 합산한 것과 동일합니다.
A63: 2. Includes actual employer contributions and actuarially imputed employer contributions to reflect benefits accrued by defined benefit pension plan participants through service to employers in the current period.
A64: 현 기간에 고용주에 대한 서비스를 통해 확정급여 연금제도 가입자가 얻은 혜택을 반영하기 위해 실제 고용주 기금과 실질적으로 귀속된 고용주 기금을 포함합니다.
A66: 3. Social security benefits include old-age, survivors, and disability insurance benefits that are distributed from the federal old-age and survivors insurance trust fund and the disability insurance trust fund.
A67: 사회보장 혜택에는 연방 노령보험 및 유족보험 신탁기금과 장애보험 신탁기금에서 분배되는 노령, 유족 및 장애보험 혜택이 포함됩니다.
A69: 4. Medicare benefits include hospital and supplementary medical insurance benefits that are distributed from the federal hospital insurance trust fund and the supplementary medical insurance trust fund.
A70: 메디케어 혜택에는 연방 병원보험 신탁기금과 보충 의료보험 신탁기금에서 분배되는 병원보험 및 보충 의료보험 혜택이 포함됩니다.
A72: 5. Consists of nonmortgage interest paid by households. Note that mortgage interest paid by households is an expense item in the calculation of rental income of persons.
A73: 가계가 지불한 비주택담보대출 이자로 구성됩니다. 가계가 지불한 주택담보대출 이자는 개인 임대소득 계산 시 비용 항목으로 간주됩니다.
A75: 6. The current-dollar measure is deflated by the implicit price deflator for personal consumption expenditures.
A76: 개인소비지출 디플레이터를 적용한 경상달러.
... A81: Source: U.S. Bureau of Economic Analysis

Sheet Table 9
A1: Table 9. Corporate Profits: Level and Percent Change
A2: =VLOOKUP(A1,Contents!$B:$C,2,0) -> 기업 이익: 수준 및 백분율 변화
A3: Line | D3: Billions of dollars (십억 달러) | E3: Billions of dollars | F3: Billions of dollars | G3: Billions of dollars | H3: Billions of dollars | I3: Billions of dollars | J3: Billions of dollars | K3: Billions of dollars | L3: Percent change from preceding period (전기대비 백분율 변화) | M3: Percent change from preceding period | N3: Percent change from preceding period | O3: Percent change from preceding period | P3: Percent change from preceding period | Q3: Percent change from preceding period | R3: Percent change from preceding period
A4: Line | D4: 2022 | E4: 2023 | F4: 2024 | G4: Seasonally adjusted at annual rates (연율 계절조정계열) | H4: Seasonally adjusted at annual rates | I4: Seasonally adjusted at annual rates | J4: Seasonally adjusted at annual rates | K4: Seasonally adjusted at annual rates | L4: 2023 | M4: 2024 | N4: Quarterly rates (분기율) | O4: Quarterly rates | P4: Quarterly rates | Q4: Quarterly rates | R4: Quarter one year ago (전년동기대비)
A5: Line | D5: 2022 | E5: 2023 | F5: 2024 | G5: 2024 | H5: 2024 | I5: 2024 | J5: 2025 | K5: 2025 | L5: 2023 | M5: 2024 | N5: 2024 | O5: 2024 | P5: 2025 | Q5: 2025 | R5: 2025
A6: Line | D6: 2022 | E6: 2023 | F6: 2024 | G6: Q2 | H6: Q3 | I6: Q4 | J6: Q1 | K6: Q2 | L6: 2023 | M6: 2024 | N6: Q3 | O6: Q4 | P6: Q1 | Q6: Q2 | R6: Q2
A7: 1 | B7: Corporate profits with inventory valuation and capital consumption adjustments | C7: 재고평가 및 자본소비 조정을 적용한 기업 이익 | D7: 3362.6 | E7: 3617.3 | F7: 3801.8 | G7: 3793.1 | H7: 3755.7 | I7: 3970.6 | J7: 3922.9 | K7: 3929.7 | L7: 7.6 | M7: 5.1 | N7: -1 | O7: 5.7 | P7: -1.2 | Q7: 0.2 | R7: 3.6
A8: 2 | B8: Less: Taxes on corporate income | C8: 차감: 기업 소득에 대한 세금 | D8: 600.6 | E8: 613 | F8: 680.3 | G8: 682.5 | H8: 677.2 | I8: 700 | J8: 670.4 | K8: 670.3 | L8: 2.1 | M8: 11 | N8: -0.8 | O8: 3.4 | P8: -4.2 | Q8: 0 | R8: -1.8
A9: 3 | B9: Equals: Profits after tax with inventory valuation and capital consumption adjustments | C9: 동: 재고평가 및 자본소비 조정을 적용한 세후 이익 | D9: 2762 | E9: 3004.3 | F9: 3121.4 | G9: 3110.6 | H9: 3078.5 | I9: 3270.6 | J9: 3252.4 | K9: 3259.4 | L9: 8.8 | M9: 3.9 | N9: -1 | O9: 6.2 | P9: -0.6 | Q9: 0.2 | R9: 4.8
A10: 4 | B10: Net dividends | C10: 순배당금 | D10: 2027.9 | E10: 2154.5 | F10: 2225.7 | G10: 2232.6 | H10: 2221.4 | I10: 2223.9 | J10: 2255.7 | K10: 2257.8 | L10: 6.2 | M10: 3.3 | N10: -0.5 | O10: 0.1 | P10: 1.4 | Q10: 0.1 | R10: 1.1
A11: 5 | B11: Undistributed profits with inventory valuation and capital consumption adjustments | C11: 재고평가 및 자본소비 조정을 적용한 미배당 이익 | D11: 734.1 | E11: 849.9 | F11: 895.7 | G11: 878 | H11: 857.1 | I11: 1046.8 | J11: 996.8 | K11: 1001.7 | L11: 15.8 | M11: 5.4 | N11: -2.4 | O11: 22.1 | P11: -4.8 | Q11: 0.5 | R11: 14.1
B12: Addenda for corporate cash flow: | C12: 기업 현금흐름 부록:
A13: 6 | B13: Net cash flow with inventory valuation adjustment | C13: 재고평가 조정을 적용한 순현금흐름 | D13: 2971.1 | E13: 3343.9 | F13: 3471 | G13: 3440.7 | H13: 3463.8 | I13: 3663 | J13: 3584.4 | K13: 3693.5 | L13: 12.5 | M13: 3.8 | N13: 0.7 | O13: 5.8 | P13: -2.1 | Q13: 3 | R13: 7.3
A14: 7 | B14: Undistributed profits with inventory valuation and capital consumption adjustments | C14: 재고평가 및 자본소비 조정을 적용한 미배당 이익 | D14: 734.1 | E14: 849.9 | F14: 895.7 | G14: 878 | H14: 857.1 | I14: 1046.8 | J14: 996.8 | K14: 1001.7 | L14: 15.8 | M14: 5.4 | N14: -2.4 | O14: 22.1 | P14: -4.8 | Q14: 0.5 | R14: 14.1
A15: 8 | B15: Consumption of fixed capital | C15: 고정자본소비 | D15: 2287.9 | E15: 2447.4 | F15: 2583.3 | G15: 2563.2 | H15: 2604.1 | I15: 2642.5 | J15: 2667.2 | K15: 2696.1 | L15: 7 | M15: 5.6 | N15: 1.6 | O15: 1.5 | P15: 0.9 | Q15: 1.1 | R15: 5.2
A16: 9 | B16: Less: Capital transfers paid (net) | C16: 차감: 지급된 순자본이전 | D16: 50.9 | E16: -46.7 | F16: 8 | G16: 0.5 | H16: -2.7 | I16: 26.3 | J16: 79.6 | K16: 4.2 | L16: .... | M16: .... | N16: .... | O16: .... | P16: .... | Q16: .... | R16: ....
B17: Addenda: | C17: 부록:
A18: 10 | B18: Profits before tax (without inventory valuation and capital consumption adjustments) | C18: 세전 이익, 재고평가 및 자본소비 조정 미적용 | D18: 3607.3 | E18: 3855.2 | F18: 4179.2 | G18: 4151.2 | H18: 4121.2 | I18: 4389.5 | J18: 4006.2 | K18: 4026.2 | L18: 6.9 | M18: 8.4 | N18: -0.7 | O18: 6.5 | P18: -8.7 | Q18: 0.5 | R18: -3
A19: 11 | B19: Profits after tax (without inventory valuation and capital consumption adjustments) | C19: 세후 이익, 재고평가 및 자본소비 조정 미적용 | D19: 3006.8 | E19: 3242.2 | F19: 3498.8 | G19: 3468.7 | H19: 3444 | I19: 3689.5 | J19: 3335.8 | K19: 3355.9 | L19: 7.8 | M19: 7.9 | N19: -0.7 | O19: 7.1 | P19: -9.6 | Q19: 0.6 | R19: -3.3
A20: 12 | B20: Inventory valuation adjustment | C20: 재고평가 조정 | D20: -161.5 | E20: 33 | F20: -8.9 | G20: 7.3 | H20: 7.3 | I20: -41 | J20: -23.8 | K20: -43.3 | L20: .... | M20: .... | N20: .... | O20: .... | P20: .... | Q20: .... | R20: ....
A21: 13 | B21: Capital consumption adjustment | C21: 자본소비 조정 | D21: -83.3 | E21: -270.9 | F21: -368.5 | G21: -365.4 | H21: -372.7 | I21: -377.8 | J21: -59.5 | K21: -53.2 | L21: .... | M21: .... | N21: .... | O21: .... | P21: .... | Q21: .... | R21: ....
A23: Source: U.S. Bureau of Economic Analysis

Sheet Table 10
A1: Table 10. Corporate Profits by Industry: Level and Change from Preceding Period
A2: =VLOOKUP(A1,Contents!$B:$C,2,0) -> 산업별 기업 이익: 전기대비 수준 및 변화
A3: [Billions of dollars (십억 달러)]
A4: Line | D4: Level (수준) | E4: Level | F4: Level | G4: Level | H4: Level | I4: Level | J4: Level | K4: Level | L4: Change from preceding period (전기대비 변화) | M4: Change from preceding period | N4: Change from preceding period | O4: Change from preceding period | P4: Change from preceding period | Q4: Change from preceding period
A5: Line | D5: 2022 | E5: 2023 | F5: 2024 | G5: Seasonally adjusted at annual rates (연율 계절조정계열) | H5: Seasonally adjusted at annual rates | I5: Seasonally adjusted at annual rates | J5: Seasonally adjusted at annual rates | K5: Seasonally adjusted at annual rates | L5: Change from preceding period | M5: Change from preceding period | N5: Change from preceding period | O5: Change from preceding period | P5: Change from preceding period | Q5: Change from preceding period
A6: Line | D6: 2022 | E6: 2023 | F6: 2024 | G6: 2024 | H6: 2024 | I6: 2024 | J6: 2025 | K6: 2025 | L6: 2023 | M6: 2024 | N6: 2024 | O6: 2024 | P6: 2025 | Q6: 2025
A7: Line | D7: 2022 | E7: 2023 | F7: 2024 | G7: Q2 | H7: Q3 | I7: Q4 | J7: Q1 | K7: Q2 | L7: 2023 | M7: 2024 | N7: Q3 | O7: Q4 | P7: Q1 | Q7: Q2
A8: 1 | B8: Corporate profits with inventory valuation and capital consumption adjustments | C8: 재고평가 및 자본소비 조정을 적용한 기업 이익 | D8: 3362.6 | E8: 3617.3 | F8: 3801.8 | G8: 3793.1 | H8: 3755.7 | I8: 3970.6 | J8: 3922.9 | K8: 3929.7 | L8: 254.7 | M8: 184.4 | N8: -37.4 | O8: 214.9 | P8: -47.8 | Q8: 6.8
A9: 2 | B9: Domestic industries | C9: 국내 산업 | D9: 2913.1 | E9: 3144.3 | F9: 3344.2 | G9: 3343.4 | H9: 3342.6 | I9: 3446.9 | J9: 3437 | K9: 3458.2 | L9: 231.1 | M9: 199.9 | N9: -0.8 | O9: 104.2 | P9: -9.8 | Q9: 21.2
A10: 3 | B10: Financial | C10: 금융 | D10: 603.3 | E10: 583.2 | F10: 697.2 | G10: 686.8 | H10: 680.9 | I10: 742.2 | J10: 769.2 | K10: 777.4 | L10: -20.1 | M10: 114 | N10: -5.9 | O10: 61.3 | P10: 27 | Q10: 8.2
A11: 4 | B11: Nonfinancial | C11: 비금융 | D11: 2309.8 | E11: 2561 | F11: 2647 | G11: 2656.6 | H11: 2661.7 | I11: 2704.6 | J11: 2667.8 | K11: 2680.8 | L11: 251.2 | M11: 85.9 | N11: 5.1 | O11: 42.9 | P11: -36.8 | Q11: 13
A12: 5 | B12: Rest of the world | C12: 해외 | D12: 449.5 | E12: 473.1 | F12: 457.6 | G12: 449.7 | H12: 413.1 | I12: 523.8 | J12: 485.8 | K12: 471.5 | L12: 23.6 | M12: -15.5 | N12: -36.6 | O12: 110.7 | P12: -38 | Q12: -14.4
A13: 6 | B13: Receipts from the rest of the world | C13: 해외로부터의 수입 | D13: 936.4 | E13: 948.1 | F13: 985.9 | G13: 991.3 | H13: 936.1 | I13: 1059.4 | J13: 986.9 | K13: 1050.5 | L13: 11.6 | M13: 37.8 | N13: -55.3 | O13: 123.4 | P13: -72.5 | Q13: 63.6
A14: 7 | B14: Less: Payments to the rest of the world | C14: 차감: 해외로부터의 지불 | D14: 487 | E14: 475 | F14: 528.3 | G14: 541.6 | H14: 522.9 | I14: 535.7 | J14: 501.1 | K14: 579.1 | L14: -12 | M14: 53.3 | N14: -18.6 | O14: 12.7 | P14: -34.6 | Q14: 78
A15: 8 | B15: Corporate profits with inventory valuation adjustment | C15: 재고평가 조정을 적용한 기업 이익 | D15: 3445.9 | E15: 3888.2 | F15: 4170.2 | G15: 4158.6 | H15: 4128.5 | I15: 4348.5 | J15: 3982.4 | K15: 3982.9 | L15: 442.4 | M15: 282 | N15: -30.1 | O15: 220 | P15: -366.1 | Q15: 0.5
A16: 9 | B16: Domestic industries | C16: 국내 산업 | D16: 2996.4 | E16: 3415.1 | F16: 3712.7 | G16: 3708.8 | H16: 3715.4 | I16: 3824.7 | J16: 3496.6 | K16: 3511.4 | L16: 418.8 | M16: 297.5 | N16: 6.5 | O16: 109.3 | P16: -328.1 | Q16: 14.8
A17: 10 | B17: Financial | C17: 금융 | D17: 682.1 | E17: 678 | F17: 801.4 | G17: 789.8 | H17: 786.8 | I17: 849.9 | J17: 852.3 | K17: 858.5 | L17: -4.1 | M17: 123.3 | N17: -2.9 | O17: 63 | P17: 2.5 | Q17: 6.2
A18: 11 | B18: Federal Reserve banks | C18: 연방준비은행 | D18: 59.5 | E18: -114.7 | F18: -78.1 | G18: -82.3 | H18: -91.6 | I18: -45.8 | J18: -26.8 | K18: -42.1 | L18: -174.1 | M18: 36.6 | N18: -9.3 | O18: 45.8 | P18: 18.9 | Q18: -15.3
A19: 12 | B19: Other financial | C19: 기타 금융 | D19: 622.7 | E19: 792.7 | F19: 879.5 | G19: 872 | H19: 878.4 | I19: 895.6 | J19: 879.2 | K19: 900.7 | L19: 170 | M19: 86.7 | N19: 6.4 | O19: 17.2 | P19: -16.4 | Q19: 21.5
... A40: 33 | B40: Rest of the world | C40: 해외 | D40: 449.5 | E40: 473.1 | F40: 457.6 | G40: 449.7 | H40: 413.1 | I40: 523.8 | J40: 485.8 | K40: 471.5 | L40: 23.6 | M40: -15.5 | N40: -36.6 | O40: 110.7 | P40: -38 | Q40: -14.4
A42: Note. Estimates in this table are based on the 2017 North American Industry Classification System (NAICS).
A43: 참고. 2017 NAICS를 기준으로 한 추정치.
A45: Source: U.S. Bureau of Economic Analysis

Sheet Table 11
A1: Table 11. Gross Value Added of Nonfinancial Domestic Corporate Business
A2: =VLOOKUP(A1,Contents!$B:$C,2,0) -> 비금융 국내 기업 총부가가치
A3: Line | D3: 2022 | E3: 2023 | F3: 2024 | G3: Seasonally adjusted at annual rates (연율 계절조정계열) | H3: Seasonally adjusted at annual rates | I3: Seasonally adjusted at annual rates | J3: Seasonally adjusted at annual rates | K3: Seasonally adjusted at annual rates
A4: Line | D4: 2022 | E4: 2023 | F4: 2024 | G4: 2024 | H4: 2024 | I4: 2024 | J4: 2025 | K4: 2025
A5: Line | D5: 2022 | E5: 2023 | F5: 2024 | G5: Q2 | H5: Q3 | I5: Q4 | J5: Q1 | K5: Q2
B6: Billions of dollars (십억 달러)
A7: 1 | B7: Gross value added of nonfinancial corporate business | C7: 비금융 기업의 총부가가치 | D7: 13445.4 | E7: 14163.4 | F7: 14849.2 | G7: 14788.7 | H7: 14866.5 | I7: 15093.3 | J7: 15226.7 | K7: 15464.2
A8: 2 | B8: Consumption of fixed capital | C8: 고정자본소비 | D8: 2010.5 | E8: 2154.3 | F8: 2274.4 | G8: 2257.3 | H8: 2291.7 | I8: 2325 | J8: 2348.1 | K8: 2374.6
A9: 3 | B9: Net value added | C9: 순부가가치 | D9: 11434.9 | E9: 12009.1 | F9: 12574.8 | G9: 12531.4 | H9: 12574.8 | I9: 12768.2 | J9: 12878.6 | K9: 13089.6
A10: 4 | B10: Compensation of employees | C10: 근로자 임금 | D10: 7593.4 | E10: 8015.6 | F10: 8451.1 | G10: 8414.7 | H10: 8441.8 | I10: 8577.4 | J10: 8702.8 | K10: 8799.8
A11: 5 | B11: Wages and salaries | C11: 임금 | D11: 6451.9 | E11: 6796.4 | F11: 7152.8 | G11: 7124.7 | H11: 7137.5 | I11: 7254.4 | J11: 7361 | K11: 7439.5
A12: 6 | B12: Supplements to wages and salaries | C12: 임금 보충 | D12: 1141.5 | E12: 1219.3 | F12: 1298.3 | G12: 1290 | H12: 1304.3 | I12: 1323 | J12: 1341.8 | K12: 1360.3
A13: 7 | B13: Taxes on production and imports less subsidies | C13: 생산세 및 수입세; 보조금 제외 | D13: 1104.8 | E13: 1115.7 | F13: 1166 | G13: 1158.9 | H13: 1172.9 | I13: 1187.5 | J13: 1198.9 | K13: 1308.8
A14: 8 | B14: Net operating surplus | C14: 순영업잉여 | D14: 2736.7 | E14: 2877.7 | F14: 2957.8 | G14: 2957.8 | H14: 2960.1 | I14: 3003.3 | J14: 2976.9 | K14: 2981
A15: 9 | B15: Net interest and miscellaneous payments | C15: 순이자 및 기타 지불 | D15: 307.8 | E15: 218.9 | F15: 199.3 | G15: 199.4 | H15: 199.4 | I15: 199.3 | J15: 206.2 | K15: 206.3
A16: 10 | B16: Business current transfer payments (net) | C16: 사업 순경상이전 | D16: 119.1 | E16: 97.8 | F16: 111.4 | G16: 101.8 | H16: 99 | I16: 99.3 | J16: 102.9 | K16: 93.9
A17: 11 | B17: Corporate profits with inventory valuation and capital consumption adjustments | C17: 재고평가 및 자본소비 조정을 적용한 기업 이익 | D17: 2309.8 | E17: 2561 | F17: 2647 | G17: 2656.6 | H17: 2661.7 | I17: 2704.6 | J17: 2667.8 | K17: 2680.8
A18: 12 | B18: Taxes on corporate income | C18: 기업 소득에 대한 세금 | D18: 471.8 | E18: 486.9 | F18: 540.2 | G18: 543 | H18: 536.3 | I18: 556.4 | J18: 516.7 | K18: 514.5
... A21: 15 | B21: Undistributed profits with inventory valuation and capital consumption adjustments | C21: 재고평가 및 자본소비 조정을 적용한 미배당 이익 | D21: 569.3 | E21: 688.5 | F21: 567.2 | G21: 652.9 | H21: 575.9 | I21: 577.7 | J21: 646.7 | K21: 870.4
B22: Addenda: | C22: 부록:
A23: 16 | B23: Profits before tax (without inventory valuation and capital consumption adjustments) | C23: 세전 이익, 재고평가 및 자본소비 조정 미적용 | D23: 2475.7 | E23: 2704.1 | F23: 2920.2 | G23: 2911.8 | H23: 2921.3 | I23: 3015.8 | J23: 2668.1 | K23: 2696.1
A24: 17 | B24: Profits after tax (without inventory valuation and capital consumption adjustments) | C24: 세후 이익, 재고평가 및 자본소비 조정 미적용 | D24: 2003.9 | E24: 2217.3 | F24: 2380 | G24: 2368.8 | H24: 2385 | I24: 2459.5 | J24: 2151.4 | K24: 2181.6
A25: 18 | B25: Inventory valuation adjustment | C25: 재고평가 조정 | D25: -161.5 | E25: 33 | F25: -8.9 | G25: 7.3 | H25: 7.3 | I25: -41 | J25: -23.8 | K25: -43.3
A26: 19 | B26: Capital consumption adjustment | C26: 자본소비 조정 | D26: -4.4 | E26: -176.1 | F26: -264.3 | G26: -262.5 | H26: -266.8 | I26: -270.2 | J26: 23.6 | K26: 28
B27: Billions of chained (2017) dollars (2017년 연쇄 십억 달러)
A28: 20 | B28: Gross value added of nonfinancial corporate business 1 | C28: 비금융 기업의 총부가가치 | D28: 11350.8 | E28: 11550.3 | F28: 11864.2 | G28: 11799.4 | H28: 11851.1 | I28: 12005.9 | J28: 11997.6 | K28: 12193.5
A29: 21 | B29: Consumption of fixed capital 2 | C29: 고정자본소비 | D29: 1810.7 | E29: 1888.8 | F29: 1964.1 | G29: 1954.4 | H29: 1973.9 | I29: 1992.9 | J29: 2013.4 | K29: 2039.9
A30: 22 | B30: Net value added 3 | C30: 순부가가치 | D30: 9540.1 | E30: 9661.6 | F30: 9900.1 | G30: 9845 | H30: 9877.2 | I30: 10013 | J30: 9984.3 | K30: 10153.6
B31: Dollars; quarters seasonally adjusted (달러, 분기 계절조정계열)
B32: Price, costs, and profits per unit of real gross value added of nonfinancial corporate business: | C32: 비금융 기업의 실질 총부가가치 단위당 가격, 비용 및 이익:
A33: 23 | B33: Price per unit of real gross value added of nonfinancial corporate business 4 | C33: 비금융 기업의 실질 총부가가치 단위당 가격 | D33: 1.185 | E33: 1.226 | F33: 1.252 | G33: 1.253 | H33: 1.254 | I33: 1.257 | J33: 1.269 | K33: 1.268
A34: 24 | B34: Compensation of employees (unit labor cost) | C34: 직원 임금, 단위 노동 비용 | D34: 0.669 | E34: 0.694 | F34: 0.712 | G34: 0.713 | H34: 0.712 | I34: 0.714 | J34: 0.725 | K34: 0.722
A35: 25 | B35: Unit nonlabor cost | C35: 단위 비노동 비용 | D35: 0.312 | E35: 0.311 | F35: 0.316 | G35: 0.315 | H35: 0.318 | I35: 0.317 | J35: 0.321 | K35: 0.327
A36: 26 | B36: Consumption of fixed capital | C36: 고정자본소비 | D36: 0.177 | E36: 0.187 | F36: 0.192 | G36: 0.191 | H36: 0.193 | I36: 0.194 | J36: 0.196 | K36: 0.195
A37: 27 | B37: Taxes on production and imports less subsidies plus business current transfer payments (net) | C37: 순생산세 및 수입세; 보조금 제외; 사업 경상이전지불 포함 | D37: 0.108 | E37: 0.105 | F37: 0.108 | G37: 0.107 | H37: 0.107 | I37: 0.107 | J37: 0.109 | K37: 0.115
A38: 28 | B38: Net interest and miscellaneous payments | C38: 순이자 및 기타 지불 | D38: 0.027 | E38: 0.019 | F38: 0.017 | G38: 0.017 | H38: 0.017 | I38: 0.017 | J38: 0.017 | K38: 0.017
A39: 29 | B39: Corporate profits with inventory valuation and capital consumption adjustments (unit profits from current production) | C39: 재고평가 및 자본소비 조정을 적용한 기업 이익, 경상 생산으로 인한 단위 이익 | D39: 0.203 | E39: 0.222 | F39: 0.223 | G39: 0.225 | H39: 0.225 | I39: 0.225 | J39: 0.222 | K39: 0.22
A40: 30 | B40: Taxes on corporate income | C40: 기업 소득에 대한 세금 | D40: 0.042 | E40: 0.042 | F40: 0.046 | G40: 0.046 | H40: 0.045 | I40: 0.046 | J40: 0.043 | K40: 0.042
A41: 31 | B41: Profits after tax with inventory valuation and capital consumption adjustments | C41: 재고평가 및 자본소비 조정을 적용한 세후 이익 | D41: 0.162 | E41: 0.18 | F41: 0.178 | G41: 0.179 | H41: 0.179 | I41: 0.179 | J41: 0.179 | K41: 0.178
A43: 1. The current-dollar gross value added is deflated using the gross value added chain-type price index for nonfinancial industries from the GDP-by-industry accounts. For periods when this price index is not available, the chain-type price index for GDP goods and structures is used.
A44: 경상달러 기준 총부가가치는 산업별 국내총생산 계정에서 비금융 산업의총부가가치 연쇄 물가지수를 적용하였습니다. 이 물가지수를 사용할 수 없는 기간에는 국내총생산 상품 및 구조물의 연쇄 물가지수를 사용합니다
A46: 2. Chained-dollar consumption of fixed capital of nonfinancial corporate business is calculated as the product of the chain-type quantity index and the 2017 current-dollar value of the corresponding series, divided by 100.
A47: 비금융 사업의 고정자본 연쇄달러 소비는 연쇄 수량지수와 해당 계열의 2017년 경상달러 금액을 곱한 후 100으로 나누어 계산합니다.
A49: 3. Chained-dollar net value added of nonfinancial corporate business is the difference between the gross value added and the consumption of fixed capital.
A50: 비금융 사업의 연쇄달러 순부가가치는 총부가가치와 고정자본소비의 차입니다.
A52: 4. The deflator for gross value added of nonfinancial corporate business divided by 100.
A53: 비금융 사업의 총부가가치 디플레이터는 100으로 나누었습니다.
A55: Note. Estimates in this table are based on the 2017 North American Industry Classification System (NAICS).
A56: 참고. 2017 NAICS를 기준으로 한 추정치.
A58: Source: U.S. Bureau of Economic Analysis

Sheet Table 12
A1: Table 12. Real Gross Domestic Product by Industry Group: Percent Change from Preceding Period
A2: =VLOOKUP(A1,Contents!$B:$C,2,0) -> 산업 그룹별 실질 국내총생산: 전기대비 백분율 변화
A3: Line | D3: 2022 | E3: 2023 | F3: 2024 | G3: Seasonally adjusted at annual rates (연율 계절조정계열) | H3: Seasonally adjusted at annual rates | I3: Seasonally adjusted at annual rates | J3: Seasonally adjusted at annual rates | K3: Seasonally adjusted at annual rates | L3: Seasonally adjusted at annual rates | M3: Seasonally adjusted at annual rates | N3: Seasonally adjusted at annual rates | O3: Seasonally adjusted at annual rates | P3: Seasonally adjusted at annual rates | Q3: Seasonally adjusted at annual rates | R3: Seasonally adjusted at annual rates | S3: Seasonally adjusted at annual rates | T3: Seasonally adjusted at annual rates | U3: Seasonally adjusted at annual rates | V3: Seasonally adjusted at annual rates
A4: Line | D4: 2022 | E4: 2023 | F4: 2024 | G4: 2021 | H4: 2021 | I4: 2022 | J4: 2022 | K4: 2022 | L4: 2022 | M4: 2023 | N4: 2023 | O4: 2023 | P4: 2023 | Q4: 2024 | R4: 2024 | S4: 2024 | T4: 2024 | U4: 2025 | V4: 2025
A5: Line | D5: 2022 | E5: 2023 | F5: 2024 | G5: Q3 | H5: Q4 | I5: Q1 | J5: Q2 | K5: Q3 | L5: Q4 | M5: Q1 | N5: Q2 | O5: Q3 | P5: Q4 | Q5: Q1 | R5: Q2 | S5: Q3 | T5: Q4 | U5: Q1 | V5: Q2
A6: 1 | B6: Gross domestic product | C6: 국내총생산 | D6: 2.5 | E6: 2.9 | F6: 2.8 | G6: 3.3 | H6: 7 | I6: -1 | J6: 0.6 | K6: 2.9 | L6: 2.8 | M6: 2.9 | N6: 2.5 | O6: 4.7 | P6: 3.4 | Q6: 0.8 | R6: 3.6 | S6: 3.3 | T6: 1.9 | U6: -0.6 | V6: 3.8
A7: 2 | B7: Private industries | C7: 민간 산업 | D7: 2.7 | E7: 3.2 | F7: 2.9 | G7: 3.3 | H7: 7.9 | I7: -1.4 | J7: 0.5 | K7: 3.2 | L7: 3.3 | M7: 3.3 | N7: 2.8 | O7: 5.1 | P7: 3.4 | Q7: 0.7 | R7: 3.9 | S7: 3.4 | T7: 1.8 | U7: -0.8 | V7: 4.7
A8: 3 | B8: Agriculture, forestry, fishing, and hunting | C8: 농립어업 및 수렵업 | D8: 0.5 | E8: 2.7 | F8: 5.4 | G8: 1.8 | H8: 14.7 | I8: -8.6 | J8: -1.7 | K8: 2.1 | L8: 4 | M8: 22.8 | N8: -11 | O8: -7.7 | P8: -2.3 | Q8: 24 | R8: 18.3 | S8: -9.1 | T8: 1.4 | U8: -16.9 | V8: -0.7
A9: 4 | B9: Mining | C9: 광업 | D9: -8.9 | E9: 38.4 | F9: 2.8 | G9: -5.4 | H9: -14.5 | I9: -28 | J9: -13.4 | K9: 30.6 | L9: 61.8 | M9: 42.8 | N9: 71.3 | O9: 16.9 | P9: 1.1 | Q9: -10.8 | R9: 1.1 | S9: 3.9 | T9: -5.3 | U9: -18.3 | V9: 29
A10: 5 | B10: Utilities | C10: 유틸리티업 | D10: 1.1 | E10: 5.7 | F10: 2.2 | G10: 11.9 | H10: 6.5 | I10: 0.7 | J10: -4.3 | K10: -11.2 | L10: 6.9 | M10: 6.9 | N10: 51.3 | O10: -29.5 | P10: 15.3 | Q10: -0.4 | R10: 6.6 | S10: -1.7 | T10: 8.1 | U10: -5 | V10: -15
A11: 6 | B11: Construction | C11: 건설업 | D11: -6.2 | E11: 0.1 | F11: 4.9 | G11: -7.9 | H11: -10.4 | I11: 6.1 | J11: -15.3 | K11: -14.1 | L11: 0.2 | M11: 2.2 | N11: 4.1 | O11: 11.9 | P11: 4.8 | Q11: 5.3 | R11: 3.2 | S11: 1.2 | T11: 3.7 | U11: 0.9 | V11: 4
A12: 7 | B12: Manufacturing | C12: 제조업 | D12: -0.8 | E12: 0.5 | F12: 3 | G12: -0.9 | H12: 11.8 | I12: -7.8 | J12: -5.4 | K12: -1 | L12: 1.1 | M12: -8.5 | N12: 7.2 | O12: 11.1 | P12: 5.8 | Q12: -7 | R12: 9.8 | S12: 3.4 | T12: -2.6 | U12: -5.9 | V12: 12
A13: 8 | B13: Durable goods | C13: 내구재 | D13: 0.2 | E13: -0.1 | F13: -0.3 | G13: -5.9 | H13: 10.1 | I13: -1.5 | J13: -0.4 | K13: -4.3 | L13: -0.4 | M13: -4.5 | N13: 6.3 | O13: 2.4 | P13: 3.7 | Q13: -11.9 | R13: 5.7 | S13: 5.1 | T13: -2.9 | U13: -2 | V13: 8.9
A14: 9 | B14: Nondurable goods | C14: 비내구재 | D14: -1.9 | E14: 1.2 | F14: 6.9 | G14: 5 | H14: 13.6 | I14: -14.2 | J14: -10.5 | K14: 2.6 | L14: 2.8 | M14: -12.9 | N14: 8.1 | O14: 21.9 | P14: 8.1 | Q14: -1.2 | R14: 14.6 | S14: 1.6 | T14: -2.2 | U14: -10.2 | V14: 15.9
A15: 10 | B15: Wholesale trade | C15: 도매업 | D15: -1.5 | E15: -1.5 | F15: -0.7 | G15: -12.6 | H15: 6.5 | I15: -1.9 | J15: -6 | K15: 5.5 | L15: 3.3 | M15: -2.9 | N15: -7.1 | O15: -1.2 | P15: -1.5 | Q15: -1.5 | R15: 1 | S15: 3.1 | T15: 0.4 | U15: -2.9 | V15: 4
A16: 11 | B16: Retail trade | C16: 소매업 | D16: -2.8 | E16: 10.5 | F16: 10.4 | G16: -17 | H16: 4.8 | I16: -11.9 | J16: 6.3 | K16: 7.6 | L16: 14.5 | M16: 12.5 | N16: 1.4 | O16: 20.1 | P16: 11.4 | Q16: 16.5 | R16: 1.2 | S16: 13.6 | T16: -2.1 | U16: -4.3 | V16: -8.2
A17: 12 | B17: Transportation and warehousing | C17: 운송 및 창고업 | D17: 0.5 | E17: 2.5 | F17: 3.1 | G17: 10.7 | H17: 9 | I17: -10.7 | J17: -2.3 | K17: 1.3 | L17: 2.3 | M17: 1 | N17: 8.1 | O17: 0.9 | P17: 4.1 | Q17: 1.7 | R17: 2 | S17: 4.1 | T17: 6.1 | U17: -6.2 | V17: 4.9
... A35: 30 | B35: State and local | C35: 주 및 지방 | D35: 2.3 | E35: 0.8 | F35: 2.2 | G35: 4.1 | H35: 1.2 | I35: 2 | J35: 4.7 | K35: 1.7 | L35: -0.8 | M35: -0.2 | N35: -0.1 | O35: 2.8 | P35: 2.9 | Q35: 2.2 | R35: 1.2 | S35: 2.9 | T35: 3.1 | U35: 2.9 | V35: -0.5
B36: Addenda: | C36: 부록:
A37: 31 | B37: Private goods-producing industries 1 | C37: 민간 상품 생산 산업 | D37: -2.8 | E37: 3.6 | F37: 3.6 | G37: -2.8 | H37: 3.5 | I37: -7 | J37: -8.6 | K37: -1.3 | L37: 5.9 | M37: -0.1 | N37: 9.4 | O37: 10.6 | P37: 4.7 | Q37: -2.8 | R37: 7.7 | S37: 2.2 | T37: -0.9 | U37: -5.9 | V37: 10.2
A38: 32 | B38: Private services-producing industries 2 | C38: 민간 서비스 생산 산업 | D38: 4 | E38: 3.1 | F38: 2.7 | G38: 4.8 | H38: 9 | I38: 0 | J38: 2.9 | K38: 4.3 | L38: 2.6 | M38: 4.1 | N38: 1.3 | O38: 3.8 | P38: 3.1 | Q38: 1.5 | R38: 3 | S38: 3.7 | T38: 2.4 | U38: 0.4 | V38: 3.5
A40: 1. Consists of agriculture, forestry, fishing, and hunting; mining; construction; and manufacturing.
A41: 농림어업과 수렵업, 광업, 건설업 및 제조업을 구성됩니다.
A43: 2. Consists of utilities; wholesale trade; retail trade; transportation and warehousing; information; finance, insurance, real estate, rental, and leasing; professional and business services; educational services, health care, and social assistance; arts, entertainment, recreation, accommodation, and food services; and other services, except government.
A44: 유틸리티업, 도매업, 소매업, 운송 및 창고업, 정보업, 금융, 보험, 부동산, 임대 및 리스업, 전문 및 경영 서비스, 교육, 보건 및 사회보장 서비스, 예술, 오락, 여가 서비스, 숙박 및 음식점업, 및 기타 서비스; 정부 제외로 구성됩니다.
A46: Source: U.S. Bureau of Economic Analysis

Sheet Table 13
A1: Table 13. Contributions to Percent Change in Real Gross Domestic Product by Industry Group
A2: =VLOOKUP(A1,Contents!$B:$C,2,0) -> 산업 그룹별 실질 국내총생산 백분율 변화 기여도
A3: Line | D3: 2022 | E3: 2023 | F3: 2024 | G3: Seasonally adjusted at annual rates (연율 계절조정계열) | H3: Seasonally adjusted at annual rates | I3: Seasonally adjusted at annual rates | J3: Seasonally adjusted at annual rates | K3: Seasonally adjusted at annual rates | L3: Seasonally adjusted at annual rates | M3: Seasonally adjusted at annual rates | N3: Seasonally adjusted at annual rates | O3: Seasonally adjusted at annual rates | P3: Seasonally adjusted at annual rates | Q3: Seasonally adjusted at annual rates | R3: Seasonally adjusted at annual rates | S3: Seasonally adjusted at annual rates | T3: Seasonally adjusted at annual rates | U3: Seasonally adjusted at annual rates | V3: Seasonally adjusted at annual rates
A4: Line | D4: 2022 | E4: 2023 | F4: 2024 | G4: 2021 | H4: 2021 | I4: 2022 | J4: 2022 | K4: 2022 | L4: 2022 | M4: 2023 | N4: 2023 | O4: 2023 | P4: 2023 | Q4: 2024 | R4: 2024 | S4: 2024 | T4: 2024 | U4: 2025 | V4: 2025
A5: Line | D5: 2022 | E5: 2023 | F5: 2024 | G5: Q3 | H5: Q4 | I5: Q1 | J5: Q2 | K5: Q3 | L5: Q4 | M5: Q1 | N5: Q2 | O5: Q3 | P5: Q4 | Q5: Q1 | R5: Q2 | S5: Q3 | T5: Q4 | U5: Q1 | V5: Q2
B6: Percent change at annual rate: | C6: 연율 백분율 변화:
A7: 1 | B7: Gross domestic product | C7: =VLOOKUP(B7,'Table 12'!B:C,2,0) -> 국내총생산 | D7: 2.5 | E7: 2.9 | F7: 2.8 | G7: 3.3 | H7: 7 | I7: -1 | J7: 0.6 | K7: 2.9 | L7: 2.8 | M7: 2.9 | N7: 2.5 | O7: 4.7 | P7: 3.4 | Q7: 0.8 | R7: 3.6 | S7: 3.3 | T7: 1.9 | U7: -0.6 | V7: 3.8
B8: Percentage points at annual rates: | C8: 연율 퍼센트 포인트:
A9: 2 | B9: Private industries | C9: =VLOOKUP(B9,'Table 12'!B:C,2,0) -> 민간 산업 | D9: 2.36 | E9: 2.86 | F9: 2.54 | G9: 2.96 | H9: 6.97 | I9: -1.22 | J9: 0.48 | K9: 2.79 | L9: 2.87 | M9: 2.87 | N9: 2.45 | O9: 4.49 | P9: 3.02 | Q9: 0.6 | R9: 3.42 | S9: 3.01 | T9: 1.57 | U9: -0.71 | V9: 4.14
A10: 3 | B10: Agriculture, forestry, fishing, and hunting | C10: =VLOOKUP(B10,'Table 12'!B:C,2,0) -> 농립어업 및 수렵업 | D10: 0.01 | E10: 0.03 | F10: 0.05 | G10: 0 | H10: 0.14 | I10: -0.12 | J10: -0.06 | K10: -0.01 | L10: 0 | M10: 0.2 | N10: -0.15 | O10: -0.11 | P10: -0.02 | Q10: 0.2 | R10: 0.16 | S10: -0.08 | T10: 0.02 | U10: -0.18 | V10: 0
A11: 4 | B11: Mining | C11: =VLOOKUP(B11,'Table 12'!B:C,2,0) -> 광업 | D11: -0.14 | E11: 0.54 | F11: 0.04 | G11: 0.11 | H11: -0.09 | I11: -0.47 | J11: -0.22 | K11: 0.51 | L11: 0.81 | M11: 0.48 | N11: 0.73 | O11: 0.21 | P11: 0.03 | Q11: -0.13 | R11: 0.05 | S11: 0.07 | T11: -0.06 | U11: -0.27 | V11: 0.33
A12: 5 | B12: Utilities | C12: =VLOOKUP(B12,'Table 12'!B:C,2,0) -> 유틸리티업 | D12: 0.02 | E12: 0.09 | F12: 0.04 | G12: 0.11 | H12: -0.07 | I12: -0.25 | J12: -0.26 | K12: -0.31 | L12: 0.09 | M12: 0.17 | N12: 0.73 | O12: -0.56 | P12: 0.23 | Q12: -0.02 | R12: 0.1 | S12: -0.03 | T12: 0.12 | U12: -0.08 | V12: -0.24
A13: 6 | B13: Construction | C13: =VLOOKUP(B13,'Table 12'!B:C,2,0) -> 건설업 | D13: -0.27 | E13: 0 | F13: 0.21 | G13: -0.37 | H13: -0.47 | I13: 0.24 | J13: -0.69 | K13: -0.62 | L13: 0.04 | M13: 0.14 | N13: 0.2 | O13: 0.51 | P13: 0.2 | Q13: 0.21 | R13: 0.13 | S13: 0.04 | T13: 0.16 | U13: 0.04 | V13: 0.18
A14: 7 | B14: Manufacturing | C14: =VLOOKUP(B14,'Table 12'!B:C,2,0) -> 제조업 | D14: -0.09 | E14: 0.05 | F14: 0.3 | G14: -0.04 | H14: 1.28 | I14: -0.68 | J14: -0.5 | K14: -0.11 | L14: 0.04 | M14: -1.06 | N14: 0.6 | O14: 1.03 | P14: 0.57 | Q14: -0.69 | R14: 0.97 | S14: 0.36 | T14: -0.24 | U14: -0.58 | V14: 1.11
A15: 8 | B15: Durable goods | C15: =VLOOKUP(B15,'Table 12'!B:C,2,0) -> 내구재 | D15: 0.01 | E15: -0.01 | F15: -0.02 | G15: -0.34 | H15: 0.57 | I15: 0 | J15: 0.04 | K15: -0.21 | L15: -0.02 | M15: -0.27 | N15: 0.31 | O15: 0.13 | P15: 0.19 | Q15: -0.67 | R15: 0.29 | S15: 0.26 | T15: -0.15 | U15: -0.1 | V15: 0.46
A16: 9 | B16: Nondurable goods | C16: =VLOOKUP(B16,'Table 12'!B:C,2,0) -> 비내구재 | D16: -0.1 | E16: 0.06 | F16: 0.32 | G16: 0.3 | H16: 0.71 | I16: -0.68 | J16: -0.54 | K16: 0.1 | L16: 0.06 | M16: -0.79 | N16: 0.29 | O16: 0.91 | P16: 0.38 | Q16: -0.02 | R16: 0.67 | S16: 0.1 | T16: -0.09 | U16: -0.47 | V16: 0.65
A17: 10 | B17: Wholesale trade | C17: =VLOOKUP(B17,'Table 12'!B:C,2,0) -> 도매업 | D17: -0.09 | E17: -0.09 | F17: -0.04 | G17: -0.75 | H17: 0.46 | I17: -0.05 | J17: -0.34 | K17: 0.35 | L17: 0.2 | M17: -0.2 | N17: -0.45 | O17: -0.06 | P17: -0.08 | Q17: -0.07 | R17: 0.07 | S17: 0.19 | T17: 0.03 | U17: -0.17 | V17: 0.2
A18: 11 | B18: Retail trade | C18: =VLOOKUP(B18,'Table 12'!B:C,2,0) -> 소매업 | D18: -0.18 | E18: 0.65 | F18: 0.65 | G18: -1.21 | H18: 0.27 | I18: -0.86 | J18: 0.39 | K18: 0.52 | L18: 0.98 | M18: 0.94 | N18: 0.19 | O18: 1.21 | P18: 0.64 | Q18: 0.83 | R18: -0.04 | S18: 0.74 | T18: -0.17 | U18: -0.27 | V18: -0.54
A19: 12 | B19: Transportation and warehousing | C19: =VLOOKUP(B19,'Table 12'!B:C,2,0) -> 운송 및 창고업 | D19: 0.02 | E19: 0.09 | F19: 0.1 | G19: 0.35 | H19: 0.37 | I19: -0.26 | J19: 0.03 | K19: 0.13 | L19: 0.13 | M19: 0.06 | N19: 0.29 | O19: 0.05 | P19: 0.15 | Q19: 0.07 | R19: 0.08 | S19: 0.14 | T19: 0.2 | U19: -0.22 | V19: 0.16
A20: 13 | B20: Information | C20: =VLOOKUP(B20,'Table 12'!B:C,2,0) -> 정보업 | D20: 0.39 | E20: 0.42 | F20: 0.29 | G20: 0.56 | H20: 0.92 | I20: -0.15 | J20: 0.36 | K20: 0.43 | L20: 0.34 | M20: 0.34 | N20: 0.44 | O20: 0.81 | P20: 0.24 | Q20: 0.08 | R20: 0.22 | S20: 0.35 | T20: 0.17 | U20: 0.44 | V20: 0.66
... A37: 30 | B37: State and local | C37: =VLOOKUP(B37,'Table 12'!B:C,2,0) -> 주 및 지방 | D37: 0.18 | E37: 0.06 | F37: 0.17 | G37: 0.32 | H37: 0.11 | I37: 0.17 | J37: 0.38 | K37: 0.15 | L37: -0.04 | M37: 0 | N37: 0.01 | O37: 0.23 | P37: 0.22 | Q37: 0.16 | R37: 0.1 | S37: 0.22 | T37: 0.23 | U37: 0.22 | V37: -0.03
B38: Addenda: | C38: =VLOOKUP(B38,'Table 12'!B:C,2,0) -> 부록:
A39: 31 | B39: Private goods-producing industries 1 | C39: =VLOOKUP(B39,'Table 12'!B:C,2,0) -> 민간 상품 생산 산업 | D39: -0.5 | E39: 0.62 | F39: 0.61 | G39: -0.3 | H39: 0.85 | I39: -1.03 | J39: -1.47 | K39: -0.22 | L39: 0.89 | M39: -0.24 | N39: 1.38 | O39: 1.65 | P39: 0.78 | Q39: -0.42 | R39: 1.31 | S39: 0.4 | T39: -0.13 | U39: -0.99 | V39: 1.62
A40: 32 | B40: Private services-producing industries 2 | C40: =VLOOKUP(B40,'Table 12'!B:C,2,0) -> 민간 서비스 생산 산업 | D40: 2.86 | E40: 2.23 | F40: 1.93 | G40: 3.26 | H40: 6.11 | I40: -0.19 | J40: 1.96 | K40: 3.01 | L40: 1.98 | M40: 3.11 | N40: 1.07 | O40: 2.84 | P40: 2.24 | Q40: 1.01 | R40: 2.12 | S40: 2.61 | T40: 1.71 | U40: 0.29 | V40: 2.52
A42: 1. Consists of agriculture, forestry, fishing, and hunting; mining; construction; and manufacturing.
A43: =IF(A42='Table 12'!A40,'Table 12'!A41) -> 농림어업과 수렵업, 광업, 건설업 및 제조업을 구성됩니다.
A45: 2. Consists of utilities; wholesale trade; retail trade; transportation and warehousing; information; finance, insurance, real estate, rental, and leasing; professional and business services; educational services, health care, and social assistance; arts, entertainment, recreation, accommodation, and food services; and other services, except government.
A46: =IF(A45='Table 12'!$A$43,'Table 12'!$A$44) -> 유틸리티업, 도매업, 소매업, 운송 및 창고업, 정보업, 금융, 보험, 부동산, 임대 및 리스업, 전문 및 경영 서비스, 교육, 보건 및 사회보장 서비스, 예술, 오락, 여가 서비스, 숙박 및 음식점업, 및 기타 서비스; 정부 제외로 구성됩니다.
A48: Note. Percentage-point contributions do not sum to the percent change in real gross domestic product because the industry details are calculated using source data and methodologies that differ from those used to calculate growth in the top-line, expenditure-based measure of real GDP.
A49: 참고. 퍼센트 포인트 기여도는 실질 국내총생산 백분율 변화에 합산되지 않습니다. 산업 세부사항은 실질 국내총생산의 지출 기반 측정치의 최상위 성장률을 계산하는데 사용되는 것과는 다른 원천 데이터와 방법론을 사용하여 계산되기 때문입니다.
A51: Source: U.S. Bureau of Economic Analysis

Sheet Table 14
A1: Table 14. Gross Domestic Product by Industry Group: Level and Change from Preceding Period
A2: =VLOOKUP(A1,Contents!$B:$C,2,0) -> 산업 그룹별 국내총생산: 전기대비 수준 및 변화
A3: Line | D3: Billions of dollars (십억 달러) | E3: Billions of dollars | F3: Billions of dollars | G3: Billions of dollars | H3: Billions of dollars | I3: Billions of dollars | J3: Billions of chained (2017) dollars (2017년 연쇄 십억 달러) | K3: Billions of chained (2017) dollars | L3: Billions of chained (2017) dollars | M3: Billions of chained (2017) dollars | N3: Billions of chained (2017) dollars | O3: Billions of chained (2017) dollars | P3: Billions of chained (2017) dollars | Q3: Billions of chained (2017) dollars | R3: Billions of chained (2017) dollars
A4: Line | D4: 2024 | E4: Seasonally adjusted at annual rates (연율 계절조정계열) | F4: Seasonally adjusted at annual rates | G4: Seasonally adjusted at annual rates | H4: Seasonally adjusted at annual rates | I4: Seasonally adjusted at annual rates | J4: 2024 | K4: Seasonally adjusted at annual rates (연율 계절조정계열) | L4: Seasonally adjusted at annual rates | M4: Seasonally adjusted at annual rates | N4: Seasonally adjusted at annual rates | O4: Seasonally adjusted at annual rates | P4: Change from preceding period (전기대비 변화)
A5: Line | D5: 2024 | E5: 2024 | F5: 2024 | G5: 2024 | H5: 2025 | I5: 2025 | J5: 2024 | K5: 2024 | L5: 2024 | M5: 2024 | N5: 2025 | O5: 2025 | P5: 2024 | Q5: 2025 | R5: 2025
A6: Line | D6: 2024 | E6: Q2 | F6: Q3 | G6: Q4 | H6: Q1 | I6: Q2 | J6: 2024 | K6: Q2 | L6: Q3 | M6: Q4 | N6: Q1 | O6: Q2 | P6: 2024 | Q6: Q1 | R6: Q2
A7: 1 | B7: Gross domestic product | C7: =VLOOKUP(B7,'Table 13'!B:C,2,0) -> 국내총생산 | D7: 29298 | E7: 29147 | F7: 29511.7 | G7: 29825.2 | H7: 30042.1 | I7: 30485.7 | J7: 23358.4 | K7: 23286.5 | L7: 23478.6 | M7: 23586.5 | N7: 23548.2 | O7: 23771 | P7: 634.7 | Q7: -38.3 | R7: 222.8
A8: 2 | B8: Private industries | C8: =VLOOKUP(B8,'Table 13'!B:C,2,0) -> 민간 산업 | D8: 26001.7 | E8: 25871.3 | F8: 26193.4 | G8: 26464.8 | H8: 26639.9 | I8: 27051.6 | J8: 20769.2 | K8: 20708.7 | L8: 20881.7 | M8: 20973.4 | N8: 20931.4 | O8: 21173.6 | P8: 577.2 | Q8: -42 | R8: 242.2
A9: 3 | B9: Agriculture, forestry, fishing, and hunting | C9: =VLOOKUP(B9,'Table 13'!B:C,2,0) -> 농립어업 및 수렵업 | D9: 269.7 | E9: 261.2 | F9: 268.6 | G9: 292.1 | H9: 293.2 | I9: 266.9 | J9: 205.5 | K9: 209.9 | L9: 205 | M9: 205.7 | N9: 196.4 | O9: 196 | P9: 10.5 | Q9: -9.3 | R9: -0.3
A10: 4 | B10: Mining | C10: =VLOOKUP(B10,'Table 13'!B:C,2,0) -> 광업 | D10: 404.2 | E10: 418.3 | F10: 403.3 | G10: 389.2 | H10: 411.1 | I10: 376 | J10: 362.7 | K10: 362.5 | L10: 365.9 | M10: 361 | N10: 343.2 | O10: 365.7 | P10: 9.9 | Q10: -17.8 | R10: 22.5
A11: 5 | B11: Utilities | C11: =VLOOKUP(B11,'Table 13'!B:C,2,0) -> 유틸리티업 | D11: 454.4 | E11: 459.8 | F11: 450.7 | G11: 454.4 | H11: 460.1 | I11: 460.8 | J11: 353.4 | K11: 353.8 | L11: 352.3 | M11: 359.3 | N11: 354.8 | O11: 340.6 | P11: 7.7 | Q11: -4.5 | R11: -14.1
A12: 6 | B12: Construction | C12: =VLOOKUP(B12,'Table 13'!B:C,2,0) -> 건설업 | D12: 1305.4 | E12: 1299.8 | F12: 1312.2 | G12: 1322.1 | H12: 1336.3 | I12: 1340.2 | J12: 871.5 | K12: 870 | L12: 872.5 | M12: 880.5 | N12: 882.3 | O12: 890.9 | P12: 40.4 | Q12: 1.9 | R12: 8.6
A13: 7 | B13: Manufacturing | C13: =VLOOKUP(B13,'Table 13'!B:C,2,0) -> 제조업 | D13: 2880.7 | E13: 2884.7 | F13: 2897.7 | G13: 2888.7 | H13: 2813.7 | I13: 2859.7 | J13: 2361.4 | K13: 2368.9 | L13: 2389 | M13: 2373.4 | N13: 2337.7 | O13: 2405 | P13: 69.3 | Q13: -35.8 | R13: 67.3
A14: 8 | B14: Durable goods | C14: =VLOOKUP(B14,'Table 13'!B:C,2,0) -> 내구재 | D14: 1524.8 | E14: 1523.3 | F14: 1543.4 | G14: 1530.2 | H14: 1526.2 | I14: 1534.3 | J14: 1260.4 | K14: 1259.2 | L14: 1274.9 | M14: 1265.5 | N14: 1259 | O14: 1286 | P14: -4 | Q14: -6.5 | R14: 27
A15: 9 | B15: Nondurable goods | C15: =VLOOKUP(B15,'Table 13'!B:C,2,0) -> 비내구재 | D15: 1355.9 | E15: 1361.3 | F15: 1354.3 | G15: 1358.5 | H15: 1287.5 | I15: 1325.4 | J15: 1100 | K15: 1108.6 | L15: 1113.1 | M15: 1107 | N15: 1077.7 | O15: 1118.1 | P15: 71.2 | Q15: -29.3 | R15: 40.4
A16: 10 | B16: Wholesale trade | C16: =VLOOKUP(B16,'Table 13'!B:C,2,0) -> 도매업 | D16: 1706.3 | E16: 1689.8 | F16: 1717.5 | G16: 1736.9 | H16: 1761.7 | I16: 1895.9 | J16: 1148.8 | K16: 1144.8 | L16: 1153.6 | M16: 1154.7 | N16: 1146.1 | O16: 1157.5 | P16: -8.2 | Q16: -8.5 | R16: 11.4
A17: 11 | B17: Retail trade | C17: =VLOOKUP(B17,'Table 13'!B:C,2,0) -> 소매업 | D17: 1849 | E17: 1838.9 | F17: 1865.5 | G17: 1863.1 | H17: 1877.1 | I17: 1906.9 | J17: 1469.5 | K17: 1449.1 | L17: 1496 | M17: 1488.2 | N17: 1471.9 | O17: 1440.6 | P17: 138 | Q17: -16.3 | R17: -31.3
A18: 12 | B18: Transportation and warehousing | C18: =VLOOKUP(B18,'Table 13'!B:C,2,0) -> 운송 및 창고업 | D18: 987.3 | E18: 984.6 | F18: 996.9 | G18: 1002.3 | H18: 1011.7 | I18: 1016.1 | J18: 734.4 | K18: 728.9 | L18: 736.2 | M18: 747.2 | N18: 735.3 | O18: 744 | P18: 21.7 | Q18: -11.9 | R18: 8.8
... A36: 30 | B36: State and local | C36: =VLOOKUP(B36,'Table 13'!B:C,2,0) -> 주 및 지방 | D36: 2231.5 | E36: 2218.1 | F36: 2245 | G36: 2275.3 | H36: 2302.8 | I36: 2328.6 | J36: 1765.9 | K36: 1757.6 | L36: 1770.1 | M36: 1783.6 | N36: 1796.4 | O36: 1794 | P36: 38.1 | Q36: 12.8 | R36: -2.4
B37: Addenda: | C37: =VLOOKUP(B37,'Table 13'!B:C,2,0) -> 부록:
A38: 31 | B38: Private goods-producing industries 1 | C38: =VLOOKUP(B38,'Table 13'!B:C,2,0) -> 민간 상품 생산 산업 | D38: 4860.1 | E38: 4863.9 | F38: 4881.9 | G38: 4892.1 | H38: 4854.2 | I38: 4842.9 | J38: 3816.5 | K38: 3826.1 | L38: 3846.5 | M38: 3837.7 | N38: 3779.5 | O38: 3872.6 | P38: 133.4 | Q38: -58.2 | R38: 93.1
A39: 32 | B39: Private services-producing industries 2 | C39: =VLOOKUP(B39,'Table 13'!B:C,2,0) -> 민간 서비스 생산 산업 | D39: 21141.6 | E39: 21007.4 | F39: 21311.5 | G39: 21572.7 | H39: 21785.7 | I39: 22208.7 | J39: 16955.6 | K39: 16885 | L39: 17038.1 | M39: 17139.1 | N39: 17156 | O39: 17305.6 | P39: 442.8 | Q39: 16.9 | R39: 149.7
A41: 1. Consists of agriculture, forestry, fishing, and hunting; mining; construction; and manufacturing.
A42: =IF(A41='Table 12'!$A$40,'Table 12'!$A$41) -> 농림어업과 수렵업, 광업, 건설업 및 제조업을 구성됩니다.
A44: 2. Consists of utilities; wholesale trade; retail trade; transportation and warehousing; information; finance, insurance, real estate, rental, and leasing; professional and business services; educational services, health care, and social assistance; arts, entertainment, recreation, accommodation, and food services; and other services, except government.
A45: =IF(A44='Table 12'!$A$43,'Table 12'!$A$44) -> 유틸리티업, 도매업, 소매업, 운송 및 창고업, 정보업, 금융, 보험, 부동산, 임대 및 리스업, 전문 및 경영 서비스, 교육, 보건 및 사회보장 서비스, 예술, 오락, 여가 서비스, 숙박 및 음식점업, 및 기타 서비스; 정부 제외로 구성됩니다.
A47: Source: U.S. Bureau of Economic Analysis

Sheet Table 15
A1: Table 15. Price Indexes for Gross Domestic Product by Industry Group: Percent Change from Preceding Period
A2: =VLOOKUP(A1,Contents!$B:$C,2,0) -> 산업 그룹별 국내총생산에 대한 물가지수: 전기대비 백분율 변화
A3: Line | D3: 2022 | E3: 2023 | F3: 2024 | G3: Seasonally adjusted at annual rates (연율 계절조정계열) | H3: Seasonally adjusted at annual rates | I3: Seasonally adjusted at annual rates | J3: Seasonally adjusted at annual rates | K3: Seasonally adjusted at annual rates | L3: Seasonally adjusted at annual rates | M3: Seasonally adjusted at annual rates | N3: Seasonally adjusted at annual rates | O3: Seasonally adjusted at annual rates | P3: Seasonally adjusted at annual rates | Q3: Seasonally adjusted at annual rates | R3: Seasonally adjusted at annual rates | S3: Seasonally adjusted at annual rates | T3: Seasonally adjusted at annual rates | U3: Seasonally adjusted at annual rates | V3: Seasonally adjusted at annual rates
A4: Line | D4: 2022 | E4: 2023 | F4: 2024 | G4: 2021 | H4: 2021 | I4: 2022 | J4: 2022 | K4: 2022 | L4: 2022 | M4: 2023 | N4: 2023 | O4: 2023 | P4: 2023 | Q4: 2024 | R4: 2024 | S4: 2024 | T4: 2024 | U4: 2025 | V4: 2025
A5: Line | D5: 2022 | E5: 2023 | F5: 2024 | G5: Q3 | H5: Q4 | I5: Q1 | J5: Q2 | K5: Q3 | L5: Q4 | M5: Q1 | N5: Q2 | O5: Q3 | P5: Q4 | Q5: Q1 | R5: Q2 | S5: Q3 | T5: Q4 | U5: Q1 | V5: Q2
A6: 1 | B6: Gross domestic product | C6: =VLOOKUP(B6,'Table 14'!B:C,2,0) -> 국내총생산 | D6: 7.1 | E6: 3.7 | F6: 2.5 | G6: 6.3 | H6: 7 | I6: 8.4 | J6: 9.3 | K6: 4.4 | L6: 3.9 | M6: 3.8 | N6: 2.1 | O6: 3.3 | P6: 1.6 | Q6: 3.1 | R6: 2.6 | S6: 1.8 | T6: 2.4 | U6: 3.6 | V6: 2.1
A7: 2 | B7: Private industries | C7: =VLOOKUP(B7,'Table 14'!B:C,2,0) -> 민간 산업 | D7: 7.7 | E7: 3.5 | F7: 2.3 | G7: 6.7 | H7: 7.8 | I7: 9.1 | J7: 10.3 | K7: 4.5 | L7: 3.6 | M7: 3.4 | N7: 1.8 | O7: 3 | P7: 1.5 | Q7: 2.9 | R7: 2.4 | S7: 1.6 | T7: 2.4 | U7: 3.5 | V7: 1.5
A8: 3 | B8: Agriculture, forestry, fishing, and hunting | C8: =VLOOKUP(B8,'Table 14'!B:C,2,0) -> 농립어업 및 수렵업 | D8: 26.8 | E8: -10.5 | F8: -5.4 | G8: 14 | H8: -19.8 | I8: 76.6 | J8: 45 | K8: 3.8 | L8: 4.8 | M8: -23.7 | N8: -20.8 | O8: -14.2 | P8: -24.5 | Q8: 2 | R8: -9.7 | S8: 23 | T8: 37.7 | U8: 22.1 | V8: -30.8
A9: 4 | B9: Mining | C9: =VLOOKUP(B9,'Table 14'!B:C,2,0) -> 광업 | D9: 52.4 | E9: -36.3 | F9: -4.5 | G9: 52.6 | H9: 117.4 | I9: 65.1 | J9: 157 | K9: -33.2 | L9: -62.9 | M9: -48.7 | N9: -50.6 | O9: 24.9 | P9: 8.2 | Q9: -13 | R9: 11.4 | S9: -16.7 | T9: -8.4 | U9: 52.3 | V9: -45.7
A10: 5 | B10: Utilities | C10: =VLOOKUP(B10,'Table 14'!B:C,2,0) -> 유틸리티업 | D10: 10.9 | E10: -1.7 | F10: -2.9 | G10: 5.5 | H10: 12.5 | I10: -17.6 | J10: 83.2 | K10: 23.8 | L10: -15.1 | M10: -0.8 | N10: -32 | O10: 43.5 | P10: -27.3 | Q10: 8.5 | R10: 0.1 | S10: -6 | T10: -4.5 | U10: 10.6 | V10: 18.3
A11: 6 | B11: Construction | C11: =VLOOKUP(B11,'Table 14'!B:C,2,0) -> 건설업 | D11: 17.1 | E11: 10 | F11: 1.7 | G11: 11.8 | H11: 27.7 | I11: 6.4 | J11: 23.2 | K11: 28.8 | L11: 20.3 | M11: 4.1 | N11: 2.8 | O11: -0.7 | P11: 5.6 | Q11: 0.5 | R11: 0.6 | S11: 2.6 | T11: -0.7 | U11: 3.5 | V11: -2.7
A12: 7 | B12: Manufacturing | C12: =VLOOKUP(B12,'Table 14'!B:C,2,0) -> 제조업 | D12: 11.4 | E12: 5 | F12: -0.7 | G12: 8.9 | H12: 11.6 | I12: 13.5 | J12: 18.5 | K12: 1.7 | L12: 10.1 | M12: 9.1 | N12: -3.3 | O12: 4 | P12: -2.6 | Q12: 2.1 | R12: -4.7 | S12: -1.6 | T12: 1.4 | U12: -4.3 | V12: -4.8
A13: 8 | B13: Durable goods | C13: =VLOOKUP(B13,'Table 14'!B:C,2,0) -> 내구재 | D13: 8.4 | E13: 7.3 | F13: 2.5 | G13: 3 | H13: 9.1 | I13: 9.7 | J13: 7.9 | K13: 12.9 | L13: 10.1 | M13: 6 | N13: 5.4 | O13: 5.2 | P13: 2.6 | Q13: 4.2 | R13: 0 | S13: 0.3 | T13: -0.5 | U13: 1 | V13: -6.2
A14: 9 | B14: Nondurable goods | C14: =VLOOKUP(B14,'Table 14'!B:C,2,0) -> 비내구재 | D14: 14.7 | E14: 2.6 | F14: -4.2 | G14: 15.9 | H14: 14.3 | I14: 17.8 | J14: 31.2 | K14: -9.3 | L14: 10.1 | M14: 12.6 | N14: -12.2 | O14: 2.7 | P14: -8.2 | Q14: -0.3 | R14: -9.6 | S14: -3.6 | T14: 3.5 | U14: -10.2 | V14: -3.1
A15: 10 | B15: Wholesale trade | C15: =VLOOKUP(B15,'Table 14'!B:C,2,0) -> 도매업 | D15: 14.4 | E15: 5.2 | F15: 4 | G15: 22.8 | H15: 10 | I15: 22.9 | J15: 17.3 | K15: 0.7 | L15: 2 | M15: 4.2 | N15: 8.2 | O15: 7 | P15: 4.5 | Q15: 3.4 | R15: 1.2 | S15: 3.5 | T15: 4.2 | U15: 9 | V15: 28.9
A16: 11 | B16: Retail trade | C16: =VLOOKUP(B16,'Table 14'!B:C,2,0) -> 소매업 | D16: 10.2 | E16: -2.3 | F16: -5.9 | G16: 12.9 | H16: 11.4 | I16: 16.2 | J16: 1.7 | K16: 0.8 | L16: -1.6 | M16: -4.7 | N16: 1.7 | O16: -7.2 | P16: -6.4 | Q16: -12.7 | R16: 1.1 | S16: -6.7 | T16: 1.6 | U16: 7.7 | V16: 16.1
A17: 12 | B17: Transportation and warehousing | C17: =VLOOKUP(B17,'Table 14'!B:C,2,0) -> 운송 및 창고업 | D17: 16.4 | E17: 1.2 | F17: 1.3 | G17: 18 | H17: 16.7 | I17: 24.2 | J17: 14.9 | K17: 9.5 | L17: -0.9 | M17: 3.2 | N17: -4.7 | O17: -5.5 | P17: 2.2 | Q17: 3.5 | R17: 6.1 | S17: 0.9 | T17: -3.7 | U17: 10.7 | V17: -3
... A35: 30 | B35: State and local | C35: =VLOOKUP(B35,'Table 14'!B:C,2,0) -> 주 및 지방 | D35: 1.5 | E35: 5.2 | F35: 4 | G35: 4 | H35: 0.1 | I35: 1 | J35: -1.6 | K35: 3.6 | L35: 6.4 | M35: 7.4 | N35: 5.2 | O35: 4.8 | P35: 3.3 | Q35: 5 | R35: 4.4 | S35: 2 | T35: 2.4 | U35: 2 | V35: 5.1
B36: Addenda: | C36: =VLOOKUP(B36,'Table 14'!B:C,2,0) -> 부록:
A37: 31 | B37: Private goods-producing industries 1 | C37: =VLOOKUP(B37,'Table 14'!B:C,2,0) -> 민간 상품 생산 산업 | D37: 17 | E37: 0.4 | F37: -0.7 | G37: 13 | H37: 20.2 | I37: 19.1 | J37: 31.5 | K37: 3 | L37: 0.6 | M37: -1.8 | N37: -8.4 | O37: 3.2 | P37: -1 | Q37: 0.2 | R37: -2.3 | S37: -0.7 | T37: 1.8 | U37: 3 | V37: -10.1
A38: 32 | B38: Private services-producing industries 2 | C38: =VLOOKUP(B38,'Table 14'!B:C,2,0) -> 민간 서비스 생산 산업 | D38: 5.6 | E38: 4.3 | F38: 3 | G38: 5.2 | H38: 5 | I38: 6.8 | J38: 5.7 | K38: 4.9 | L38: 4.4 | M38: 4.7 | N38: 4.4 | O38: 2.9 | P38: 2.1 | Q38: 3.6 | R38: 3.5 | S38: 2.2 | T38: 2.5 | U38: 3.6 | V38: 4.3
A40: 1. Consists of agriculture, forestry, fishing, and hunting; mining; construction; and manufacturing.
A41: =IF(A40='Table 12'!$A$40,'Table 12'!$A$41) -> 농림어업과 수렵업, 광업, 건설업 및 제조업을 구성됩니다.
A43: 2. Consists of utilities; wholesale trade; retail trade; transportation and warehousing; information; finance, insurance, real estate, rental, and leasing; professional and business services; educational services, health care, and social assistance; arts, entertainment, recreation, accommodation, and food services; and other services, except government.
A44: =IF(A43='Table 12'!$A$43,'Table 12'!$A$44) -> 유틸리티업, 도매업, 소매업, 운송 및 창고업, 정보업, 금융, 보험, 부동산, 임대 및 리스업, 전문 및 경영 서비스, 교육, 보건 및 사회보장 서비스, 예술, 오락, 여가 서비스, 숙박 및 음식점업, 및 기타 서비스; 정부 제외로 구성됩니다.
A46: Source: U.S. Bureau of Economic Analysis

Sheet Table 16
A1: Table 16. Real Gross Output by Industry Group: Percent Change from Preceding Period
A2: =VLOOKUP(A1,Contents!$B:$C,2,0) -> 산업 그룹별 실질 총산출: 전기대비 백분율 변화
A3: Line | D3: 2022 | E3: 2023 | F3: 2024 | G3: Seasonally adjusted at annual rates (연율 계절조정계열) | H3: Seasonally adjusted at annual rates | I3: Seasonally adjusted at annual rates | J3: Seasonally adjusted at annual rates | K3: Seasonally adjusted at annual rates | L3: Seasonally adjusted at annual rates | M3: Seasonally adjusted at annual rates | N3: Seasonally adjusted at annual rates | O3: Seasonally adjusted at annual rates | P3: Seasonally adjusted at annual rates | Q3: Seasonally adjusted at annual rates | R3: Seasonally adjusted at annual rates | S3: Seasonally adjusted at annual rates | T3: Seasonally adjusted at annual rates | U3: Seasonally adjusted at annual rates | V3: Seasonally adjusted at annual rates
A4: Line | D4: 2022 | E4: 2023 | F4: 2024 | G4: 2021 | H4: 2021 | I4: 2022 | J4: 2022 | K4: 2022 | L4: 2022 | M4: 2023 | N4: 2023 | O4: 2023 | P4: 2023 | Q4: 2024 | R4: 2024 | S4: 2024 | T4: 2024 | U4: 2025 | V4: 2025
A5: Line | D5: 2022 | E5: 2023 | F5: 2024 | G5: Q3 | H5: Q4 | I5: Q1 | J5: Q2 | K5: Q3 | L5: Q4 | M5: Q1 | N5: Q2 | O5: Q3 | P5: Q4 | Q5: Q1 | R5: Q2 | S5: Q3 | T5: Q4 | U5: Q1 | V5: Q2
A6: 1 | B6: All Industries | C6: 전산업 | D6: 2.9 | E6: 2.6 | F6: 2.3 | G6: 3.2 | H6: 5.7 | I6: 1.2 | J6: 2.3 | K6: 2.4 | L6: 1.1 | M6: 4 | N6: 2.3 | O6: 3.2 | P6: 2.2 | Q6: 1.9 | R6: 2.2 | S6: 3 | T6: 1.4 | U6: 0.6 | V6: 1.2
A7: 2 | B7: Private industries | C7: =VLOOKUP(B7,'Table 15'!B:C,2,0) -> 민간 산업 | D7: 3.3 | E7: 2.7 | F7: 2.2 | G7: 3.8 | H7: 6.2 | I7: 1.5 | J7: 2.4 | K7: 2.5 | L7: 1.1 | M7: 4.3 | N7: 2.4 | O7: 3.1 | P7: 2.2 | Q7: 1.8 | R7: 2.2 | S7: 2.9 | T7: 1.1 | U7: 0.7 | V7: 1.4
A8: 3 | B8: Agriculture, forestry, fishing, and hunting | C8: =VLOOKUP(B8,'Table 15'!B:C,2,0) -> 농립어업 및 수렵업 | D8: -3.4 | E8: 4.8 | F8: 2.7 | G8: -3.9 | H8: -1.6 | I8: -9.5 | J8: -0.9 | K8: 1.2 | L8: 0.2 | M8: 19.9 | N8: -0.1 | O8: -0.4 | P8: 1.2 | Q8: 12.2 | R8: 0.9 | S8: -4.5 | T8: -0.3 | U8: -11.6 | V8: 0.1
A9: 4 | B9: Mining | C9: =VLOOKUP(B9,'Table 15'!B:C,2,0) -> 광업 | D9: 8.6 | E9: 7.7 | F9: -0.2 | G9: -1.6 | H9: 12.9 | I9: -4.2 | J9: 14.7 | K9: 23.7 | L9: 0.8 | M9: 8.5 | N9: 5 | O9: 6.5 | P9: 1 | Q9: -5.3 | R9: -1.7 | S9: 4.2 | T9: -5 | U9: 3.4 | V9: -0.6
A10: 5 | B10: Utilities | C10: =VLOOKUP(B10,'Table 15'!B:C,2,0) -> 유틸리티업 | D10: 3.3 | E10: -0.8 | F10: 2.2 | G10: 0.1 | H10: -0.8 | I10: 16.9 | J10: 1.7 | K10: -5.9 | L10: -0.8 | M10: -5.7 | N10: 1.7 | O10: 12.2 | P10: -4.5 | Q10: -3.5 | R10: 14.3 | S10: -1.7 | T10: 1.1 | U10: 11.7 | V10: -6.8
A11: 6 | B11: Construction | C11: =VLOOKUP(B11,'Table 15'!B:C,2,0) -> 건설업 | D11: -3.4 | E11: 4.1 | F11: 3.6 | G11: -6.1 | H11: -7.3 | I11: 3 | J11: -3.6 | K11: -6.3 | L11: -3.8 | M11: 7.3 | N11: 11.1 | O11: 11.5 | P11: 10.5 | Q11: -0.3 | R11: -0.5 | S11: -1.7 | T11: 1.5 | U11: 0.7 | V11: -2.4
A12: 7 | B12: Manufacturing | C12: =VLOOKUP(B12,'Table 15'!B:C,2,0) -> 제조업 | D12: -0.2 | E12: 1.5 | F12: 0.1 | G12: -3.3 | H12: 5.9 | I12: 0.2 | J12: -5.7 | K12: 1.4 | L12: 5.1 | M12: -1.4 | N12: 4.2 | O12: 3.2 | P12: -1.1 | Q12: -1.8 | R12: 1.1 | S12: -0.5 | T12: 0.1 | U12: -0.8 | V12: 1.9
A13: 8 | B13: Durable goods | C13: =VLOOKUP(B13,'Table 15'!B:C,2,0) -> 내구재 | D13: 1.5 | E13: 2.1 | F13: -1 | G13: -5.2 | H13: 5.6 | I13: 3.4 | J13: -3.2 | K13: 6.6 | L13: 6 | M13: -4 | N13: 8.1 | O13: 1.1 | P13: -2.2 | Q13: -6.5 | R13: 3.2 | S13: -0.4 | T13: -0.8 | U13: -0.1 | V13: 2.7
A14: 9 | B14: Nondurable goods | C14: =VLOOKUP(B14,'Table 15'!B:C,2,0) -> 비내구재 | D14: -1.7 | E14: 0.9 | F14: 1.3 | G14: -1.4 | H14: 6.2 | I14: -2.9 | J14: -8 | K14: -3.1 | L14: 4.2 | M14: 1.1 | N14: 0.5 | O14: 5.2 | P14: 0 | Q14: 3.2 | R14: -0.8 | S14: -0.6 | T14: 1 | U14: -1.6 | V14: 1
A15: 10 | B15: Wholesale trade | C15: =VLOOKUP(B15,'Table 15'!B:C,2,0) -> 도매업 | D15: 2.5 | E15: -3.8 | F15: -0.9 | G15: -3.7 | H15: 8.2 | I15: 9.4 | J15: -2.5 | K15: -5.1 | L15: -4.3 | M15: -3 | N15: -7.3 | O15: -0.9 | P15: 0.3 | Q15: -3.7 | R15: -0.8 | S15: 6.2 | T15: -1 | U15: 0.8 | V15: -10.7
A16: 11 | B16: Retail trade | C16: =VLOOKUP(B16,'Table 15'!B:C,2,0) -> 소매업 | D16: -0.3 | E16: 3.7 | F16: 6.2 | G16: -11.6 | H16: 4.1 | I16: -0.2 | J16: 5.5 | K16: -2.4 | L16: -0.8 | M16: 9.8 | N16: 0.1 | O16: 9.3 | P16: 5.2 | Q16: 7.9 | R16: 3 | S16: 10.3 | T16: 4.8 | U16: -3.6 | V16: -7.1
A17: 12 | B17: Transportation and warehousing | C17: =VLOOKUP(B17,'Table 15'!B:C,2,0) -> 운송 및 창고업 | D17: 6.4 | E17: -1.1 | F17: 2.1 | G17: 12 | H17: 10 | I17: 3.3 | J17: 11.8 | K17: 0.4 | L17: -7.5 | M17: -5 | N17: 2.7 | O17: 1.4 | P17: 3 | Q17: -0.2 | R17: 2.1 | S17: 4.5 | T17: 4.9 | U17: -3.9 | V17: 2.1
A18: 13 | B18: Information | C18: =VLOOKUP(B18,'Table 15'!B:C,2,0) -> 정보업 | D18: 6.9 | E18: 4 | F18: 4.1 | G18: 8.5 | H18: 12.7 | I18: 6.6 | J18: 5.8 | K18: 0.3 | L18: 1.4 | M18: 6.5 | N18: 3 | O18: 7.7 | P18: 3.2 | Q18: 3.7 | R18: 2 | S18: 8.1 | T18: 1 | U18: 11.3 | V18: 10.1
... A35: 30 | B35: State and local | C35: =VLOOKUP(B35,'Table 15'!B:C,2,0) -> 주 및 지방 | D35: 1.8 | E35: 2.2 | F35: 2.9 | G35: 2.7 | H35: 0.7 | I35: 1.5 | J35: 2.2 | K35: 2.4 | L35: 1.6 | M35: 2 | N35: 2.2 | O35: 3.3 | P35: 2.9 | Q35: 3.2 | R35: 3 | S35: 2 | T35: 2.4 | U35: 2.4 | V35: 1.6
B36: Addenda: | C36: =VLOOKUP(B36,'Table 15'!B:C,2,0) -> 부록:
A37: 31 | B37: Private goods-producing industries 1 | C37: =VLOOKUP(B37,'Table 15'!B:C,2,0) -> 민간 상품 생산 산업 | D37: -0.4 | E37: 2.7 | F37: 1 | G37: -3.8 | H37: 3.1 | I37: -0.2 | J37: -3.5 | K37: 1.5 | L37: 2.5 | M37: 2.2 | N37: 5.4 | O37: 4.9 | P37: 1.7 | Q37: -0.9 | R37: 0.6 | S37: -0.7 | T37: 0 | U37: -0.9 | V37: 0.6
A38: 32 | B38: Private services-producing industries 2 | C38: =VLOOKUP(B38,'Table 15'!B:C,2,0) -> 민간 서비스 생산 산업 | D38: 4.6 | E38: 2.7 | F38: 2.6 | G38: 6.6 | H38: 7.3 | I38: 2.1 | J38: 4.6 | K38: 2.8 | L38: 0.6 | M38: 5.1 | N38: 1.4 | O38: 2.6 | P38: 2.3 | Q38: 2.8 | R38: 2.7 | S38: 4.1 | T38: 1.5 | U38: 1.3 | V38: 1.7
A40: 1. Consists of agriculture, forestry, fishing, and hunting; mining; construction; and manufacturing.
A41: =IF(A40='Table 12'!$A$40,'Table 12'!$A$41) -> 농림어업과 수렵업, 광업, 건설업 및 제조업을 구성됩니다.
A43: 2. Consists of utilities; wholesale trade; retail trade; transportation and warehousing; information; finance, insurance, real estate, rental, and leasing; professional and business services; educational services, health care, and social assistance; arts, entertainment, recreation, accommodation, and food services; and other services, except government.
A44: =IF(A43='Table 12'!$A$43,'Table 12'!$A$44) -> 유틸리티업, 도매업, 소매업, 운송 및 창고업, 정보업, 금융, 보험, 부동산, 임대 및 리스업, 전문 및 경영 서비스, 교육, 보건 및 사회보장 서비스, 예술, 오락, 여가 서비스, 숙박 및 음식점업, 및 기타 서비스; 정부 제외로 구성됩니다.
A46: Source: U.S. Bureau of Economic Analysis

Sheet Table 17
A1: Table 17. Gross Output by Industry Group: Level and Change from Preceding Period
A2: =VLOOKUP(A1,Contents!$B:$C,2,0) -> 산업 그룹별 총산출: 전기대비 수준 및 변화
A3: Line | D3: Billions of dollars (십억 달러) | E3: Billions of dollars | F3: Billions of dollars | G3: Billions of dollars | H3: Billions of dollars | I3: Billions of dollars | J3: Billions of chained (2017) dollars (2017년 연쇄 십억 달러) | K3: Billions of chained (2017) dollars | L3: Billions of chained (2017) dollars | M3: Billions of chained (2017) dollars | N3: Billions of chained (2017) dollars | O3: Billions of chained (2017) dollars | P3: Billions of chained (2017) dollars | Q3: Billions of chained (2017) dollars | R3: Billions of chained (2017) dollars
A4: Line | D4: 2024 | E4: Seasonally adjusted at annual rates (연율 계절조정계열) | F4: Seasonally adjusted at annual rates | G4: Seasonally adjusted at annual rates | H4: Seasonally adjusted at annual rates | I4: Seasonally adjusted at annual rates | J4: 2024 | K4: Seasonally adjusted at annual rates (연율 계절조정계열) | L4: Seasonally adjusted at annual rates | M4: Seasonally adjusted at annual rates | N4: Seasonally adjusted at annual rates | O4: Seasonally adjusted at annual rates | P4: Change from preceding period (전기대비 변화) | Q4: Change from preceding period | R4: Change from preceding period
A5: Line | D5: 2024 | E5: 2024 | F5: 2024 | G5: 2024 | H5: 2025 | I5: 2025 | J5: 2024 | K5: 2024 | L5: 2024 | M5: 2024 | N5: 2025 | O5: 2025 | P5: 2024 | Q5: 2025 | R5: 2025
A6: Line | D6: 2024 | E6: Q2 | F6: Q3 | G6: Q4 | H6: Q1 | I6: Q2 | J6: 2024 | K6: Q2 | L6: Q3 | M6: Q4 | N6: Q1 | O6: Q2 | P6: 2024 | Q6: Q1 | R6: Q2
A7: 1 | B7: All Industries | C7: =VLOOKUP(B7,'Table 16'!B:C,2,0) -> 전산업 | D7: 50736.6 | E7: 50436.2 | F7: 51073.3 | G7: 51617.4 | H7: 52155.4 | I7: 52563.4 | J7: 40405.8 | K7: 40278.8 | L7: 40575.8 | M7: 40712.4 | N7: 40770.7 | O7: 40890.4 | P7: 911.7 | Q7: 58.3 | R7: 119.7
A8: 2 | B8: Private industries | C8: =VLOOKUP(B8,'Table 16'!B:C,2,0) -> 민간 산업 | D8: 45309.1 | E8: 45046.4 | F8: 45611 | G8: 46083.2 | H8: 46569.4 | I8: 46939.5 | J8: 36158.1 | K8: 36050.1 | L8: 36311.4 | M8: 36413.7 | N8: 36481.4 | O8: 36609.5 | P8: 794.2 | Q8: 67.7 | R8: 128
A9: 3 | B9: Agriculture, forestry, fishing, and hunting | C9: =VLOOKUP(B9,'Table 16'!B:C,2,0) -> 농립어업 및 수렵업 | D9: 633.8 | E9: 626.3 | F9: 630.1 | G9: 649.8 | H9: 652.1 | I9: 632.4 | J9: 475.3 | K9: 478.4 | L9: 473 | M9: 472.7 | N9: 458.3 | O9: 458.4 | P9: 12.4 | Q9: -14.3 | R9: 0.1
A10: 4 | B10: Mining | C10: =VLOOKUP(B10,'Table 16'!B:C,2,0) -> 광업 | D10: 706.4 | E10: 716.9 | F10: 706.6 | G10: 694.6 | H10: 756 | I10: 686.5 | J10: 592.6 | K10: 590.8 | L10: 596.9 | M10: 589.3 | N10: 594.3 | O10: 593.4 | P10: -1.2 | Q10: 5 | R10: -0.9
A11: 5 | B11: Utilities | C11: =VLOOKUP(B11,'Table 16'!B:C,2,0) -> 유틸리티업 | D11: 643.3 | E11: 650.7 | F11: 643.5 | G11: 645.3 | H11: 685.6 | I11: 685 | J11: 514.2 | K11: 519.3 | L11: 517.1 | M11: 518.4 | N11: 533 | O11: 523.6 | P11: 11 | Q11: 14.5 | R11: -9.3
A12: 6 | B12: Construction | C12: =VLOOKUP(B12,'Table 16'!B:C,2,0) -> 건설업 | D12: 2511.5 | E12: 2506.6 | F12: 2509.7 | G12: 2529 | H12: 2554.4 | I12: 2548.8 | J12: 1738.2 | K12: 1739.8 | L12: 1732.3 | M12: 1738.8 | N12: 1741.6 | O12: 1731.1 | P12: 61.2 | Q12: 2.8 | R12: -10.5
A13: 7 | B13: Manufacturing | C13: =VLOOKUP(B13,'Table 16'!B:C,2,0) -> 제조업 | D13: 7134.6 | E13: 7140.2 | F13: 7130.6 | G13: 7152.4 | H13: 7180.8 | I13: 7208.1 | J13: 5587.9 | K13: 5595 | L13: 5588.4 | M13: 5589.3 | N13: 5577.5 | O13: 5603.7 | P13: 8.2 | Q13: -11.8 | R13: 26.2
A14: 8 | B14: Durable goods | C14: =VLOOKUP(B14,'Table 16'!B:C,2,0) -> 내구재 | D14: 3564.9 | E14: 3572.1 | F14: 3571.9 | G14: 3580.2 | H14: 3604.7 | I14: 3676.8 | J14: 2829.1 | K14: 2837.5 | L14: 2834.8 | M14: 2828.8 | N14: 2827.9 | O14: 2847.1 | P14: -28.4 | Q14: -0.9 | R14: 19.2
A15: 9 | B15: Nondurable goods | C15: =VLOOKUP(B15,'Table 16'!B:C,2,0) -> 비내구재 | D15: 3569.7 | E15: 3568.1 | F15: 3558.8 | G15: 3572.3 | H15: 3576.1 | I15: 3531.3 | J15: 2763.9 | K15: 2762.7 | L15: 2758.8 | M15: 2765.5 | N15: 2754.7 | O15: 2761.8 | P15: 35.2 | Q15: -10.8 | R15: 7.1
A16: 10 | B16: Wholesale trade | C16: =VLOOKUP(B16,'Table 16'!B:C,2,0) -> 도매업 | D16: 2939.5 | E16: 2901.5 | F16: 2970.4 | G16: 2997.1 | H16: 3050.3 | I16: 3086.8 | J16: 2150.3 | K16: 2134.3 | L16: 2166.6 | M16: 2161.3 | N16: 2165.8 | O16: 2105.4 | P16: -20 | Q16: 4.5 | R16: -60.4
A17: 11 | B17: Retail trade | C17: =VLOOKUP(B17,'Table 16'!B:C,2,0) -> 소매업 | D17: 2834 | E17: 2808.2 | F17: 2851.3 | G17: 2902.5 | H17: 2914.3 | I17: 2934.4 | J17: 2288.7 | K17: 2257.9 | L17: 2314 | M17: 2341.5 | N17: 2320.3 | O17: 2277.7 | P17: 134.1 | Q17: -21.2 | R17: -42.6
A18: 12 | B18: Transportation and warehousing | C18: =VLOOKUP(B18,'Table 16'!B:C,2,0) -> 운송 및 창고업 | D18: 1821.2 | E18: 1809.7 | F18: 1836.9 | G18: 1859.2 | H18: 1873.4 | I18: 1876.1 | J18: 1376 | K18: 1366 | L18: 1381.1 | M18: 1397.9 | N18: 1384.2 | O18: 1391.5 | P18: 28.8 | Q18: -13.7 | R18: 7.3
... A36: 30 | B36: State and local | C36: =VLOOKUP(B36,'Table 16'!B:C,2,0) -> 주 및 지방 | D36: 3795.3 | E36: 3778.8 | F36: 3813.4 | G36: 3853.8 | H36: 3911.8 | I36: 3941.6 | J36: 2964.1 | K36: 2957.8 | L36: 2972.4 | M36: 2990.4 | N36: 3007.8 | O36: 3019.7 | P36: 82.3 | Q36: 17.4 | R36: 11.9
B37: Addenda: | C37: =VLOOKUP(B37,'Table 16'!B:C,2,0) -> 부록:
A38: 31 | B38: Private goods-producing industries 1 | C38: =VLOOKUP(B38,'Table 16'!B:C,2,0) -> 민간 상품 생산 산업 | D38: 10986.4 | E38: 10990 | F38: 10977.1 | G38: 11026 | H38: 11143.3 | I38: 11075.8 | J38: 8423.8 | K38: 8433.8 | L38: 8419.5 | M38: 8420.4 | N38: 8401.5 | O38: 8414.7 | P38: 86.9 | Q38: -18.9 | R38: 13.1
A39: 32 | B39: Private services-producing industries 2 | C39: =VLOOKUP(B39,'Table 16'!B:C,2,0) -> 민간 서비스 생산 산업 | D39: 34322.7 | E39: 34056.4 | F39: 34633.8 | G39: 35057.3 | H39: 35426.1 | I39: 35863.6 | J39: 27773 | K39: 27652.8 | L39: 27933.4 | M39: 28036.4 | N39: 28124.8 | O39: 28240.6 | P39: 715.1 | Q39: 88.4 | R39: 115.8
A41: 1. Consists of agriculture, forestry, fishing, and hunting; mining; construction; and manufacturing.
A42: =IF(A41='Table 12'!$A$40,'Table 12'!$A$41) -> 농림어업과 수렵업, 광업, 건설업 및 제조업을 구성됩니다.
A44: 2. Consists of utilities; wholesale trade; retail trade; transportation and warehousing; information; finance, insurance, real estate, rental, and leasing; professional and business services; educational services, health care, and social assistance; arts, entertainment, recreation, accommodation, and food services; and other services, except government.
A45: =IF(A44='Table 12'!$A$43,'Table 12'!$A$44) -> 유틸리티업, 도매업, 소매업, 운송 및 창고업, 정보업, 금융, 보험, 부동산, 임대 및 리스업, 전문 및 경영 서비스, 교육, 보건 및 사회보장 서비스, 예술, 오락, 여가 서비스, 숙박 및 음식점업, 및 기타 서비스; 정부 제외로 구성됩니다.
A47: Source: U.S. Bureau of Economic Analysis

Sheet Table 18
A1: Table 18. Price Indexes for Gross Output by Industry Group: Percent Change from Preceding Period
A2: =VLOOKUP(A1,Contents!$B:$C,2,0) -> 산업 그룹별 총산출에 대한 물가지수: 전기대비 백분율 변화
A3: Line | D3: 2022 | E3: 2023 | F3: 2024 | G3: Seasonally adjusted at annual rates (연율 계절조정계열) | H3: Seasonally adjusted at annual rates | I3: Seasonally adjusted at annual rates | J3: Seasonally adjusted at annual rates | K3: Seasonally adjusted at annual rates | L3: Seasonally adjusted at annual rates | M3: Seasonally adjusted at annual rates | N3: Seasonally adjusted at annual rates | O3: Seasonally adjusted at annual rates | P3: Seasonally adjusted at annual rates | Q3: Seasonally adjusted at annual rates | R3: Seasonally adjusted at annual rates | S3: Seasonally adjusted at annual rates | T3: Seasonally adjusted at annual rates | U3: Seasonally adjusted at annual rates | V3: Seasonally adjusted at annual rates
A4: Line | D4: 2022 | E4: 2023 | F4: 2024 | G4: 2021 | H4: 2021 | I4: 2022 | J4: 2022 | K4: 2022 | L4: 2022 | M4: 2023 | N4: 2023 | O4: 2023 | P4: 2023 | Q4: 2024 | R4: 2024 | S4: 2024 | T4: 2024 | U4: 2025 | V4: 2025
A5: Line | D5: 2022 | E5: 2023 | F5: 2024 | G5: Q3 | H5: Q4 | I5: Q1 | J5: Q2 | K5: Q3 | L5: Q4 | M5: Q1 | N5: Q2 | O5: Q3 | P5: Q4 | Q5: Q1 | R5: Q2 | S5: Q3 | T5: Q4 | U5: Q1 | V5: Q2
A6: 1 | B6: All Industries | C6: =VLOOKUP(B6,'Table 17'!B:C,2,0) -> 전산업 | D6: 8.3 | E6: 1.5 | F6: 2.2 | G6: 8.5 | H6: 8.1 | I6: 10.6 | J6: 11.4 | K6: 2.6 | L6: 0.2 | M6: 0.6 | N6: -0.6 | O6: 2.9 | P6: 1.1 | Q6: 2.8 | R6: 2.7 | S6: 2.1 | T6: 2.9 | U6: 3.6 | V6: 2
A7: 2 | B7: Private industries | C7: =VLOOKUP(B7,'Table 17'!B:C,2,0) -> 민간 산업 | D7: 8.4 | E7: 1.3 | F7: 2.1 | G7: 8.6 | H7: 8.3 | I7: 10.9 | J7: 11.4 | K7: 2.6 | L7: 0 | M7: 0.4 | N7: -0.7 | O7: 2.5 | P7: 1 | Q7: 2.6 | R7: 2.8 | S7: 2.1 | T7: 3 | U7: 3.5 | V7: 1.8
A8: 3 | B8: Agriculture, forestry, fishing, and hunting | C8: =VLOOKUP(B8,'Table 17'!B:C,2,0) -> 농립어업 및 수렵업 | D8: 23.9 | E8: -5.2 | F8: -3.2 | G8: 17.4 | H8: 0.4 | I8: 50.2 | J8: 34.3 | K8: 6.9 | L8: 2.5 | M8: -17 | N8: -13 | O8: -4 | P8: -10 | Q8: -4.2 | R8: -2.7 | S8: 7.3 | T8: 13.4 | U8: 14.7 | V8: -11.6
A9: 4 | B9: Mining | C9: =VLOOKUP(B9,'Table 17'!B:C,2,0) -> 광업 | D9: 33.7 | E9: -24.4 | F9: -2.3 | G9: 39.9 | H9: 69 | I9: 35.9 | J9: 88.7 | K9: -18.6 | L9: -47.2 | M9: -34.4 | N9: -37.4 | O9: 15.2 | P9: 5.7 | Q9: -8 | R9: 7.2 | S9: -9.4 | T9: -1.7 | U9: 35.7 | V9: -31.6
A10: 5 | B10: Utilities | C10: =VLOOKUP(B10,'Table 17'!B:C,2,0) -> 유틸리티업 | D10: 13.9 | E10: -6.9 | F10: -2.5 | G10: 15 | H10: 19.5 | I10: -9.8 | J10: 73.5 | K10: 18.4 | L10: -21.8 | M10: -11.7 | N10: -32.6 | O10: 36.7 | P10: -20 | Q10: 4.7 | R10: -2.7 | S10: -2.8 | T10: 0 | U10: 14.1 | V10: 7
A11: 6 | B11: Construction | C11: =VLOOKUP(B11,'Table 17'!B:C,2,0) -> 건설업 | D11: 14.9 | E11: 4.2 | F11: 1.4 | G11: 11.7 | H11: 18.2 | I11: 16.6 | J11: 17.5 | K11: 11.2 | L11: 7.8 | M11: 0.9 | N11: -0.7 | O11: 0.8 | P11: 2.9 | Q11: 0.8 | R11: 1.4 | S11: 2.2 | T11: 1.6 | U11: 3.4 | V11: 1.6
A12: 7 | B12: Manufacturing | C12: =VLOOKUP(B12,'Table 17'!B:C,2,0) -> 제조업 | D12: 13.3 | E12: -1.3 | F12: -0.3 | G12: 16.4 | H12: 13.7 | I12: 17.7 | J12: 21.6 | K12: -3.6 | L12: -3.8 | M12: -1.6 | N12: -5.4 | O12: 1.5 | P12: -1.5 | Q12: 0.3 | R12: 0.3 | S12: -0.1 | T12: 1.2 | U12: 2.5 | V12: -0.4
A13: 8 | B13: Durable goods | C13: =VLOOKUP(B13,'Table 17'!B:C,2,0) -> 내구재 | D13: 8.7 | E13: 1.8 | F13: 1.5 | G13: 12.1 | H13: 10 | I13: 11 | J13: 9 | K13: 0.8 | L13: -0.4 | M13: 3 | N13: 2 | O13: 0.8 | P13: 0.3 | Q13: 3.5 | R13: 1 | S13: 0.4 | T13: 1.8 | U13: 2.9 | V13: 5.4
A14: 9 | B14: Nondurable goods | C14: =VLOOKUP(B14,'Table 17'!B:C,2,0) -> 비내구재 | D14: 17.8 | E14: -4.2 | F14: -2 | G14: 20.6 | H14: 17.3 | I14: 24.4 | J14: 34.3 | K14: -7.4 | L14: -6.9 | M14: -5.7 | N14: -12.1 | O14: 2.2 | P14: -3.2 | Q14: -2.8 | R14: -0.4 | S14: -0.5 | T14: 0.5 | U14: 2 | V14: -5.9
A15: 10 | B15: Wholesale trade | C15: =VLOOKUP(B15,'Table 17'!B:C,2,0) -> 도매업 | D15: 10.9 | E15: 3.3 | F15: 3.6 | G15: 15.6 | H15: 8.3 | I15: 16.7 | J15: 12.4 | K15: 1.9 | L15: 0.6 | M15: 2.5 | N15: 4 | O15: 4.8 | P15: 3.3 | Q15: 3.6 | R15: 2.6 | S15: 3.5 | T15: 4.7 | U15: 6.4 | V15: 17.4
A16: 11 | B16: Retail trade | C16: =VLOOKUP(B16,'Table 17'!B:C,2,0) -> 소매업 | D16: 8.8 | E16: -1.3 | F16: -3.1 | G16: 10.2 | H16: 9 | I16: 13.4 | J16: 4.3 | K16: 2.1 | L16: -1.4 | M16: -3.3 | N16: 0 | O16: -3.9 | P16: -4.1 | Q16: -7.3 | R16: 2 | S16: -3.6 | T16: 2.4 | U16: 5.4 | V16: 10.7
A17: 12 | B17: Transportation and warehousing | C17: =VLOOKUP(B17,'Table 17'!B:C,2,0) -> 운송 및 창고업 | D17: 14.7 | E17: -1.6 | F17: 1.8 | G17: 18.9 | H17: 16.4 | I17: 20.9 | J17: 15 | K17: 2.9 | L17: -4 | M17: -2.1 | N17: -7.8 | O17: -1.6 | P17: 2.8 | Q17: 3.7 | R17: 4.8 | S17: 1.6 | T17: 0 | U17: 7.2 | V17: -1.5
... A35: 30 | B35: State and local | C35: =VLOOKUP(B35,'Table 17'!B:C,2,0) -> 주 및 지방 | D35: 7.1 | E35: 1.9 | F35: 2.4 | G35: 8.1 | H35: 6 | I35: 8.2 | J35: 11.4 | K35: 1.7 | L35: 2.2 | M35: 0.6 | N35: -1.5 | O35: 5.8 | P35: 1.1 | Q35: 3.9 | R35: 1.6 | S35: 1.7 | T35: 1.8 | U35: 3.7 | V35: 1.5
B36: Addenda: | C36: =VLOOKUP(B36,'Table 17'!B:C,2,0) -> 부록:
A37: 31 | B37: Private goods-producing industries 1 | C37: =VLOOKUP(B37,'Table 17'!B:C,2,0) -> 민간 상품 생산 산업 | D37: 15.6 | E37: -2.4 | F37: -0.2 | G37: 16.9 | H37: 17 | I37: 20.5 | J37: 26 | K37: -1.6 | L37: -5.8 | M37: -4.9 | N37: -7.5 | O37: 1.9 | P37: -0.6 | Q37: -0.4 | R37: 0.8 | S37: 0.2 | T37: 1.8 | U37: 5.3 | V37: -3
A38: 32 | B38: Private services-producing industries 2 | C38: =VLOOKUP(B38,'Table 17'!B:C,2,0) -> 민간 서비스 생산 산업 | D38: 6 | E38: 2.7 | F38: 2.9 | G38: 5.9 | H38: 5.5 | I38: 7.8 | J38: 6.6 | K38: 4.1 | L38: 2.1 | M38: 2.3 | N38: 1.8 | O38: 2.7 | P38: 1.6 | Q38: 3.6 | R38: 3.5 | S38: 2.7 | T38: 3.5 | U38: 3 | V38: 3.3
A40: 1. Consists of agriculture, forestry, fishing, and hunting; mining; construction; and manufacturing.
A41: =IF(A40='Table 12'!$A$40,'Table 12'!$A$41) -> 농림어업과 수렵업, 광업, 건설업 및 제조업을 구성됩니다.
A43: 2. Consists of utilities; wholesale trade; retail trade; transportation and warehousing; information; finance, insurance, real estate, rental, and leasing; professional and business services; educational services, health care, and social assistance; arts, entertainment, recreation, accommodation, and food services; and other services, except government.
A44: =IF(A43='Table 12'!$A$43,'Table 12'!$A$44) -> 유틸리티업, 도매업, 소매업, 운송 및 창고업, 정보업, 금융, 보험, 부동산, 임대 및 리스업, 전문 및 경영 서비스, 교육, 보건 및 사회보장 서비스, 예술, 오락, 여가 서비스, 숙박 및 음식점업, 및 기타 서비스; 정부 제외로 구성됩니다.
A46: Source: U.S. Bureau of Economic Analysis

Sheet Appendix Table A
A1: Appendix Table A. Real Gross Domestic Product and Related Aggregates: Percent Change from Preceding Period and Contributions to Percent Change
A2: =VLOOKUP(A1,Contents!$B:$C,2,0) -> 실질 국내총생산 및 관련 집계: 전기대비 백분율 변화 및 백분율 변화 기여도
A4: Line | D4: 2022 | E4: 2023 | F4: 2024 | G4: Seasonally adjusted at annual rates (연율 계절조정계열) | H4: Seasonally adjusted at annual rates | I4: Seasonally adjusted at annual rates | J4: Seasonally adjusted at annual rates | K4: Seasonally adjusted at annual rates | L4: Seasonally adjusted at annual rates | M4: Seasonally adjusted at annual rates | N4: Seasonally adjusted at annual rates | O4: Seasonally adjusted at annual rates | P4: Seasonally adjusted at annual rates | Q4: Seasonally adjusted at annual rates | R4: Seasonally adjusted at annual rates | S4: Seasonally adjusted at annual rates | T4: Seasonally adjusted at annual rates | U4: Seasonally adjusted at annual rates | V4: Seasonally adjusted at annual rates
A5: Line | D5: 2022 | E5: 2023 | F5: 2024 | G5: 2021 | H5: 2021 | I5: 2022 | J5: 2022 | K5: 2022 | L5: 2022 | M5: 2023 | N5: 2023 | O5: 2023 | P5: 2023 | Q5: 2024 | R5: 2024 | S5: 2024 | T5: 2024 | U5: 2025 | V5: 2025
A6: Line | D6: 2022 | E6: 2023 | F6: 2024 | G6: Q3 | H6: Q4 | I6: Q1 | J6: Q2 | K6: Q3 | L6: Q4 | M6: Q1 | N6: Q2 | O6: Q3 | P6: Q4 | Q6: Q1 | R6: Q2 | S6: Q3 | T6: Q4 | U6: Q1 | V6: Q2
B7: Percent change from preceding period (전기대비 백분율 변화)
B8: Gross domestic product (GDP) and related aggregates: | C8: 국내총생산 및 관련 집계:
A9: 1 | B9: GDP | C9: 국내총생산 | D9: 2.5 | E9: 2.9 | F9: 2.8 | G9: 3.3 | H9: 7 | I9: -1 | J9: 0.6 | K9: 2.9 | L9: 2.8 | M9: 2.9 | N9: 2.5 | O9: 4.7 | P9: 3.4 | Q9: 0.8 | R9: 3.6 | S9: 3.3 | T9: 1.9 | U9: -0.6 | V9: 3.8
A10: 2 | B10: Goods | C10: 상품 | D10: 3.1 | E10: 2.7 | F10: 2.1 | G10: 0.8 | H10: 17.1 | I10: -3 | J10: -2.9 | K10: 4.6 | L10: 5.5 | M10: 0.5 | N10: 1 | O10: 6.4 | P10: 3 | Q10: -4.9 | R10: 6.9 | S10: 5.2 | T10: 1.1 | U10: -1.3 | V10: 10.2
A11: 3 | B11: Services | C11: 서비스 | D11: 3.3 | E11: 3 | F11: 3.1 | G11: 5.6 | H11: 3.7 | I11: 0.2 | J11: 3.4 | K11: 3.9 | L11: 3 | M11: 3.3 | N11: 1.8 | O11: 3.2 | P11: 2.9 | Q11: 3.7 | R11: 2.8 | S11: 3.2 | T11: 2.4 | U11: -0.1 | V11: 2
A12: 4 | B12: Structures | C12: 구조물 | D12: -4.4 | E12: 3.3 | F12: 3.3 | G12: -2.9 | H12: -3.3 | I12: -1.8 | J12: -5.2 | K12: -9 | L12: -7.6 | M12: 9.3 | N12: 13.1 | O12: 9.4 | P12: 8.4 | Q12: 1.7 | R12: -1.8 | S12: -1.7 | T12: 0.5 | U12: -2 | V12: -4
A13: 5 | B13: Motor vehicle output | C13: 차량 생산 | D13: -0.3 | E13: 7.4 | F13: -1.1 | G13: -38.8 | H13: 30 | I13: -2 | J13: 3.7 | K13: 14.4 | L13: -0.7 | M13: 25.1 | N13: 11 | O13: -5.9 | P13: -20.2 | Q13: 13.6 | R13: 8.4 | S13: -12.9 | T13: 5.5 | U13: -12.8 | V13: 24.3
A14: 6 | B14: GDP excluding motor vehicle output | C14: 국내총생산; 차량 생산 제외 | D14: 2.6 | E14: 2.8 | F14: 2.9 | G14: 4.8 | H14: 6.5 | I14: -1 | J14: 0.6 | K14: 2.6 | L14: 2.9 | M14: 2.4 | N14: 2.3 | O14: 5 | P14: 4.2 | Q14: 0.5 | R14: 3.5 | S14: 3.8 | T14: 1.8 | U14: -0.3 | V14: 3.4
A15: 7 | B15: Nonfarm business gross value added 1 | C15: 비농업 총부가가치 | D15: 2.5 | E15: 3.1 | F15: 2.9 | G15: 3.6 | H15: 8.6 | I15: -2.2 | J15: -0.1 | K15: 2.9 | L15: 3.1 | M15: 2.9 | N15: 2.9 | O15: 5.5 | P15: 3.7 | Q15: 0.2 | R15: 4 | S15: 3.9 | T15: 1.7 | U15: -0.9 | V15: 5.2
B16: Contributions to percent change in real gross domestic product (실질 국내총생산 백분율 변화 기여도)
B17: Percent change at annual rate: | C17: 연율 백분율 변화:
A18: 8 | B18: Gross domestic product | C18: 국내총생산 | D18: 2.5 | E18: 2.9 | F18: 2.8 | G18: 3.3 | H18: 7 | I18: -1 | J18: 0.6 | K18: 2.9 | L18: 2.8 | M18: 2.9 | N18: 2.5 | O18: 4.7 | P18: 3.4 | Q18: 0.8 | R18: 3.6 | S18: 3.3 | T18: 1.9 | U18: -0.6 | V18: 3.8
B19: Percentage points at annual rates: | C19: 연율 퍼센트 포인트:
A20: 9 | B20: Goods | C20: 상품 | D20: 0.97 | E20: 0.84 | F20: 0.65 | G20: 0.31 | H20: 5.11 | I20: -0.94 | J20: -0.9 | K20: 1.44 | L20: 1.73 | M20: 0.18 | N20: 0.34 | O20: 1.96 | P20: 0.93 | Q20: -1.52 | R20: 2.02 | S20: 1.54 | T20: 0.33 | U20: -0.39 | V20: 2.95
A21: 10 | B21: Services | C21: 서비스 | D21: 1.95 | E21: 1.8 | F21: 1.85 | G21: 3.31 | H21: 2.23 | I21: 0.08 | J21: 2.01 | K21: 2.32 | L21: 1.75 | M21: 1.97 | N21: 1.11 | O21: 1.92 | P21: 1.74 | Q21: 2.21 | R21: 1.73 | S21: 1.95 | T21: 1.48 | U21: -0.09 | V21: 1.24
A22: 11 | B22: Structures | C22: 구조물 | D22: -0.4 | E22: 0.29 | F22: 0.29 | G22: -0.28 | H22: -0.29 | I22: -0.16 | J22: -0.48 | K22: -0.84 | L22: -0.69 | M22: 0.78 | N22: 1.09 | O22: 0.81 | P22: 0.74 | Q22: 0.16 | R22: -0.16 | S22: -0.15 | T22: 0.04 | U22: -0.17 | V22: -0.35
A23: 12 | B23: Motor vehicle output | C23: 차량 생산 | D23: -0.01 | E23: 0.2 | F23: -0.03 | G23: -1.26 | H23: 0.67 | I23: -0.05 | J23: 0.1 | K23: 0.36 | L23: -0.02 | M23: 0.62 | N23: 0.3 | O23: -0.17 | P23: -0.61 | Q23: 0.33 | R23: 0.21 | S23: -0.35 | T23: 0.13 | U23: -0.34 | V23: 0.54
A25: 1. Consists of GDP less gross value added of farm, of households and institutions, and of general government.
A26: 농장, 가계 및 기관, 및 일반정부의 총부가가치를 차감한 국내총생산으로 구성됩니다.
A28: Source: U.S. Bureau of Economic Analysis

Sheet Appendix Table B
A1: Appendix Table B. Not Seasonally Adjusted Real Gross Domestic Product: Level and Percent Change from Quarter One Year Ago
A2: =VLOOKUP(A1,Contents!$B:$C,2,0) -> 실질 국내총생산, 원계열: 전년동기대비 수준 및 백분율 변화
A3: Line | D3: Billions of chained (2017) dollars at quarterly rates (분기율 2017년 연쇄 십억 달러) | E3: Billions of chained (2017) dollars at quarterly rates | F3: Billions of chained (2017) dollars at quarterly rates | G3: Billions of chained (2017) dollars at quarterly rates | H3: Billions of chained (2017) dollars at quarterly rates | I3: Billions of chained (2017) dollars at quarterly rates | J3: Billions of chained (2017) dollars at quarterly rates | K3: Billions of chained (2017) dollars at quarterly rates | L3: Billions of chained (2017) dollars at quarterly rates | M3: Billions of chained (2017) dollars at quarterly rates | N3: Percent change from quarter one year ago (전년동기대비 백분율 변화) | O3: Percent change from quarter one year ago | P3: Percent change from quarter one year ago | Q3: Percent change from quarter one year ago | R3: Percent change from quarter one year ago | S3: Percent change from quarter one year ago | T3: Percent change from quarter one year ago | U3: Percent change from quarter one year ago | V3: Percent change from quarter one year ago
A4: Line | D4: 2023 | E4: 2023 | F4: 2023 | G4: 2023 | H4: 2024 | I4: 2024 | J4: 2024 | K4: 2024 | L4: 2025 | M4: 2025 | N4: 2023 | O4: 2023 | P4: 2023 | Q4: 2024 | R4: 2024 | S4: 2024 | T4: 2024 | U4: 2025 | V4: 2025
A5: Line | D5: Q1 | E5: Q2 | F5: Q3 | G5: Q4 | H5: Q1 | I5: Q2 | J5: Q3 | K5: Q4 | L5: Q1 | M5: Q2 | N5: Q2 | O5: Q3 | P5: Q4 | Q5: Q1 | R5: Q2 | S5: Q3 | T5: Q4 | U5: Q1 | V5: Q2
A6: 1 | B6: Gross domestic product (GDP) | C6: 국내총생산 | D6: 5488.9 | E6: 5655.8 | F6: 5731.9 | G6: 5847.1 | H6: 5647.3 | I6: 5829.4 | J6: 5884.6 | K6: 5997.2 | L6: 5776.7 | M6: 5943.4 | N6: 2.9 | O6: 3.2 | P6: 3.1 | Q6: 2.9 | R6: 3.1 | S6: 2.7 | T6: 2.6 | U6: 2.3 | V6: 2
A7: 2 | B7: Personal consumption expenditures | C7: 개인소비지출 | D7: 3766.5 | E7: 3901.8 | F7: 3911.8 | G7: 4047.7 | H7: 3869.2 | I7: 4005.6 | J7: 4025.3 | K7: 4188.5 | L7: 3967.1 | M7: 4110.7 | N7: 2.3 | O7: 2.5 | P7: 2.8 | Q7: 2.7 | R7: 2.7 | S7: 2.9 | T7: 3.5 | U7: 2.5 | V7: 2.6
A8: 3 | B8: Gross private domestic investment | C8: 민간국내총투자 | D8: 1016 | E8: 1039.9 | F8: 1107.2 | G8: 1056.4 | H8: 1050.4 | I8: 1097.9 | J8: 1139.3 | K8: 1058.9 | L8: 1129.9 | M8: 1094.3 | N8: 0.6 | O8: 2.3 | P8: 2.9 | Q8: 3.4 | R8: 5.6 | S8: 2.9 | T8: 0.2 | U8: 7.6 | V8: -0.3
A9: 4 | B9: Net exports of goods and services | C9: 상품 및 서비스 순수출 | D9: -208.1 | E9: -234.4 | F9: -252.2 | G9: -230.4 | H9: -220.4 | I9: -260.5 | J9: -289.5 | K9: -262.1 | L9: -315.4 | M9: -266.4 | N9: .... | O9: .... | P9: .... | Q9: .... | R9: .... | S9: .... | T9: .... | U9: .... | V9: ....
A10: 5 | B10: Exports | C10: 수출 | D10: 620.1 | E10: 631.8 | F10: 633.7 | G10: 655.5 | H10: 634 | I10: 656.4 | J10: 665.5 | K10: 677.7 | L10: 645.3 | M10: 665.8 | N10: 2.7 | O10: 0.2 | P10: 1.8 | Q10: 2.2 | R10: 3.9 | S10: 5 | T10: 3.4 | U10: 1.8 | V10: 1.4
A11: 6 | B11: Imports | C11: 수입 | D11: 828.2 | E11: 866.2 | F11: 885.8 | G11: 885.9 | H11: 854.5 | I11: 917 | J11: 955 | K11: 939.7 | L11: 960.8 | M11: 932.1 | N11: -2.8 | O11: -1.4 | P11: 1.5 | Q11: 3.2 | R11: 5.9 | S11: 7.8 | T11: 6.1 | U11: 12.4 | V11: 1.7
A12: 7 | B12: Government consumption expenditures and gross investment | C12: 정부소비지출 및 총투자 | D12: 914.8 | E12: 947.9 | F12: 964.5 | G12: 973.5 | H12: 948.7 | I12: 983.9 | J12: 1004.7 | K12: 1008 | L12: 988.1 | M12: 1002.1 | N12: 2.8 | O12: 4.8 | P12: 4.4 | Q12: 3.7 | R12: 3.8 | S12: 4.2 | T12: 3.6 | U12: 4.2 | V12: 1.8
B13: Addenda: | C13: 부록:
B14: Current dollar measures: (Billions of dollars) | C14: 경상달러 기준, 단위: 10억 달러
A15: 8 | B15: GDP | C15: 국내총생산 | D15: 6663.1 | E15: 6914.8 | F15: 7046.7 | G15: 7187.5 | H15: 7029.2 | I15: 7311.8 | J15: 7396.9 | K15: 7554.1 | L15: 7354.1 | M15: 7640.9 | N15: 6.6 | O15: 6.4 | P15: 5.8 | Q15: 5.5 | R15: 5.7 | S15: 5 | T15: 5.1 | U15: 4.6 | V15: 4.5
A16: 9 | B16: Gross domestic income | C16: 국내총소득 | D16: 6879.2 | E16: 6733.4 | F16: 6797.9 | G16: 7075.2 | H16: 7258.9 | I16: 7131.4 | J16: 7163.1 | K16: 7448.4 | L16: 7572.3 | M16: 7497.9 | N16: 5.4 | O16: 3.2 | P16: 5.2 | Q16: 5.5 | R16: 5.9 | S16: 5.4 | T16: 5.3 | U16: 4.3 | V16: 5.1
A18: Source: U.S. Bureau of Economic Analysis
